Workbook

Sheet PCC_MF_2022
B2: Plano de Contas Central (PCC) do Ministério das Finanças (MF) e correspondência entre as contas de movimento do PCC e as rubricas das demonstrações financeiras
B4: Código Conta | C4: Código Conta_ | D4: Grau 1 | E4: Grau 2 | F4: Grau 3 | G4: Grau 4 | H4: Grau 5 | I4: Grau 6 | J4: Descritivo | K4: Tipo | L4: Rubrica (BLC/DR) | M4: Sinal Rubrica
B5: 0 | J5: Contas da Contabilidade Orçamental
B6: =IF(PCC_MF_2022!I6<>"",PCC_MF_2022!D6&"."&PCC_MF_2022!E6&"."&PCC_MF_2022!F6&"."&PCC_MF_2022!G6&"."&PCC_MF_2022!H6&"."&PCC_MF_2022!I6,IF(PCC_MF_2022!H6<>"",PCC_MF_2022!D6&"."&PCC_MF_2022!E6&"."&PCC_MF_2022!F6&"."&PCC_MF_2022!G6&"."&PCC_MF_2022!H6, IF(PCC_MF_2022!G6<>"",PCC_MF_2022!D6&"."&PCC_MF_2022!E6&"."&PCC_MF_2022!F6&"."&PCC_MF_2022!G6,IF(PCC_MF_2022!F6<>"",PCC_MF_2022!D6&"."&PCC_MF_2022!E6&"."&PCC_MF_2022!F6,IF(PCC_MF_2022!E6<>"",PCC_MF_2022!D6&"."&PCC_MF_2022!E6,IF(PCC_MF_2022!D6="",LEFT(#REF!,1),PCC_MF_2022!D6)))))) -> 01 | C6: =IF(PCC_MF_2022!I6<>"",PCC_MF_2022!D6&""&PCC_MF_2022!E6&""&PCC_MF_2022!F6&""&PCC_MF_2022!G6&""&PCC_MF_2022!H6&""&PCC_MF_2022!I6,IF(PCC_MF_2022!H6<>"",PCC_MF_2022!D6&""&PCC_MF_2022!E6&""&PCC_MF_2022!F6&""&PCC_MF_2022!G6&""&PCC_MF_2022!H6, IF(PCC_MF_2022!G6<>"",PCC_MF_2022!D6&""&PCC_MF_2022!E6&""&PCC_MF_2022!F6&""&PCC_MF_2022!G6,IF(PCC_MF_2022!F6<>"",PCC_MF_2022!D6&""&PCC_MF_2022!E6&""&PCC_MF_2022!F6,IF(PCC_MF_2022!E6<>"",PCC_MF_2022!D6&""&PCC_MF_2022!E6,IF(PCC_MF_2022!D6="",LEFT(#REF!,1),PCC_MF_2022!D6)))))) -> 01 | D6: 01 | J6: Receita do período corrente | K6: A
B7: =IF(PCC_MF_2022!I7<>"",PCC_MF_2022!D7&"."&PCC_MF_2022!E7&"."&PCC_MF_2022!F7&"."&PCC_MF_2022!G7&"."&PCC_MF_2022!H7&"."&PCC_MF_2022!I7,IF(PCC_MF_2022!H7<>"",PCC_MF_2022!D7&"."&PCC_MF_2022!E7&"."&PCC_MF_2022!F7&"."&PCC_MF_2022!G7&"."&PCC_MF_2022!H7, IF(PCC_MF_2022!G7<>"",PCC_MF_2022!D7&"."&PCC_MF_2022!E7&"."&PCC_MF_2022!F7&"."&PCC_MF_2022!G7,IF(PCC_MF_2022!F7<>"",PCC_MF_2022!D7&"."&PCC_MF_2022!E7&"."&PCC_MF_2022!F7,IF(PCC_MF_2022!E7<>"",PCC_MF_2022!D7&"."&PCC_MF_2022!E7,IF(PCC_MF_2022!D7="",LEFT(#REF!,1),PCC_MF_2022!D7)))))) -> 01.1 | C7: =IF(PCC_MF_2022!I7<>"",PCC_MF_2022!D7&""&PCC_MF_2022!E7&""&PCC_MF_2022!F7&""&PCC_MF_2022!G7&""&PCC_MF_2022!H7&""&PCC_MF_2022!I7,IF(PCC_MF_2022!H7<>"",PCC_MF_2022!D7&""&PCC_MF_2022!E7&""&PCC_MF_2022!F7&""&PCC_MF_2022!G7&""&PCC_MF_2022!H7, IF(PCC_MF_2022!G7<>"",PCC_MF_2022!D7&""&PCC_MF_2022!E7&""&PCC_MF_2022!F7&""&PCC_MF_2022!G7,IF(PCC_MF_2022!F7<>"",PCC_MF_2022!D7&""&PCC_MF_2022!E7&""&PCC_MF_2022!F7,IF(PCC_MF_2022!E7<>"",PCC_MF_2022!D7&""&PCC_MF_2022!E7,IF(PCC_MF_2022!D7="",LEFT(#REF!,1),PCC_MF_2022!D7)))))) -> 011 | D7: 01 | E7: 1 | J7: Previsões iniciais | K7: M
B8: =IF(PCC_MF_2022!I8<>"",PCC_MF_2022!D8&"."&PCC_MF_2022!E8&"."&PCC_MF_2022!F8&"."&PCC_MF_2022!G8&"."&PCC_MF_2022!H8&"."&PCC_MF_2022!I8,IF(PCC_MF_2022!H8<>"",PCC_MF_2022!D8&"."&PCC_MF_2022!E8&"."&PCC_MF_2022!F8&"."&PCC_MF_2022!G8&"."&PCC_MF_2022!H8, IF(PCC_MF_2022!G8<>"",PCC_MF_2022!D8&"."&PCC_MF_2022!E8&"."&PCC_MF_2022!F8&"."&PCC_MF_2022!G8,IF(PCC_MF_2022!F8<>"",PCC_MF_2022!D8&"."&PCC_MF_2022!E8&"."&PCC_MF_2022!F8,IF(PCC_MF_2022!E8<>"",PCC_MF_2022!D8&"."&PCC_MF_2022!E8,IF(PCC_MF_2022!D8="",LEFT(#REF!,1),PCC_MF_2022!D8)))))) -> 01.2 | C8: =IF(PCC_MF_2022!I8<>"",PCC_MF_2022!D8&""&PCC_MF_2022!E8&""&PCC_MF_2022!F8&""&PCC_MF_2022!G8&""&PCC_MF_2022!H8&""&PCC_MF_2022!I8,IF(PCC_MF_2022!H8<>"",PCC_MF_2022!D8&""&PCC_MF_2022!E8&""&PCC_MF_2022!F8&""&PCC_MF_2022!G8&""&PCC_MF_2022!H8, IF(PCC_MF_2022!G8<>"",PCC_MF_2022!D8&""&PCC_MF_2022!E8&""&PCC_MF_2022!F8&""&PCC_MF_2022!G8,IF(PCC_MF_2022!F8<>"",PCC_MF_2022!D8&""&PCC_MF_2022!E8&""&PCC_MF_2022!F8,IF(PCC_MF_2022!E8<>"",PCC_MF_2022!D8&""&PCC_MF_2022!E8,IF(PCC_MF_2022!D8="",LEFT(#REF!,1),PCC_MF_2022!D8)))))) -> 012 | D8: 01 | E8: 2 | J8: Previsões corrigidas | K8: M
B9: =IF(PCC_MF_2022!I9<>"",PCC_MF_2022!D9&"."&PCC_MF_2022!E9&"."&PCC_MF_2022!F9&"."&PCC_MF_2022!G9&"."&PCC_MF_2022!H9&"."&PCC_MF_2022!I9,IF(PCC_MF_2022!H9<>"",PCC_MF_2022!D9&"."&PCC_MF_2022!E9&"."&PCC_MF_2022!F9&"."&PCC_MF_2022!G9&"."&PCC_MF_2022!H9, IF(PCC_MF_2022!G9<>"",PCC_MF_2022!D9&"."&PCC_MF_2022!E9&"."&PCC_MF_2022!F9&"."&PCC_MF_2022!G9,IF(PCC_MF_2022!F9<>"",PCC_MF_2022!D9&"."&PCC_MF_2022!E9&"."&PCC_MF_2022!F9,IF(PCC_MF_2022!E9<>"",PCC_MF_2022!D9&"."&PCC_MF_2022!E9,IF(PCC_MF_2022!D9="",LEFT(#REF!,1),PCC_MF_2022!D9)))))) -> 01.3 | C9: =IF(PCC_MF_2022!I9<>"",PCC_MF_2022!D9&""&PCC_MF_2022!E9&""&PCC_MF_2022!F9&""&PCC_MF_2022!G9&""&PCC_MF_2022!H9&""&PCC_MF_2022!I9,IF(PCC_MF_2022!H9<>"",PCC_MF_2022!D9&""&PCC_MF_2022!E9&""&PCC_MF_2022!F9&""&PCC_MF_2022!G9&""&PCC_MF_2022!H9, IF(PCC_MF_2022!G9<>"",PCC_MF_2022!D9&""&PCC_MF_2022!E9&""&PCC_MF_2022!F9&""&PCC_MF_2022!G9,IF(PCC_MF_2022!F9<>"",PCC_MF_2022!D9&""&PCC_MF_2022!E9&""&PCC_MF_2022!F9,IF(PCC_MF_2022!E9<>"",PCC_MF_2022!D9&""&PCC_MF_2022!E9,IF(PCC_MF_2022!D9="",LEFT(#REF!,1),PCC_MF_2022!D9)))))) -> 013 | D9: 01 | E9: 3 | J9: Alterações orçamentais | K9: A
B10: =IF(PCC_MF_2022!I10<>"",PCC_MF_2022!D10&"."&PCC_MF_2022!E10&"."&PCC_MF_2022!F10&"."&PCC_MF_2022!G10&"."&PCC_MF_2022!H10&"."&PCC_MF_2022!I10,IF(PCC_MF_2022!H10<>"",PCC_MF_2022!D10&"."&PCC_MF_2022!E10&"."&PCC_MF_2022!F10&"."&PCC_MF_2022!G10&"."&PCC_MF_2022!H10, IF(PCC_MF_2022!G10<>"",PCC_MF_2022!D10&"."&PCC_MF_2022!E10&"."&PCC_MF_2022!F10&"."&PCC_MF_2022!G10,IF(PCC_MF_2022!F10<>"",PCC_MF_2022!D10&"."&PCC_MF_2022!E10&"."&PCC_MF_2022!F10,IF(PCC_MF_2022!E10<>"",PCC_MF_2022!D10&"."&PCC_MF_2022!E10,IF(PCC_MF_2022!D10="",LEFT(#REF!,1),PCC_MF_2022!D10)))))) -> 01.3.1 | C10: =IF(PCC_MF_2022!I10<>"",PCC_MF_2022!D10&""&PCC_MF_2022!E10&""&PCC_MF_2022!F10&""&PCC_MF_2022!G10&""&PCC_MF_2022!H10&""&PCC_MF_2022!I10,IF(PCC_MF_2022!H10<>"",PCC_MF_2022!D10&""&PCC_MF_2022!E10&""&PCC_MF_2022!F10&""&PCC_MF_2022!G10&""&PCC_MF_2022!H10, IF(PCC_MF_2022!G10<>"",PCC_MF_2022!D10&""&PCC_MF_2022!E10&""&PCC_MF_2022!F10&""&PCC_MF_2022!G10,IF(PCC_MF_2022!F10<>"",PCC_MF_2022!D10&""&PCC_MF_2022!E10&""&PCC_MF_2022!F10,IF(PCC_MF_2022!E10<>"",PCC_MF_2022!D10&""&PCC_MF_2022!E10,IF(PCC_MF_2022!D10="",LEFT(#REF!,1),PCC_MF_2022!D10)))))) -> 0131 | D10: 01 | E10: 3 | F10: 1 | J10: Reforços | K10: A
B11: =IF(PCC_MF_2022!I11<>"",PCC_MF_2022!D11&"."&PCC_MF_2022!E11&"."&PCC_MF_2022!F11&"."&PCC_MF_2022!G11&"."&PCC_MF_2022!H11&"."&PCC_MF_2022!I11,IF(PCC_MF_2022!H11<>"",PCC_MF_2022!D11&"."&PCC_MF_2022!E11&"."&PCC_MF_2022!F11&"."&PCC_MF_2022!G11&"."&PCC_MF_2022!H11, IF(PCC_MF_2022!G11<>"",PCC_MF_2022!D11&"."&PCC_MF_2022!E11&"."&PCC_MF_2022!F11&"."&PCC_MF_2022!G11,IF(PCC_MF_2022!F11<>"",PCC_MF_2022!D11&"."&PCC_MF_2022!E11&"."&PCC_MF_2022!F11,IF(PCC_MF_2022!E11<>"",PCC_MF_2022!D11&"."&PCC_MF_2022!E11,IF(PCC_MF_2022!D11="",LEFT(#REF!,1),PCC_MF_2022!D11)))))) -> 01.3.1.1 | C11: =IF(PCC_MF_2022!I11<>"",PCC_MF_2022!D11&""&PCC_MF_2022!E11&""&PCC_MF_2022!F11&""&PCC_MF_2022!G11&""&PCC_MF_2022!H11&""&PCC_MF_2022!I11,IF(PCC_MF_2022!H11<>"",PCC_MF_2022!D11&""&PCC_MF_2022!E11&""&PCC_MF_2022!F11&""&PCC_MF_2022!G11&""&PCC_MF_2022!H11, IF(PCC_MF_2022!G11<>"",PCC_MF_2022!D11&""&PCC_MF_2022!E11&""&PCC_MF_2022!F11&""&PCC_MF_2022!G11,IF(PCC_MF_2022!F11<>"",PCC_MF_2022!D11&""&PCC_MF_2022!E11&""&PCC_MF_2022!F11,IF(PCC_MF_2022!E11<>"",PCC_MF_2022!D11&""&PCC_MF_2022!E11,IF(PCC_MF_2022!D11="",LEFT(#REF!,1),PCC_MF_2022!D11)))))) -> 01311 | D11: 01 | E11: 3 | F11: 1 | G11: 1 | J11: Reforços em previsões corrigidas | K11: M
B12: =IF(PCC_MF_2022!I12<>"",PCC_MF_2022!D12&"."&PCC_MF_2022!E12&"."&PCC_MF_2022!F12&"."&PCC_MF_2022!G12&"."&PCC_MF_2022!H12&"."&PCC_MF_2022!I12,IF(PCC_MF_2022!H12<>"",PCC_MF_2022!D12&"."&PCC_MF_2022!E12&"."&PCC_MF_2022!F12&"."&PCC_MF_2022!G12&"."&PCC_MF_2022!H12, IF(PCC_MF_2022!G12<>"",PCC_MF_2022!D12&"."&PCC_MF_2022!E12&"."&PCC_MF_2022!F12&"."&PCC_MF_2022!G12,IF(PCC_MF_2022!F12<>"",PCC_MF_2022!D12&"."&PCC_MF_2022!E12&"."&PCC_MF_2022!F12,IF(PCC_MF_2022!E12<>"",PCC_MF_2022!D12&"."&PCC_MF_2022!E12,IF(PCC_MF_2022!D12="",LEFT(#REF!,1),PCC_MF_2022!D12)))))) -> 01.3.1.2 | C12: =IF(PCC_MF_2022!I12<>"",PCC_MF_2022!D12&""&PCC_MF_2022!E12&""&PCC_MF_2022!F12&""&PCC_MF_2022!G12&""&PCC_MF_2022!H12&""&PCC_MF_2022!I12,IF(PCC_MF_2022!H12<>"",PCC_MF_2022!D12&""&PCC_MF_2022!E12&""&PCC_MF_2022!F12&""&PCC_MF_2022!G12&""&PCC_MF_2022!H12, IF(PCC_MF_2022!G12<>"",PCC_MF_2022!D12&""&PCC_MF_2022!E12&""&PCC_MF_2022!F12&""&PCC_MF_2022!G12,IF(PCC_MF_2022!F12<>"",PCC_MF_2022!D12&""&PCC_MF_2022!E12&""&PCC_MF_2022!F12,IF(PCC_MF_2022!E12<>"",PCC_MF_2022!D12&""&PCC_MF_2022!E12,IF(PCC_MF_2022!D12="",LEFT(#REF!,1),PCC_MF_2022!D12)))))) -> 01312 | D12: 01 | E12: 3 | F12: 1 | G12: 2 | J12: Reforços em previsões por liquidar | K12: M
B13: =IF(PCC_MF_2022!I13<>"",PCC_MF_2022!D13&"."&PCC_MF_2022!E13&"."&PCC_MF_2022!F13&"."&PCC_MF_2022!G13&"."&PCC_MF_2022!H13&"."&PCC_MF_2022!I13,IF(PCC_MF_2022!H13<>"",PCC_MF_2022!D13&"."&PCC_MF_2022!E13&"."&PCC_MF_2022!F13&"."&PCC_MF_2022!G13&"."&PCC_MF_2022!H13, IF(PCC_MF_2022!G13<>"",PCC_MF_2022!D13&"."&PCC_MF_2022!E13&"."&PCC_MF_2022!F13&"."&PCC_MF_2022!G13,IF(PCC_MF_2022!F13<>"",PCC_MF_2022!D13&"."&PCC_MF_2022!E13&"."&PCC_MF_2022!F13,IF(PCC_MF_2022!E13<>"",PCC_MF_2022!D13&"."&PCC_MF_2022!E13,IF(PCC_MF_2022!D13="",LEFT(#REF!,1),PCC_MF_2022!D13)))))) -> 01.3.2 | C13: =IF(PCC_MF_2022!I13<>"",PCC_MF_2022!D13&""&PCC_MF_2022!E13&""&PCC_MF_2022!F13&""&PCC_MF_2022!G13&""&PCC_MF_2022!H13&""&PCC_MF_2022!I13,IF(PCC_MF_2022!H13<>"",PCC_MF_2022!D13&""&PCC_MF_2022!E13&""&PCC_MF_2022!F13&""&PCC_MF_2022!G13&""&PCC_MF_2022!H13, IF(PCC_MF_2022!G13<>"",PCC_MF_2022!D13&""&PCC_MF_2022!E13&""&PCC_MF_2022!F13&""&PCC_MF_2022!G13,IF(PCC_MF_2022!F13<>"",PCC_MF_2022!D13&""&PCC_MF_2022!E13&""&PCC_MF_2022!F13,IF(PCC_MF_2022!E13<>"",PCC_MF_2022!D13&""&PCC_MF_2022!E13,IF(PCC_MF_2022!D13="",LEFT(#REF!,1),PCC_MF_2022!D13)))))) -> 0132 | D13: 01 | E13: 3 | F13: 2 | J13: Anulações | K13: A
B14: =IF(PCC_MF_2022!I14<>"",PCC_MF_2022!D14&"."&PCC_MF_2022!E14&"."&PCC_MF_2022!F14&"."&PCC_MF_2022!G14&"."&PCC_MF_2022!H14&"."&PCC_MF_2022!I14,IF(PCC_MF_2022!H14<>"",PCC_MF_2022!D14&"."&PCC_MF_2022!E14&"."&PCC_MF_2022!F14&"."&PCC_MF_2022!G14&"."&PCC_MF_2022!H14, IF(PCC_MF_2022!G14<>"",PCC_MF_2022!D14&"."&PCC_MF_2022!E14&"."&PCC_MF_2022!F14&"."&PCC_MF_2022!G14,IF(PCC_MF_2022!F14<>"",PCC_MF_2022!D14&"."&PCC_MF_2022!E14&"."&PCC_MF_2022!F14,IF(PCC_MF_2022!E14<>"",PCC_MF_2022!D14&"."&PCC_MF_2022!E14,IF(PCC_MF_2022!D14="",LEFT(#REF!,1),PCC_MF_2022!D14)))))) -> 01.3.2.1 | C14: =IF(PCC_MF_2022!I14<>"",PCC_MF_2022!D14&""&PCC_MF_2022!E14&""&PCC_MF_2022!F14&""&PCC_MF_2022!G14&""&PCC_MF_2022!H14&""&PCC_MF_2022!I14,IF(PCC_MF_2022!H14<>"",PCC_MF_2022!D14&""&PCC_MF_2022!E14&""&PCC_MF_2022!F14&""&PCC_MF_2022!G14&""&PCC_MF_2022!H14, IF(PCC_MF_2022!G14<>"",PCC_MF_2022!D14&""&PCC_MF_2022!E14&""&PCC_MF_2022!F14&""&PCC_MF_2022!G14,IF(PCC_MF_2022!F14<>"",PCC_MF_2022!D14&""&PCC_MF_2022!E14&""&PCC_MF_2022!F14,IF(PCC_MF_2022!E14<>"",PCC_MF_2022!D14&""&PCC_MF_2022!E14,IF(PCC_MF_2022!D14="",LEFT(#REF!,1),PCC_MF_2022!D14)))))) -> 01321 | D14: 01 | E14: 3 | F14: 2 | G14: 1 | J14: Anulações em previsões corrigidas | K14: M
B15: =IF(PCC_MF_2022!I15<>"",PCC_MF_2022!D15&"."&PCC_MF_2022!E15&"."&PCC_MF_2022!F15&"."&PCC_MF_2022!G15&"."&PCC_MF_2022!H15&"."&PCC_MF_2022!I15,IF(PCC_MF_2022!H15<>"",PCC_MF_2022!D15&"."&PCC_MF_2022!E15&"."&PCC_MF_2022!F15&"."&PCC_MF_2022!G15&"."&PCC_MF_2022!H15, IF(PCC_MF_2022!G15<>"",PCC_MF_2022!D15&"."&PCC_MF_2022!E15&"."&PCC_MF_2022!F15&"."&PCC_MF_2022!G15,IF(PCC_MF_2022!F15<>"",PCC_MF_2022!D15&"."&PCC_MF_2022!E15&"."&PCC_MF_2022!F15,IF(PCC_MF_2022!E15<>"",PCC_MF_2022!D15&"."&PCC_MF_2022!E15,IF(PCC_MF_2022!D15="",LEFT(#REF!,1),PCC_MF_2022!D15)))))) -> 01.3.2.2 | C15: =IF(PCC_MF_2022!I15<>"",PCC_MF_2022!D15&""&PCC_MF_2022!E15&""&PCC_MF_2022!F15&""&PCC_MF_2022!G15&""&PCC_MF_2022!H15&""&PCC_MF_2022!I15,IF(PCC_MF_2022!H15<>"",PCC_MF_2022!D15&""&PCC_MF_2022!E15&""&PCC_MF_2022!F15&""&PCC_MF_2022!G15&""&PCC_MF_2022!H15, IF(PCC_MF_2022!G15<>"",PCC_MF_2022!D15&""&PCC_MF_2022!E15&""&PCC_MF_2022!F15&""&PCC_MF_2022!G15,IF(PCC_MF_2022!F15<>"",PCC_MF_2022!D15&""&PCC_MF_2022!E15&""&PCC_MF_2022!F15,IF(PCC_MF_2022!E15<>"",PCC_MF_2022!D15&""&PCC_MF_2022!E15,IF(PCC_MF_2022!D15="",LEFT(#REF!,1),PCC_MF_2022!D15)))))) -> 01322 | D15: 01 | E15: 3 | F15: 2 | G15: 2 | J15: Anulações em previsões por liquidar | K15: M
B16: =IF(PCC_MF_2022!I16<>"",PCC_MF_2022!D16&"."&PCC_MF_2022!E16&"."&PCC_MF_2022!F16&"."&PCC_MF_2022!G16&"."&PCC_MF_2022!H16&"."&PCC_MF_2022!I16,IF(PCC_MF_2022!H16<>"",PCC_MF_2022!D16&"."&PCC_MF_2022!E16&"."&PCC_MF_2022!F16&"."&PCC_MF_2022!G16&"."&PCC_MF_2022!H16, IF(PCC_MF_2022!G16<>"",PCC_MF_2022!D16&"."&PCC_MF_2022!E16&"."&PCC_MF_2022!F16&"."&PCC_MF_2022!G16,IF(PCC_MF_2022!F16<>"",PCC_MF_2022!D16&"."&PCC_MF_2022!E16&"."&PCC_MF_2022!F16,IF(PCC_MF_2022!E16<>"",PCC_MF_2022!D16&"."&PCC_MF_2022!E16,IF(PCC_MF_2022!D16="",LEFT(#REF!,1),PCC_MF_2022!D16)))))) -> 01.3.3 | C16: =IF(PCC_MF_2022!I16<>"",PCC_MF_2022!D16&""&PCC_MF_2022!E16&""&PCC_MF_2022!F16&""&PCC_MF_2022!G16&""&PCC_MF_2022!H16&""&PCC_MF_2022!I16,IF(PCC_MF_2022!H16<>"",PCC_MF_2022!D16&""&PCC_MF_2022!E16&""&PCC_MF_2022!F16&""&PCC_MF_2022!G16&""&PCC_MF_2022!H16, IF(PCC_MF_2022!G16<>"",PCC_MF_2022!D16&""&PCC_MF_2022!E16&""&PCC_MF_2022!F16&""&PCC_MF_2022!G16,IF(PCC_MF_2022!F16<>"",PCC_MF_2022!D16&""&PCC_MF_2022!E16&""&PCC_MF_2022!F16,IF(PCC_MF_2022!E16<>"",PCC_MF_2022!D16&""&PCC_MF_2022!E16,IF(PCC_MF_2022!D16="",LEFT(#REF!,1),PCC_MF_2022!D16)))))) -> 0133 | D16: 01 | E16: 3 | F16: 3 | J16: Créditos especiais | K16: A
B17: =IF(PCC_MF_2022!I17<>"",PCC_MF_2022!D17&"."&PCC_MF_2022!E17&"."&PCC_MF_2022!F17&"."&PCC_MF_2022!G17&"."&PCC_MF_2022!H17&"."&PCC_MF_2022!I17,IF(PCC_MF_2022!H17<>"",PCC_MF_2022!D17&"."&PCC_MF_2022!E17&"."&PCC_MF_2022!F17&"."&PCC_MF_2022!G17&"."&PCC_MF_2022!H17, IF(PCC_MF_2022!G17<>"",PCC_MF_2022!D17&"."&PCC_MF_2022!E17&"."&PCC_MF_2022!F17&"."&PCC_MF_2022!G17,IF(PCC_MF_2022!F17<>"",PCC_MF_2022!D17&"."&PCC_MF_2022!E17&"."&PCC_MF_2022!F17,IF(PCC_MF_2022!E17<>"",PCC_MF_2022!D17&"."&PCC_MF_2022!E17,IF(PCC_MF_2022!D17="",LEFT(#REF!,1),PCC_MF_2022!D17)))))) -> 01.3.3.1 | C17: =IF(PCC_MF_2022!I17<>"",PCC_MF_2022!D17&""&PCC_MF_2022!E17&""&PCC_MF_2022!F17&""&PCC_MF_2022!G17&""&PCC_MF_2022!H17&""&PCC_MF_2022!I17,IF(PCC_MF_2022!H17<>"",PCC_MF_2022!D17&""&PCC_MF_2022!E17&""&PCC_MF_2022!F17&""&PCC_MF_2022!G17&""&PCC_MF_2022!H17, IF(PCC_MF_2022!G17<>"",PCC_MF_2022!D17&""&PCC_MF_2022!E17&""&PCC_MF_2022!F17&""&PCC_MF_2022!G17,IF(PCC_MF_2022!F17<>"",PCC_MF_2022!D17&""&PCC_MF_2022!E17&""&PCC_MF_2022!F17,IF(PCC_MF_2022!E17<>"",PCC_MF_2022!D17&""&PCC_MF_2022!E17,IF(PCC_MF_2022!D17="",LEFT(#REF!,1),PCC_MF_2022!D17)))))) -> 01331 | D17: 01 | E17: 3 | F17: 3 | G17: 1 | J17: Créditos especiais em previsões corrigidas | K17: M
B18: =IF(PCC_MF_2022!I18<>"",PCC_MF_2022!D18&"."&PCC_MF_2022!E18&"."&PCC_MF_2022!F18&"."&PCC_MF_2022!G18&"."&PCC_MF_2022!H18&"."&PCC_MF_2022!I18,IF(PCC_MF_2022!H18<>"",PCC_MF_2022!D18&"."&PCC_MF_2022!E18&"."&PCC_MF_2022!F18&"."&PCC_MF_2022!G18&"."&PCC_MF_2022!H18, IF(PCC_MF_2022!G18<>"",PCC_MF_2022!D18&"."&PCC_MF_2022!E18&"."&PCC_MF_2022!F18&"."&PCC_MF_2022!G18,IF(PCC_MF_2022!F18<>"",PCC_MF_2022!D18&"."&PCC_MF_2022!E18&"."&PCC_MF_2022!F18,IF(PCC_MF_2022!E18<>"",PCC_MF_2022!D18&"."&PCC_MF_2022!E18,IF(PCC_MF_2022!D18="",LEFT(#REF!,1),PCC_MF_2022!D18)))))) -> 01.3.3.2 | C18: =IF(PCC_MF_2022!I18<>"",PCC_MF_2022!D18&""&PCC_MF_2022!E18&""&PCC_MF_2022!F18&""&PCC_MF_2022!G18&""&PCC_MF_2022!H18&""&PCC_MF_2022!I18,IF(PCC_MF_2022!H18<>"",PCC_MF_2022!D18&""&PCC_MF_2022!E18&""&PCC_MF_2022!F18&""&PCC_MF_2022!G18&""&PCC_MF_2022!H18, IF(PCC_MF_2022!G18<>"",PCC_MF_2022!D18&""&PCC_MF_2022!E18&""&PCC_MF_2022!F18&""&PCC_MF_2022!G18,IF(PCC_MF_2022!F18<>"",PCC_MF_2022!D18&""&PCC_MF_2022!E18&""&PCC_MF_2022!F18,IF(PCC_MF_2022!E18<>"",PCC_MF_2022!D18&""&PCC_MF_2022!E18,IF(PCC_MF_2022!D18="",LEFT(#REF!,1),PCC_MF_2022!D18)))))) -> 01332 | D18: 01 | E18: 3 | F18: 3 | G18: 2 | J18: Créditos especiais em previsões por liquidar | K18: M
B19: =IF(PCC_MF_2022!I19<>"",PCC_MF_2022!D19&"."&PCC_MF_2022!E19&"."&PCC_MF_2022!F19&"."&PCC_MF_2022!G19&"."&PCC_MF_2022!H19&"."&PCC_MF_2022!I19,IF(PCC_MF_2022!H19<>"",PCC_MF_2022!D19&"."&PCC_MF_2022!E19&"."&PCC_MF_2022!F19&"."&PCC_MF_2022!G19&"."&PCC_MF_2022!H19, IF(PCC_MF_2022!G19<>"",PCC_MF_2022!D19&"."&PCC_MF_2022!E19&"."&PCC_MF_2022!F19&"."&PCC_MF_2022!G19,IF(PCC_MF_2022!F19<>"",PCC_MF_2022!D19&"."&PCC_MF_2022!E19&"."&PCC_MF_2022!F19,IF(PCC_MF_2022!E19<>"",PCC_MF_2022!D19&"."&PCC_MF_2022!E19,IF(PCC_MF_2022!D19="",LEFT(#REF!,1),PCC_MF_2022!D19)))))) -> 01.4 | C19: =IF(PCC_MF_2022!I19<>"",PCC_MF_2022!D19&""&PCC_MF_2022!E19&""&PCC_MF_2022!F19&""&PCC_MF_2022!G19&""&PCC_MF_2022!H19&""&PCC_MF_2022!I19,IF(PCC_MF_2022!H19<>"",PCC_MF_2022!D19&""&PCC_MF_2022!E19&""&PCC_MF_2022!F19&""&PCC_MF_2022!G19&""&PCC_MF_2022!H19, IF(PCC_MF_2022!G19<>"",PCC_MF_2022!D19&""&PCC_MF_2022!E19&""&PCC_MF_2022!F19&""&PCC_MF_2022!G19,IF(PCC_MF_2022!F19<>"",PCC_MF_2022!D19&""&PCC_MF_2022!E19&""&PCC_MF_2022!F19,IF(PCC_MF_2022!E19<>"",PCC_MF_2022!D19&""&PCC_MF_2022!E19,IF(PCC_MF_2022!D19="",LEFT(#REF!,1),PCC_MF_2022!D19)))))) -> 014 | D19: 01 | E19: 4 | J19: Previsões por liquidar | K19: M
B20: =IF(PCC_MF_2022!I20<>"",PCC_MF_2022!D20&"."&PCC_MF_2022!E20&"."&PCC_MF_2022!F20&"."&PCC_MF_2022!G20&"."&PCC_MF_2022!H20&"."&PCC_MF_2022!I20,IF(PCC_MF_2022!H20<>"",PCC_MF_2022!D20&"."&PCC_MF_2022!E20&"."&PCC_MF_2022!F20&"."&PCC_MF_2022!G20&"."&PCC_MF_2022!H20, IF(PCC_MF_2022!G20<>"",PCC_MF_2022!D20&"."&PCC_MF_2022!E20&"."&PCC_MF_2022!F20&"."&PCC_MF_2022!G20,IF(PCC_MF_2022!F20<>"",PCC_MF_2022!D20&"."&PCC_MF_2022!E20&"."&PCC_MF_2022!F20,IF(PCC_MF_2022!E20<>"",PCC_MF_2022!D20&"."&PCC_MF_2022!E20,IF(PCC_MF_2022!D20="",LEFT(#REF!,1),PCC_MF_2022!D20)))))) -> 01.5 | C20: =IF(PCC_MF_2022!I20<>"",PCC_MF_2022!D20&""&PCC_MF_2022!E20&""&PCC_MF_2022!F20&""&PCC_MF_2022!G20&""&PCC_MF_2022!H20&""&PCC_MF_2022!I20,IF(PCC_MF_2022!H20<>"",PCC_MF_2022!D20&""&PCC_MF_2022!E20&""&PCC_MF_2022!F20&""&PCC_MF_2022!G20&""&PCC_MF_2022!H20, IF(PCC_MF_2022!G20<>"",PCC_MF_2022!D20&""&PCC_MF_2022!E20&""&PCC_MF_2022!F20&""&PCC_MF_2022!G20,IF(PCC_MF_2022!F20<>"",PCC_MF_2022!D20&""&PCC_MF_2022!E20&""&PCC_MF_2022!F20,IF(PCC_MF_2022!E20<>"",PCC_MF_2022!D20&""&PCC_MF_2022!E20,IF(PCC_MF_2022!D20="",LEFT(#REF!,1),PCC_MF_2022!D20)))))) -> 015 | D20: 01 | E20: 5 | J20: Liquidações | K20: A
B21: =IF(PCC_MF_2022!I21<>"",PCC_MF_2022!D21&"."&PCC_MF_2022!E21&"."&PCC_MF_2022!F21&"."&PCC_MF_2022!G21&"."&PCC_MF_2022!H21&"."&PCC_MF_2022!I21,IF(PCC_MF_2022!H21<>"",PCC_MF_2022!D21&"."&PCC_MF_2022!E21&"."&PCC_MF_2022!F21&"."&PCC_MF_2022!G21&"."&PCC_MF_2022!H21, IF(PCC_MF_2022!G21<>"",PCC_MF_2022!D21&"."&PCC_MF_2022!E21&"."&PCC_MF_2022!F21&"."&PCC_MF_2022!G21,IF(PCC_MF_2022!F21<>"",PCC_MF_2022!D21&"."&PCC_MF_2022!E21&"."&PCC_MF_2022!F21,IF(PCC_MF_2022!E21<>"",PCC_MF_2022!D21&"."&PCC_MF_2022!E21,IF(PCC_MF_2022!D21="",LEFT(#REF!,1),PCC_MF_2022!D21)))))) -> 01.5.1 | C21: =IF(PCC_MF_2022!I21<>"",PCC_MF_2022!D21&""&PCC_MF_2022!E21&""&PCC_MF_2022!F21&""&PCC_MF_2022!G21&""&PCC_MF_2022!H21&""&PCC_MF_2022!I21,IF(PCC_MF_2022!H21<>"",PCC_MF_2022!D21&""&PCC_MF_2022!E21&""&PCC_MF_2022!F21&""&PCC_MF_2022!G21&""&PCC_MF_2022!H21, IF(PCC_MF_2022!G21<>"",PCC_MF_2022!D21&""&PCC_MF_2022!E21&""&PCC_MF_2022!F21&""&PCC_MF_2022!G21,IF(PCC_MF_2022!F21<>"",PCC_MF_2022!D21&""&PCC_MF_2022!E21&""&PCC_MF_2022!F21,IF(PCC_MF_2022!E21<>"",PCC_MF_2022!D21&""&PCC_MF_2022!E21,IF(PCC_MF_2022!D21="",LEFT(#REF!,1),PCC_MF_2022!D21)))))) -> 0151 | D21: 01 | E21: 5 | F21: 1 | J21: Liquidações transitadas | K21: M
B22: =IF(PCC_MF_2022!I22<>"",PCC_MF_2022!D22&"."&PCC_MF_2022!E22&"."&PCC_MF_2022!F22&"."&PCC_MF_2022!G22&"."&PCC_MF_2022!H22&"."&PCC_MF_2022!I22,IF(PCC_MF_2022!H22<>"",PCC_MF_2022!D22&"."&PCC_MF_2022!E22&"."&PCC_MF_2022!F22&"."&PCC_MF_2022!G22&"."&PCC_MF_2022!H22, IF(PCC_MF_2022!G22<>"",PCC_MF_2022!D22&"."&PCC_MF_2022!E22&"."&PCC_MF_2022!F22&"."&PCC_MF_2022!G22,IF(PCC_MF_2022!F22<>"",PCC_MF_2022!D22&"."&PCC_MF_2022!E22&"."&PCC_MF_2022!F22,IF(PCC_MF_2022!E22<>"",PCC_MF_2022!D22&"."&PCC_MF_2022!E22,IF(PCC_MF_2022!D22="",LEFT(#REF!,1),PCC_MF_2022!D22)))))) -> 01.5.2 | C22: =IF(PCC_MF_2022!I22<>"",PCC_MF_2022!D22&""&PCC_MF_2022!E22&""&PCC_MF_2022!F22&""&PCC_MF_2022!G22&""&PCC_MF_2022!H22&""&PCC_MF_2022!I22,IF(PCC_MF_2022!H22<>"",PCC_MF_2022!D22&""&PCC_MF_2022!E22&""&PCC_MF_2022!F22&""&PCC_MF_2022!G22&""&PCC_MF_2022!H22, IF(PCC_MF_2022!G22<>"",PCC_MF_2022!D22&""&PCC_MF_2022!E22&""&PCC_MF_2022!F22&""&PCC_MF_2022!G22,IF(PCC_MF_2022!F22<>"",PCC_MF_2022!D22&""&PCC_MF_2022!E22&""&PCC_MF_2022!F22,IF(PCC_MF_2022!E22<>"",PCC_MF_2022!D22&""&PCC_MF_2022!E22,IF(PCC_MF_2022!D22="",LEFT(#REF!,1),PCC_MF_2022!D22)))))) -> 0152 | D22: 01 | E22: 5 | F22: 2 | J22: Liquidações emitidas | K22: M
B23: =IF(PCC_MF_2022!I23<>"",PCC_MF_2022!D23&"."&PCC_MF_2022!E23&"."&PCC_MF_2022!F23&"."&PCC_MF_2022!G23&"."&PCC_MF_2022!H23&"."&PCC_MF_2022!I23,IF(PCC_MF_2022!H23<>"",PCC_MF_2022!D23&"."&PCC_MF_2022!E23&"."&PCC_MF_2022!F23&"."&PCC_MF_2022!G23&"."&PCC_MF_2022!H23, IF(PCC_MF_2022!G23<>"",PCC_MF_2022!D23&"."&PCC_MF_2022!E23&"."&PCC_MF_2022!F23&"."&PCC_MF_2022!G23,IF(PCC_MF_2022!F23<>"",PCC_MF_2022!D23&"."&PCC_MF_2022!E23&"."&PCC_MF_2022!F23,IF(PCC_MF_2022!E23<>"",PCC_MF_2022!D23&"."&PCC_MF_2022!E23,IF(PCC_MF_2022!D23="",LEFT(#REF!,1),PCC_MF_2022!D23)))))) -> 01.5.3 | C23: =IF(PCC_MF_2022!I23<>"",PCC_MF_2022!D23&""&PCC_MF_2022!E23&""&PCC_MF_2022!F23&""&PCC_MF_2022!G23&""&PCC_MF_2022!H23&""&PCC_MF_2022!I23,IF(PCC_MF_2022!H23<>"",PCC_MF_2022!D23&""&PCC_MF_2022!E23&""&PCC_MF_2022!F23&""&PCC_MF_2022!G23&""&PCC_MF_2022!H23, IF(PCC_MF_2022!G23<>"",PCC_MF_2022!D23&""&PCC_MF_2022!E23&""&PCC_MF_2022!F23&""&PCC_MF_2022!G23,IF(PCC_MF_2022!F23<>"",PCC_MF_2022!D23&""&PCC_MF_2022!E23&""&PCC_MF_2022!F23,IF(PCC_MF_2022!E23<>"",PCC_MF_2022!D23&""&PCC_MF_2022!E23,IF(PCC_MF_2022!D23="",LEFT(#REF!,1),PCC_MF_2022!D23)))))) -> 0153 | D23: 01 | E23: 5 | F23: 3 | J23: Liquidações recebidas | K23: M
B24: =IF(PCC_MF_2022!I24<>"",PCC_MF_2022!D24&"."&PCC_MF_2022!E24&"."&PCC_MF_2022!F24&"."&PCC_MF_2022!G24&"."&PCC_MF_2022!H24&"."&PCC_MF_2022!I24,IF(PCC_MF_2022!H24<>"",PCC_MF_2022!D24&"."&PCC_MF_2022!E24&"."&PCC_MF_2022!F24&"."&PCC_MF_2022!G24&"."&PCC_MF_2022!H24, IF(PCC_MF_2022!G24<>"",PCC_MF_2022!D24&"."&PCC_MF_2022!E24&"."&PCC_MF_2022!F24&"."&PCC_MF_2022!G24,IF(PCC_MF_2022!F24<>"",PCC_MF_2022!D24&"."&PCC_MF_2022!E24&"."&PCC_MF_2022!F24,IF(PCC_MF_2022!E24<>"",PCC_MF_2022!D24&"."&PCC_MF_2022!E24,IF(PCC_MF_2022!D24="",LEFT(#REF!,1),PCC_MF_2022!D24)))))) -> 01.5.4 | C24: =IF(PCC_MF_2022!I24<>"",PCC_MF_2022!D24&""&PCC_MF_2022!E24&""&PCC_MF_2022!F24&""&PCC_MF_2022!G24&""&PCC_MF_2022!H24&""&PCC_MF_2022!I24,IF(PCC_MF_2022!H24<>"",PCC_MF_2022!D24&""&PCC_MF_2022!E24&""&PCC_MF_2022!F24&""&PCC_MF_2022!G24&""&PCC_MF_2022!H24, IF(PCC_MF_2022!G24<>"",PCC_MF_2022!D24&""&PCC_MF_2022!E24&""&PCC_MF_2022!F24&""&PCC_MF_2022!G24,IF(PCC_MF_2022!F24<>"",PCC_MF_2022!D24&""&PCC_MF_2022!E24&""&PCC_MF_2022!F24,IF(PCC_MF_2022!E24<>"",PCC_MF_2022!D24&""&PCC_MF_2022!E24,IF(PCC_MF_2022!D24="",LEFT(#REF!,1),PCC_MF_2022!D24)))))) -> 0154 | D24: 01 | E24: 5 | F24: 4 | J24: Liquidações a transitar | K24: M
B25: =IF(PCC_MF_2022!I25<>"",PCC_MF_2022!D25&"."&PCC_MF_2022!E25&"."&PCC_MF_2022!F25&"."&PCC_MF_2022!G25&"."&PCC_MF_2022!H25&"."&PCC_MF_2022!I25,IF(PCC_MF_2022!H25<>"",PCC_MF_2022!D25&"."&PCC_MF_2022!E25&"."&PCC_MF_2022!F25&"."&PCC_MF_2022!G25&"."&PCC_MF_2022!H25, IF(PCC_MF_2022!G25<>"",PCC_MF_2022!D25&"."&PCC_MF_2022!E25&"."&PCC_MF_2022!F25&"."&PCC_MF_2022!G25,IF(PCC_MF_2022!F25<>"",PCC_MF_2022!D25&"."&PCC_MF_2022!E25&"."&PCC_MF_2022!F25,IF(PCC_MF_2022!E25<>"",PCC_MF_2022!D25&"."&PCC_MF_2022!E25,IF(PCC_MF_2022!D25="",LEFT(#REF!,1),PCC_MF_2022!D25)))))) -> 01.6 | C25: =IF(PCC_MF_2022!I25<>"",PCC_MF_2022!D25&""&PCC_MF_2022!E25&""&PCC_MF_2022!F25&""&PCC_MF_2022!G25&""&PCC_MF_2022!H25&""&PCC_MF_2022!I25,IF(PCC_MF_2022!H25<>"",PCC_MF_2022!D25&""&PCC_MF_2022!E25&""&PCC_MF_2022!F25&""&PCC_MF_2022!G25&""&PCC_MF_2022!H25, IF(PCC_MF_2022!G25<>"",PCC_MF_2022!D25&""&PCC_MF_2022!E25&""&PCC_MF_2022!F25&""&PCC_MF_2022!G25,IF(PCC_MF_2022!F25<>"",PCC_MF_2022!D25&""&PCC_MF_2022!E25&""&PCC_MF_2022!F25,IF(PCC_MF_2022!E25<>"",PCC_MF_2022!D25&""&PCC_MF_2022!E25,IF(PCC_MF_2022!D25="",LEFT(#REF!,1),PCC_MF_2022!D25)))))) -> 016 | D25: 01 | E25: 6 | J25: Liquidações anuladas | K25: A
B26: =IF(PCC_MF_2022!I26<>"",PCC_MF_2022!D26&"."&PCC_MF_2022!E26&"."&PCC_MF_2022!F26&"."&PCC_MF_2022!G26&"."&PCC_MF_2022!H26&"."&PCC_MF_2022!I26,IF(PCC_MF_2022!H26<>"",PCC_MF_2022!D26&"."&PCC_MF_2022!E26&"."&PCC_MF_2022!F26&"."&PCC_MF_2022!G26&"."&PCC_MF_2022!H26, IF(PCC_MF_2022!G26<>"",PCC_MF_2022!D26&"."&PCC_MF_2022!E26&"."&PCC_MF_2022!F26&"."&PCC_MF_2022!G26,IF(PCC_MF_2022!F26<>"",PCC_MF_2022!D26&"."&PCC_MF_2022!E26&"."&PCC_MF_2022!F26,IF(PCC_MF_2022!E26<>"",PCC_MF_2022!D26&"."&PCC_MF_2022!E26,IF(PCC_MF_2022!D26="",LEFT(#REF!,1),PCC_MF_2022!D26)))))) -> 01.6.1 | C26: =IF(PCC_MF_2022!I26<>"",PCC_MF_2022!D26&""&PCC_MF_2022!E26&""&PCC_MF_2022!F26&""&PCC_MF_2022!G26&""&PCC_MF_2022!H26&""&PCC_MF_2022!I26,IF(PCC_MF_2022!H26<>"",PCC_MF_2022!D26&""&PCC_MF_2022!E26&""&PCC_MF_2022!F26&""&PCC_MF_2022!G26&""&PCC_MF_2022!H26, IF(PCC_MF_2022!G26<>"",PCC_MF_2022!D26&""&PCC_MF_2022!E26&""&PCC_MF_2022!F26&""&PCC_MF_2022!G26,IF(PCC_MF_2022!F26<>"",PCC_MF_2022!D26&""&PCC_MF_2022!E26&""&PCC_MF_2022!F26,IF(PCC_MF_2022!E26<>"",PCC_MF_2022!D26&""&PCC_MF_2022!E26,IF(PCC_MF_2022!D26="",LEFT(#REF!,1),PCC_MF_2022!D26)))))) -> 0161 | D26: 01 | E26: 6 | F26: 1 | J26: Liquidações transitadas anuladas | K26: M
B27: =IF(PCC_MF_2022!I27<>"",PCC_MF_2022!D27&"."&PCC_MF_2022!E27&"."&PCC_MF_2022!F27&"."&PCC_MF_2022!G27&"."&PCC_MF_2022!H27&"."&PCC_MF_2022!I27,IF(PCC_MF_2022!H27<>"",PCC_MF_2022!D27&"."&PCC_MF_2022!E27&"."&PCC_MF_2022!F27&"."&PCC_MF_2022!G27&"."&PCC_MF_2022!H27, IF(PCC_MF_2022!G27<>"",PCC_MF_2022!D27&"."&PCC_MF_2022!E27&"."&PCC_MF_2022!F27&"."&PCC_MF_2022!G27,IF(PCC_MF_2022!F27<>"",PCC_MF_2022!D27&"."&PCC_MF_2022!E27&"."&PCC_MF_2022!F27,IF(PCC_MF_2022!E27<>"",PCC_MF_2022!D27&"."&PCC_MF_2022!E27,IF(PCC_MF_2022!D27="",LEFT(#REF!,1),PCC_MF_2022!D27)))))) -> 01.6.2 | C27: =IF(PCC_MF_2022!I27<>"",PCC_MF_2022!D27&""&PCC_MF_2022!E27&""&PCC_MF_2022!F27&""&PCC_MF_2022!G27&""&PCC_MF_2022!H27&""&PCC_MF_2022!I27,IF(PCC_MF_2022!H27<>"",PCC_MF_2022!D27&""&PCC_MF_2022!E27&""&PCC_MF_2022!F27&""&PCC_MF_2022!G27&""&PCC_MF_2022!H27, IF(PCC_MF_2022!G27<>"",PCC_MF_2022!D27&""&PCC_MF_2022!E27&""&PCC_MF_2022!F27&""&PCC_MF_2022!G27,IF(PCC_MF_2022!F27<>"",PCC_MF_2022!D27&""&PCC_MF_2022!E27&""&PCC_MF_2022!F27,IF(PCC_MF_2022!E27<>"",PCC_MF_2022!D27&""&PCC_MF_2022!E27,IF(PCC_MF_2022!D27="",LEFT(#REF!,1),PCC_MF_2022!D27)))))) -> 0162 | D27: 01 | E27: 6 | F27: 2 | J27: Liquidações emitidas anuladas | K27: M
B28: =IF(PCC_MF_2022!I28<>"",PCC_MF_2022!D28&"."&PCC_MF_2022!E28&"."&PCC_MF_2022!F28&"."&PCC_MF_2022!G28&"."&PCC_MF_2022!H28&"."&PCC_MF_2022!I28,IF(PCC_MF_2022!H28<>"",PCC_MF_2022!D28&"."&PCC_MF_2022!E28&"."&PCC_MF_2022!F28&"."&PCC_MF_2022!G28&"."&PCC_MF_2022!H28, IF(PCC_MF_2022!G28<>"",PCC_MF_2022!D28&"."&PCC_MF_2022!E28&"."&PCC_MF_2022!F28&"."&PCC_MF_2022!G28,IF(PCC_MF_2022!F28<>"",PCC_MF_2022!D28&"."&PCC_MF_2022!E28&"."&PCC_MF_2022!F28,IF(PCC_MF_2022!E28<>"",PCC_MF_2022!D28&"."&PCC_MF_2022!E28,IF(PCC_MF_2022!D28="",LEFT(#REF!,1),PCC_MF_2022!D28)))))) -> 01.6.3 | C28: =IF(PCC_MF_2022!I28<>"",PCC_MF_2022!D28&""&PCC_MF_2022!E28&""&PCC_MF_2022!F28&""&PCC_MF_2022!G28&""&PCC_MF_2022!H28&""&PCC_MF_2022!I28,IF(PCC_MF_2022!H28<>"",PCC_MF_2022!D28&""&PCC_MF_2022!E28&""&PCC_MF_2022!F28&""&PCC_MF_2022!G28&""&PCC_MF_2022!H28, IF(PCC_MF_2022!G28<>"",PCC_MF_2022!D28&""&PCC_MF_2022!E28&""&PCC_MF_2022!F28&""&PCC_MF_2022!G28,IF(PCC_MF_2022!F28<>"",PCC_MF_2022!D28&""&PCC_MF_2022!E28&""&PCC_MF_2022!F28,IF(PCC_MF_2022!E28<>"",PCC_MF_2022!D28&""&PCC_MF_2022!E28,IF(PCC_MF_2022!D28="",LEFT(#REF!,1),PCC_MF_2022!D28)))))) -> 0163 | D28: 01 | E28: 6 | F28: 3 | J28: Previsões por liquidar anuladas | K28: M
B29: =IF(PCC_MF_2022!I29<>"",PCC_MF_2022!D29&"."&PCC_MF_2022!E29&"."&PCC_MF_2022!F29&"."&PCC_MF_2022!G29&"."&PCC_MF_2022!H29&"."&PCC_MF_2022!I29,IF(PCC_MF_2022!H29<>"",PCC_MF_2022!D29&"."&PCC_MF_2022!E29&"."&PCC_MF_2022!F29&"."&PCC_MF_2022!G29&"."&PCC_MF_2022!H29, IF(PCC_MF_2022!G29<>"",PCC_MF_2022!D29&"."&PCC_MF_2022!E29&"."&PCC_MF_2022!F29&"."&PCC_MF_2022!G29,IF(PCC_MF_2022!F29<>"",PCC_MF_2022!D29&"."&PCC_MF_2022!E29&"."&PCC_MF_2022!F29,IF(PCC_MF_2022!E29<>"",PCC_MF_2022!D29&"."&PCC_MF_2022!E29,IF(PCC_MF_2022!D29="",LEFT(#REF!,1),PCC_MF_2022!D29)))))) -> 01.7 | C29: =IF(PCC_MF_2022!I29<>"",PCC_MF_2022!D29&""&PCC_MF_2022!E29&""&PCC_MF_2022!F29&""&PCC_MF_2022!G29&""&PCC_MF_2022!H29&""&PCC_MF_2022!I29,IF(PCC_MF_2022!H29<>"",PCC_MF_2022!D29&""&PCC_MF_2022!E29&""&PCC_MF_2022!F29&""&PCC_MF_2022!G29&""&PCC_MF_2022!H29, IF(PCC_MF_2022!G29<>"",PCC_MF_2022!D29&""&PCC_MF_2022!E29&""&PCC_MF_2022!F29&""&PCC_MF_2022!G29,IF(PCC_MF_2022!F29<>"",PCC_MF_2022!D29&""&PCC_MF_2022!E29&""&PCC_MF_2022!F29,IF(PCC_MF_2022!E29<>"",PCC_MF_2022!D29&""&PCC_MF_2022!E29,IF(PCC_MF_2022!D29="",LEFT(#REF!,1),PCC_MF_2022!D29)))))) -> 017 | D29: 01 | E29: 7 | J29: Recebimentos | K29: A
B30: =IF(PCC_MF_2022!I30<>"",PCC_MF_2022!D30&"."&PCC_MF_2022!E30&"."&PCC_MF_2022!F30&"."&PCC_MF_2022!G30&"."&PCC_MF_2022!H30&"."&PCC_MF_2022!I30,IF(PCC_MF_2022!H30<>"",PCC_MF_2022!D30&"."&PCC_MF_2022!E30&"."&PCC_MF_2022!F30&"."&PCC_MF_2022!G30&"."&PCC_MF_2022!H30, IF(PCC_MF_2022!G30<>"",PCC_MF_2022!D30&"."&PCC_MF_2022!E30&"."&PCC_MF_2022!F30&"."&PCC_MF_2022!G30,IF(PCC_MF_2022!F30<>"",PCC_MF_2022!D30&"."&PCC_MF_2022!E30&"."&PCC_MF_2022!F30,IF(PCC_MF_2022!E30<>"",PCC_MF_2022!D30&"."&PCC_MF_2022!E30,IF(PCC_MF_2022!D30="",LEFT(#REF!,1),PCC_MF_2022!D30)))))) -> 01.7.1 | C30: =IF(PCC_MF_2022!I30<>"",PCC_MF_2022!D30&""&PCC_MF_2022!E30&""&PCC_MF_2022!F30&""&PCC_MF_2022!G30&""&PCC_MF_2022!H30&""&PCC_MF_2022!I30,IF(PCC_MF_2022!H30<>"",PCC_MF_2022!D30&""&PCC_MF_2022!E30&""&PCC_MF_2022!F30&""&PCC_MF_2022!G30&""&PCC_MF_2022!H30, IF(PCC_MF_2022!G30<>"",PCC_MF_2022!D30&""&PCC_MF_2022!E30&""&PCC_MF_2022!F30&""&PCC_MF_2022!G30,IF(PCC_MF_2022!F30<>"",PCC_MF_2022!D30&""&PCC_MF_2022!E30&""&PCC_MF_2022!F30,IF(PCC_MF_2022!E30<>"",PCC_MF_2022!D30&""&PCC_MF_2022!E30,IF(PCC_MF_2022!D30="",LEFT(#REF!,1),PCC_MF_2022!D30)))))) -> 0171 | D30: 01 | E30: 7 | F30: 1 | J30: Recebimentos do período | K30: M
B31: =IF(PCC_MF_2022!I31<>"",PCC_MF_2022!D31&"."&PCC_MF_2022!E31&"."&PCC_MF_2022!F31&"."&PCC_MF_2022!G31&"."&PCC_MF_2022!H31&"."&PCC_MF_2022!I31,IF(PCC_MF_2022!H31<>"",PCC_MF_2022!D31&"."&PCC_MF_2022!E31&"."&PCC_MF_2022!F31&"."&PCC_MF_2022!G31&"."&PCC_MF_2022!H31, IF(PCC_MF_2022!G31<>"",PCC_MF_2022!D31&"."&PCC_MF_2022!E31&"."&PCC_MF_2022!F31&"."&PCC_MF_2022!G31,IF(PCC_MF_2022!F31<>"",PCC_MF_2022!D31&"."&PCC_MF_2022!E31&"."&PCC_MF_2022!F31,IF(PCC_MF_2022!E31<>"",PCC_MF_2022!D31&"."&PCC_MF_2022!E31,IF(PCC_MF_2022!D31="",LEFT(#REF!,1),PCC_MF_2022!D31)))))) -> 01.7.2 | C31: =IF(PCC_MF_2022!I31<>"",PCC_MF_2022!D31&""&PCC_MF_2022!E31&""&PCC_MF_2022!F31&""&PCC_MF_2022!G31&""&PCC_MF_2022!H31&""&PCC_MF_2022!I31,IF(PCC_MF_2022!H31<>"",PCC_MF_2022!D31&""&PCC_MF_2022!E31&""&PCC_MF_2022!F31&""&PCC_MF_2022!G31&""&PCC_MF_2022!H31, IF(PCC_MF_2022!G31<>"",PCC_MF_2022!D31&""&PCC_MF_2022!E31&""&PCC_MF_2022!F31&""&PCC_MF_2022!G31,IF(PCC_MF_2022!F31<>"",PCC_MF_2022!D31&""&PCC_MF_2022!E31&""&PCC_MF_2022!F31,IF(PCC_MF_2022!E31<>"",PCC_MF_2022!D31&""&PCC_MF_2022!E31,IF(PCC_MF_2022!D31="",LEFT(#REF!,1),PCC_MF_2022!D31)))))) -> 0172 | D31: 01 | E31: 7 | F31: 2 | J31: Recebimentos de períodos findos | K31: M
B32: =IF(PCC_MF_2022!I32<>"",PCC_MF_2022!D32&"."&PCC_MF_2022!E32&"."&PCC_MF_2022!F32&"."&PCC_MF_2022!G32&"."&PCC_MF_2022!H32&"."&PCC_MF_2022!I32,IF(PCC_MF_2022!H32<>"",PCC_MF_2022!D32&"."&PCC_MF_2022!E32&"."&PCC_MF_2022!F32&"."&PCC_MF_2022!G32&"."&PCC_MF_2022!H32, IF(PCC_MF_2022!G32<>"",PCC_MF_2022!D32&"."&PCC_MF_2022!E32&"."&PCC_MF_2022!F32&"."&PCC_MF_2022!G32,IF(PCC_MF_2022!F32<>"",PCC_MF_2022!D32&"."&PCC_MF_2022!E32&"."&PCC_MF_2022!F32,IF(PCC_MF_2022!E32<>"",PCC_MF_2022!D32&"."&PCC_MF_2022!E32,IF(PCC_MF_2022!D32="",LEFT(#REF!,1),PCC_MF_2022!D32)))))) -> 01.8 | C32: =IF(PCC_MF_2022!I32<>"",PCC_MF_2022!D32&""&PCC_MF_2022!E32&""&PCC_MF_2022!F32&""&PCC_MF_2022!G32&""&PCC_MF_2022!H32&""&PCC_MF_2022!I32,IF(PCC_MF_2022!H32<>"",PCC_MF_2022!D32&""&PCC_MF_2022!E32&""&PCC_MF_2022!F32&""&PCC_MF_2022!G32&""&PCC_MF_2022!H32, IF(PCC_MF_2022!G32<>"",PCC_MF_2022!D32&""&PCC_MF_2022!E32&""&PCC_MF_2022!F32&""&PCC_MF_2022!G32,IF(PCC_MF_2022!F32<>"",PCC_MF_2022!D32&""&PCC_MF_2022!E32&""&PCC_MF_2022!F32,IF(PCC_MF_2022!E32<>"",PCC_MF_2022!D32&""&PCC_MF_2022!E32,IF(PCC_MF_2022!D32="",LEFT(#REF!,1),PCC_MF_2022!D32)))))) -> 018 | D32: 01 | E32: 8 | J32: Reembolsos e restituições | K32: A
B33: =IF(PCC_MF_2022!I33<>"",PCC_MF_2022!D33&"."&PCC_MF_2022!E33&"."&PCC_MF_2022!F33&"."&PCC_MF_2022!G33&"."&PCC_MF_2022!H33&"."&PCC_MF_2022!I33,IF(PCC_MF_2022!H33<>"",PCC_MF_2022!D33&"."&PCC_MF_2022!E33&"."&PCC_MF_2022!F33&"."&PCC_MF_2022!G33&"."&PCC_MF_2022!H33, IF(PCC_MF_2022!G33<>"",PCC_MF_2022!D33&"."&PCC_MF_2022!E33&"."&PCC_MF_2022!F33&"."&PCC_MF_2022!G33,IF(PCC_MF_2022!F33<>"",PCC_MF_2022!D33&"."&PCC_MF_2022!E33&"."&PCC_MF_2022!F33,IF(PCC_MF_2022!E33<>"",PCC_MF_2022!D33&"."&PCC_MF_2022!E33,IF(PCC_MF_2022!D33="",LEFT(#REF!,1),PCC_MF_2022!D33)))))) -> 01.8.1 | C33: =IF(PCC_MF_2022!I33<>"",PCC_MF_2022!D33&""&PCC_MF_2022!E33&""&PCC_MF_2022!F33&""&PCC_MF_2022!G33&""&PCC_MF_2022!H33&""&PCC_MF_2022!I33,IF(PCC_MF_2022!H33<>"",PCC_MF_2022!D33&""&PCC_MF_2022!E33&""&PCC_MF_2022!F33&""&PCC_MF_2022!G33&""&PCC_MF_2022!H33, IF(PCC_MF_2022!G33<>"",PCC_MF_2022!D33&""&PCC_MF_2022!E33&""&PCC_MF_2022!F33&""&PCC_MF_2022!G33,IF(PCC_MF_2022!F33<>"",PCC_MF_2022!D33&""&PCC_MF_2022!E33&""&PCC_MF_2022!F33,IF(PCC_MF_2022!E33<>"",PCC_MF_2022!D33&""&PCC_MF_2022!E33,IF(PCC_MF_2022!D33="",LEFT(#REF!,1),PCC_MF_2022!D33)))))) -> 0181 | D33: 01 | E33: 8 | F33: 1 | J33: Reembolsos e restituições emitidos | K33: M
B34: =IF(PCC_MF_2022!I34<>"",PCC_MF_2022!D34&"."&PCC_MF_2022!E34&"."&PCC_MF_2022!F34&"."&PCC_MF_2022!G34&"."&PCC_MF_2022!H34&"."&PCC_MF_2022!I34,IF(PCC_MF_2022!H34<>"",PCC_MF_2022!D34&"."&PCC_MF_2022!E34&"."&PCC_MF_2022!F34&"."&PCC_MF_2022!G34&"."&PCC_MF_2022!H34, IF(PCC_MF_2022!G34<>"",PCC_MF_2022!D34&"."&PCC_MF_2022!E34&"."&PCC_MF_2022!F34&"."&PCC_MF_2022!G34,IF(PCC_MF_2022!F34<>"",PCC_MF_2022!D34&"."&PCC_MF_2022!E34&"."&PCC_MF_2022!F34,IF(PCC_MF_2022!E34<>"",PCC_MF_2022!D34&"."&PCC_MF_2022!E34,IF(PCC_MF_2022!D34="",LEFT(#REF!,1),PCC_MF_2022!D34)))))) -> 01.8.2 | C34: =IF(PCC_MF_2022!I34<>"",PCC_MF_2022!D34&""&PCC_MF_2022!E34&""&PCC_MF_2022!F34&""&PCC_MF_2022!G34&""&PCC_MF_2022!H34&""&PCC_MF_2022!I34,IF(PCC_MF_2022!H34<>"",PCC_MF_2022!D34&""&PCC_MF_2022!E34&""&PCC_MF_2022!F34&""&PCC_MF_2022!G34&""&PCC_MF_2022!H34, IF(PCC_MF_2022!G34<>"",PCC_MF_2022!D34&""&PCC_MF_2022!E34&""&PCC_MF_2022!F34&""&PCC_MF_2022!G34,IF(PCC_MF_2022!F34<>"",PCC_MF_2022!D34&""&PCC_MF_2022!E34&""&PCC_MF_2022!F34,IF(PCC_MF_2022!E34<>"",PCC_MF_2022!D34&""&PCC_MF_2022!E34,IF(PCC_MF_2022!D34="",LEFT(#REF!,1),PCC_MF_2022!D34)))))) -> 0182 | D34: 01 | E34: 8 | F34: 2 | J34: Reembolsos e restituições pagos | K34: M
B35: =IF(PCC_MF_2022!I35<>"",PCC_MF_2022!D35&"."&PCC_MF_2022!E35&"."&PCC_MF_2022!F35&"."&PCC_MF_2022!G35&"."&PCC_MF_2022!H35&"."&PCC_MF_2022!I35,IF(PCC_MF_2022!H35<>"",PCC_MF_2022!D35&"."&PCC_MF_2022!E35&"."&PCC_MF_2022!F35&"."&PCC_MF_2022!G35&"."&PCC_MF_2022!H35, IF(PCC_MF_2022!G35<>"",PCC_MF_2022!D35&"."&PCC_MF_2022!E35&"."&PCC_MF_2022!F35&"."&PCC_MF_2022!G35,IF(PCC_MF_2022!F35<>"",PCC_MF_2022!D35&"."&PCC_MF_2022!E35&"."&PCC_MF_2022!F35,IF(PCC_MF_2022!E35<>"",PCC_MF_2022!D35&"."&PCC_MF_2022!E35,IF(PCC_MF_2022!D35="",LEFT(#REF!,1),PCC_MF_2022!D35)))))) -> 01.8.3 | C35: =IF(PCC_MF_2022!I35<>"",PCC_MF_2022!D35&""&PCC_MF_2022!E35&""&PCC_MF_2022!F35&""&PCC_MF_2022!G35&""&PCC_MF_2022!H35&""&PCC_MF_2022!I35,IF(PCC_MF_2022!H35<>"",PCC_MF_2022!D35&""&PCC_MF_2022!E35&""&PCC_MF_2022!F35&""&PCC_MF_2022!G35&""&PCC_MF_2022!H35, IF(PCC_MF_2022!G35<>"",PCC_MF_2022!D35&""&PCC_MF_2022!E35&""&PCC_MF_2022!F35&""&PCC_MF_2022!G35,IF(PCC_MF_2022!F35<>"",PCC_MF_2022!D35&""&PCC_MF_2022!E35&""&PCC_MF_2022!F35,IF(PCC_MF_2022!E35<>"",PCC_MF_2022!D35&""&PCC_MF_2022!E35,IF(PCC_MF_2022!D35="",LEFT(#REF!,1),PCC_MF_2022!D35)))))) -> 0183 | D35: 01 | E35: 8 | F35: 3 | J35: Reembolsos e restituições transitados | K35: M
B36: =IF(PCC_MF_2022!I36<>"",PCC_MF_2022!D36&"."&PCC_MF_2022!E36&"."&PCC_MF_2022!F36&"."&PCC_MF_2022!G36&"."&PCC_MF_2022!H36&"."&PCC_MF_2022!I36,IF(PCC_MF_2022!H36<>"",PCC_MF_2022!D36&"."&PCC_MF_2022!E36&"."&PCC_MF_2022!F36&"."&PCC_MF_2022!G36&"."&PCC_MF_2022!H36, IF(PCC_MF_2022!G36<>"",PCC_MF_2022!D36&"."&PCC_MF_2022!E36&"."&PCC_MF_2022!F36&"."&PCC_MF_2022!G36,IF(PCC_MF_2022!F36<>"",PCC_MF_2022!D36&"."&PCC_MF_2022!E36&"."&PCC_MF_2022!F36,IF(PCC_MF_2022!E36<>"",PCC_MF_2022!D36&"."&PCC_MF_2022!E36,IF(PCC_MF_2022!D36="",LEFT(#REF!,1),PCC_MF_2022!D36)))))) -> 01.8.4 | C36: =IF(PCC_MF_2022!I36<>"",PCC_MF_2022!D36&""&PCC_MF_2022!E36&""&PCC_MF_2022!F36&""&PCC_MF_2022!G36&""&PCC_MF_2022!H36&""&PCC_MF_2022!I36,IF(PCC_MF_2022!H36<>"",PCC_MF_2022!D36&""&PCC_MF_2022!E36&""&PCC_MF_2022!F36&""&PCC_MF_2022!G36&""&PCC_MF_2022!H36, IF(PCC_MF_2022!G36<>"",PCC_MF_2022!D36&""&PCC_MF_2022!E36&""&PCC_MF_2022!F36&""&PCC_MF_2022!G36,IF(PCC_MF_2022!F36<>"",PCC_MF_2022!D36&""&PCC_MF_2022!E36&""&PCC_MF_2022!F36,IF(PCC_MF_2022!E36<>"",PCC_MF_2022!D36&""&PCC_MF_2022!E36,IF(PCC_MF_2022!D36="",LEFT(#REF!,1),PCC_MF_2022!D36)))))) -> 0184 | D36: 01 | E36: 8 | F36: 4 | J36: Reembolsos e restituições a transitar | K36: M
B37: =IF(PCC_MF_2022!I37<>"",PCC_MF_2022!D37&"."&PCC_MF_2022!E37&"."&PCC_MF_2022!F37&"."&PCC_MF_2022!G37&"."&PCC_MF_2022!H37&"."&PCC_MF_2022!I37,IF(PCC_MF_2022!H37<>"",PCC_MF_2022!D37&"."&PCC_MF_2022!E37&"."&PCC_MF_2022!F37&"."&PCC_MF_2022!G37&"."&PCC_MF_2022!H37, IF(PCC_MF_2022!G37<>"",PCC_MF_2022!D37&"."&PCC_MF_2022!E37&"."&PCC_MF_2022!F37&"."&PCC_MF_2022!G37,IF(PCC_MF_2022!F37<>"",PCC_MF_2022!D37&"."&PCC_MF_2022!E37&"."&PCC_MF_2022!F37,IF(PCC_MF_2022!E37<>"",PCC_MF_2022!D37&"."&PCC_MF_2022!E37,IF(PCC_MF_2022!D37="",LEFT(#REF!,1),PCC_MF_2022!D37)))))) -> 02 | C37: =IF(PCC_MF_2022!I37<>"",PCC_MF_2022!D37&""&PCC_MF_2022!E37&""&PCC_MF_2022!F37&""&PCC_MF_2022!G37&""&PCC_MF_2022!H37&""&PCC_MF_2022!I37,IF(PCC_MF_2022!H37<>"",PCC_MF_2022!D37&""&PCC_MF_2022!E37&""&PCC_MF_2022!F37&""&PCC_MF_2022!G37&""&PCC_MF_2022!H37, IF(PCC_MF_2022!G37<>"",PCC_MF_2022!D37&""&PCC_MF_2022!E37&""&PCC_MF_2022!F37&""&PCC_MF_2022!G37,IF(PCC_MF_2022!F37<>"",PCC_MF_2022!D37&""&PCC_MF_2022!E37&""&PCC_MF_2022!F37,IF(PCC_MF_2022!E37<>"",PCC_MF_2022!D37&""&PCC_MF_2022!E37,IF(PCC_MF_2022!D37="",LEFT(#REF!,1),PCC_MF_2022!D37)))))) -> 02 | D37: 02 | J37: Despesa do período corrente | K37: A
B38: =IF(PCC_MF_2022!I38<>"",PCC_MF_2022!D38&"."&PCC_MF_2022!E38&"."&PCC_MF_2022!F38&"."&PCC_MF_2022!G38&"."&PCC_MF_2022!H38&"."&PCC_MF_2022!I38,IF(PCC_MF_2022!H38<>"",PCC_MF_2022!D38&"."&PCC_MF_2022!E38&"."&PCC_MF_2022!F38&"."&PCC_MF_2022!G38&"."&PCC_MF_2022!H38, IF(PCC_MF_2022!G38<>"",PCC_MF_2022!D38&"."&PCC_MF_2022!E38&"."&PCC_MF_2022!F38&"."&PCC_MF_2022!G38,IF(PCC_MF_2022!F38<>"",PCC_MF_2022!D38&"."&PCC_MF_2022!E38&"."&PCC_MF_2022!F38,IF(PCC_MF_2022!E38<>"",PCC_MF_2022!D38&"."&PCC_MF_2022!E38,IF(PCC_MF_2022!D38="",LEFT(#REF!,1),PCC_MF_2022!D38)))))) -> 02.1 | C38: =IF(PCC_MF_2022!I38<>"",PCC_MF_2022!D38&""&PCC_MF_2022!E38&""&PCC_MF_2022!F38&""&PCC_MF_2022!G38&""&PCC_MF_2022!H38&""&PCC_MF_2022!I38,IF(PCC_MF_2022!H38<>"",PCC_MF_2022!D38&""&PCC_MF_2022!E38&""&PCC_MF_2022!F38&""&PCC_MF_2022!G38&""&PCC_MF_2022!H38, IF(PCC_MF_2022!G38<>"",PCC_MF_2022!D38&""&PCC_MF_2022!E38&""&PCC_MF_2022!F38&""&PCC_MF_2022!G38,IF(PCC_MF_2022!F38<>"",PCC_MF_2022!D38&""&PCC_MF_2022!E38&""&PCC_MF_2022!F38,IF(PCC_MF_2022!E38<>"",PCC_MF_2022!D38&""&PCC_MF_2022!E38,IF(PCC_MF_2022!D38="",LEFT(#REF!,1),PCC_MF_2022!D38)))))) -> 021 | D38: 02 | E38: 1 | J38: Dotações iniciais | K38: M
B39: =IF(PCC_MF_2022!I39<>"",PCC_MF_2022!D39&"."&PCC_MF_2022!E39&"."&PCC_MF_2022!F39&"."&PCC_MF_2022!G39&"."&PCC_MF_2022!H39&"."&PCC_MF_2022!I39,IF(PCC_MF_2022!H39<>"",PCC_MF_2022!D39&"."&PCC_MF_2022!E39&"."&PCC_MF_2022!F39&"."&PCC_MF_2022!G39&"."&PCC_MF_2022!H39, IF(PCC_MF_2022!G39<>"",PCC_MF_2022!D39&"."&PCC_MF_2022!E39&"."&PCC_MF_2022!F39&"."&PCC_MF_2022!G39,IF(PCC_MF_2022!F39<>"",PCC_MF_2022!D39&"."&PCC_MF_2022!E39&"."&PCC_MF_2022!F39,IF(PCC_MF_2022!E39<>"",PCC_MF_2022!D39&"."&PCC_MF_2022!E39,IF(PCC_MF_2022!D39="",LEFT(#REF!,1),PCC_MF_2022!D39)))))) -> 02.2 | C39: =IF(PCC_MF_2022!I39<>"",PCC_MF_2022!D39&""&PCC_MF_2022!E39&""&PCC_MF_2022!F39&""&PCC_MF_2022!G39&""&PCC_MF_2022!H39&""&PCC_MF_2022!I39,IF(PCC_MF_2022!H39<>"",PCC_MF_2022!D39&""&PCC_MF_2022!E39&""&PCC_MF_2022!F39&""&PCC_MF_2022!G39&""&PCC_MF_2022!H39, IF(PCC_MF_2022!G39<>"",PCC_MF_2022!D39&""&PCC_MF_2022!E39&""&PCC_MF_2022!F39&""&PCC_MF_2022!G39,IF(PCC_MF_2022!F39<>"",PCC_MF_2022!D39&""&PCC_MF_2022!E39&""&PCC_MF_2022!F39,IF(PCC_MF_2022!E39<>"",PCC_MF_2022!D39&""&PCC_MF_2022!E39,IF(PCC_MF_2022!D39="",LEFT(#REF!,1),PCC_MF_2022!D39)))))) -> 022 | D39: 02 | E39: 2 | J39: Dotações corrigidas | K39: M
B40: =IF(PCC_MF_2022!I40<>"",PCC_MF_2022!D40&"."&PCC_MF_2022!E40&"."&PCC_MF_2022!F40&"."&PCC_MF_2022!G40&"."&PCC_MF_2022!H40&"."&PCC_MF_2022!I40,IF(PCC_MF_2022!H40<>"",PCC_MF_2022!D40&"."&PCC_MF_2022!E40&"."&PCC_MF_2022!F40&"."&PCC_MF_2022!G40&"."&PCC_MF_2022!H40, IF(PCC_MF_2022!G40<>"",PCC_MF_2022!D40&"."&PCC_MF_2022!E40&"."&PCC_MF_2022!F40&"."&PCC_MF_2022!G40,IF(PCC_MF_2022!F40<>"",PCC_MF_2022!D40&"."&PCC_MF_2022!E40&"."&PCC_MF_2022!F40,IF(PCC_MF_2022!E40<>"",PCC_MF_2022!D40&"."&PCC_MF_2022!E40,IF(PCC_MF_2022!D40="",LEFT(#REF!,1),PCC_MF_2022!D40)))))) -> 02.3 | C40: =IF(PCC_MF_2022!I40<>"",PCC_MF_2022!D40&""&PCC_MF_2022!E40&""&PCC_MF_2022!F40&""&PCC_MF_2022!G40&""&PCC_MF_2022!H40&""&PCC_MF_2022!I40,IF(PCC_MF_2022!H40<>"",PCC_MF_2022!D40&""&PCC_MF_2022!E40&""&PCC_MF_2022!F40&""&PCC_MF_2022!G40&""&PCC_MF_2022!H40, IF(PCC_MF_2022!G40<>"",PCC_MF_2022!D40&""&PCC_MF_2022!E40&""&PCC_MF_2022!F40&""&PCC_MF_2022!G40,IF(PCC_MF_2022!F40<>"",PCC_MF_2022!D40&""&PCC_MF_2022!E40&""&PCC_MF_2022!F40,IF(PCC_MF_2022!E40<>"",PCC_MF_2022!D40&""&PCC_MF_2022!E40,IF(PCC_MF_2022!D40="",LEFT(#REF!,1),PCC_MF_2022!D40)))))) -> 023 | D40: 02 | E40: 3 | J40: Modificações orçamentais | K40: A
B41: =IF(PCC_MF_2022!I41<>"",PCC_MF_2022!D41&"."&PCC_MF_2022!E41&"."&PCC_MF_2022!F41&"."&PCC_MF_2022!G41&"."&PCC_MF_2022!H41&"."&PCC_MF_2022!I41,IF(PCC_MF_2022!H41<>"",PCC_MF_2022!D41&"."&PCC_MF_2022!E41&"."&PCC_MF_2022!F41&"."&PCC_MF_2022!G41&"."&PCC_MF_2022!H41, IF(PCC_MF_2022!G41<>"",PCC_MF_2022!D41&"."&PCC_MF_2022!E41&"."&PCC_MF_2022!F41&"."&PCC_MF_2022!G41,IF(PCC_MF_2022!F41<>"",PCC_MF_2022!D41&"."&PCC_MF_2022!E41&"."&PCC_MF_2022!F41,IF(PCC_MF_2022!E41<>"",PCC_MF_2022!D41&"."&PCC_MF_2022!E41,IF(PCC_MF_2022!D41="",LEFT(#REF!,1),PCC_MF_2022!D41)))))) -> 02.3.1 | C41: =IF(PCC_MF_2022!I41<>"",PCC_MF_2022!D41&""&PCC_MF_2022!E41&""&PCC_MF_2022!F41&""&PCC_MF_2022!G41&""&PCC_MF_2022!H41&""&PCC_MF_2022!I41,IF(PCC_MF_2022!H41<>"",PCC_MF_2022!D41&""&PCC_MF_2022!E41&""&PCC_MF_2022!F41&""&PCC_MF_2022!G41&""&PCC_MF_2022!H41, IF(PCC_MF_2022!G41<>"",PCC_MF_2022!D41&""&PCC_MF_2022!E41&""&PCC_MF_2022!F41&""&PCC_MF_2022!G41,IF(PCC_MF_2022!F41<>"",PCC_MF_2022!D41&""&PCC_MF_2022!E41&""&PCC_MF_2022!F41,IF(PCC_MF_2022!E41<>"",PCC_MF_2022!D41&""&PCC_MF_2022!E41,IF(PCC_MF_2022!D41="",LEFT(#REF!,1),PCC_MF_2022!D41)))))) -> 0231 | D41: 02 | E41: 3 | F41: 1 | J41: Reforços | K41: A
B42: =IF(PCC_MF_2022!I42<>"",PCC_MF_2022!D42&"."&PCC_MF_2022!E42&"."&PCC_MF_2022!F42&"."&PCC_MF_2022!G42&"."&PCC_MF_2022!H42&"."&PCC_MF_2022!I42,IF(PCC_MF_2022!H42<>"",PCC_MF_2022!D42&"."&PCC_MF_2022!E42&"."&PCC_MF_2022!F42&"."&PCC_MF_2022!G42&"."&PCC_MF_2022!H42, IF(PCC_MF_2022!G42<>"",PCC_MF_2022!D42&"."&PCC_MF_2022!E42&"."&PCC_MF_2022!F42&"."&PCC_MF_2022!G42,IF(PCC_MF_2022!F42<>"",PCC_MF_2022!D42&"."&PCC_MF_2022!E42&"."&PCC_MF_2022!F42,IF(PCC_MF_2022!E42<>"",PCC_MF_2022!D42&"."&PCC_MF_2022!E42,IF(PCC_MF_2022!D42="",LEFT(#REF!,1),PCC_MF_2022!D42)))))) -> 02.3.1.1 | C42: =IF(PCC_MF_2022!I42<>"",PCC_MF_2022!D42&""&PCC_MF_2022!E42&""&PCC_MF_2022!F42&""&PCC_MF_2022!G42&""&PCC_MF_2022!H42&""&PCC_MF_2022!I42,IF(PCC_MF_2022!H42<>"",PCC_MF_2022!D42&""&PCC_MF_2022!E42&""&PCC_MF_2022!F42&""&PCC_MF_2022!G42&""&PCC_MF_2022!H42, IF(PCC_MF_2022!G42<>"",PCC_MF_2022!D42&""&PCC_MF_2022!E42&""&PCC_MF_2022!F42&""&PCC_MF_2022!G42,IF(PCC_MF_2022!F42<>"",PCC_MF_2022!D42&""&PCC_MF_2022!E42&""&PCC_MF_2022!F42,IF(PCC_MF_2022!E42<>"",PCC_MF_2022!D42&""&PCC_MF_2022!E42,IF(PCC_MF_2022!D42="",LEFT(#REF!,1),PCC_MF_2022!D42)))))) -> 02311 | D42: 02 | E42: 3 | F42: 1 | G42: 1 | J42: Reforços em dotações corrigidas | K42: M
B43: =IF(PCC_MF_2022!I43<>"",PCC_MF_2022!D43&"."&PCC_MF_2022!E43&"."&PCC_MF_2022!F43&"."&PCC_MF_2022!G43&"."&PCC_MF_2022!H43&"."&PCC_MF_2022!I43,IF(PCC_MF_2022!H43<>"",PCC_MF_2022!D43&"."&PCC_MF_2022!E43&"."&PCC_MF_2022!F43&"."&PCC_MF_2022!G43&"."&PCC_MF_2022!H43, IF(PCC_MF_2022!G43<>"",PCC_MF_2022!D43&"."&PCC_MF_2022!E43&"."&PCC_MF_2022!F43&"."&PCC_MF_2022!G43,IF(PCC_MF_2022!F43<>"",PCC_MF_2022!D43&"."&PCC_MF_2022!E43&"."&PCC_MF_2022!F43,IF(PCC_MF_2022!E43<>"",PCC_MF_2022!D43&"."&PCC_MF_2022!E43,IF(PCC_MF_2022!D43="",LEFT(#REF!,1),PCC_MF_2022!D43)))))) -> 02.3.1.2 | C43: =IF(PCC_MF_2022!I43<>"",PCC_MF_2022!D43&""&PCC_MF_2022!E43&""&PCC_MF_2022!F43&""&PCC_MF_2022!G43&""&PCC_MF_2022!H43&""&PCC_MF_2022!I43,IF(PCC_MF_2022!H43<>"",PCC_MF_2022!D43&""&PCC_MF_2022!E43&""&PCC_MF_2022!F43&""&PCC_MF_2022!G43&""&PCC_MF_2022!H43, IF(PCC_MF_2022!G43<>"",PCC_MF_2022!D43&""&PCC_MF_2022!E43&""&PCC_MF_2022!F43&""&PCC_MF_2022!G43,IF(PCC_MF_2022!F43<>"",PCC_MF_2022!D43&""&PCC_MF_2022!E43&""&PCC_MF_2022!F43,IF(PCC_MF_2022!E43<>"",PCC_MF_2022!D43&""&PCC_MF_2022!E43,IF(PCC_MF_2022!D43="",LEFT(#REF!,1),PCC_MF_2022!D43)))))) -> 02312 | D43: 02 | E43: 3 | F43: 1 | G43: 2 | J43: Reforços em dotações disponíveis | K43: M
B44: =IF(PCC_MF_2022!I44<>"",PCC_MF_2022!D44&"."&PCC_MF_2022!E44&"."&PCC_MF_2022!F44&"."&PCC_MF_2022!G44&"."&PCC_MF_2022!H44&"."&PCC_MF_2022!I44,IF(PCC_MF_2022!H44<>"",PCC_MF_2022!D44&"."&PCC_MF_2022!E44&"."&PCC_MF_2022!F44&"."&PCC_MF_2022!G44&"."&PCC_MF_2022!H44, IF(PCC_MF_2022!G44<>"",PCC_MF_2022!D44&"."&PCC_MF_2022!E44&"."&PCC_MF_2022!F44&"."&PCC_MF_2022!G44,IF(PCC_MF_2022!F44<>"",PCC_MF_2022!D44&"."&PCC_MF_2022!E44&"."&PCC_MF_2022!F44,IF(PCC_MF_2022!E44<>"",PCC_MF_2022!D44&"."&PCC_MF_2022!E44,IF(PCC_MF_2022!D44="",LEFT(#REF!,1),PCC_MF_2022!D44)))))) -> 02.3.2 | C44: =IF(PCC_MF_2022!I44<>"",PCC_MF_2022!D44&""&PCC_MF_2022!E44&""&PCC_MF_2022!F44&""&PCC_MF_2022!G44&""&PCC_MF_2022!H44&""&PCC_MF_2022!I44,IF(PCC_MF_2022!H44<>"",PCC_MF_2022!D44&""&PCC_MF_2022!E44&""&PCC_MF_2022!F44&""&PCC_MF_2022!G44&""&PCC_MF_2022!H44, IF(PCC_MF_2022!G44<>"",PCC_MF_2022!D44&""&PCC_MF_2022!E44&""&PCC_MF_2022!F44&""&PCC_MF_2022!G44,IF(PCC_MF_2022!F44<>"",PCC_MF_2022!D44&""&PCC_MF_2022!E44&""&PCC_MF_2022!F44,IF(PCC_MF_2022!E44<>"",PCC_MF_2022!D44&""&PCC_MF_2022!E44,IF(PCC_MF_2022!D44="",LEFT(#REF!,1),PCC_MF_2022!D44)))))) -> 0232 | D44: 02 | E44: 3 | F44: 2 | J44: Anulações | K44: A
B45: =IF(PCC_MF_2022!I45<>"",PCC_MF_2022!D45&"."&PCC_MF_2022!E45&"."&PCC_MF_2022!F45&"."&PCC_MF_2022!G45&"."&PCC_MF_2022!H45&"."&PCC_MF_2022!I45,IF(PCC_MF_2022!H45<>"",PCC_MF_2022!D45&"."&PCC_MF_2022!E45&"."&PCC_MF_2022!F45&"."&PCC_MF_2022!G45&"."&PCC_MF_2022!H45, IF(PCC_MF_2022!G45<>"",PCC_MF_2022!D45&"."&PCC_MF_2022!E45&"."&PCC_MF_2022!F45&"."&PCC_MF_2022!G45,IF(PCC_MF_2022!F45<>"",PCC_MF_2022!D45&"."&PCC_MF_2022!E45&"."&PCC_MF_2022!F45,IF(PCC_MF_2022!E45<>"",PCC_MF_2022!D45&"."&PCC_MF_2022!E45,IF(PCC_MF_2022!D45="",LEFT(#REF!,1),PCC_MF_2022!D45)))))) -> 02.3.2.1 | C45: =IF(PCC_MF_2022!I45<>"",PCC_MF_2022!D45&""&PCC_MF_2022!E45&""&PCC_MF_2022!F45&""&PCC_MF_2022!G45&""&PCC_MF_2022!H45&""&PCC_MF_2022!I45,IF(PCC_MF_2022!H45<>"",PCC_MF_2022!D45&""&PCC_MF_2022!E45&""&PCC_MF_2022!F45&""&PCC_MF_2022!G45&""&PCC_MF_2022!H45, IF(PCC_MF_2022!G45<>"",PCC_MF_2022!D45&""&PCC_MF_2022!E45&""&PCC_MF_2022!F45&""&PCC_MF_2022!G45,IF(PCC_MF_2022!F45<>"",PCC_MF_2022!D45&""&PCC_MF_2022!E45&""&PCC_MF_2022!F45,IF(PCC_MF_2022!E45<>"",PCC_MF_2022!D45&""&PCC_MF_2022!E45,IF(PCC_MF_2022!D45="",LEFT(#REF!,1),PCC_MF_2022!D45)))))) -> 02321 | D45: 02 | E45: 3 | F45: 2 | G45: 1 | J45: Anulações em dotações corrigidas | K45: M
B46: =IF(PCC_MF_2022!I46<>"",PCC_MF_2022!D46&"."&PCC_MF_2022!E46&"."&PCC_MF_2022!F46&"."&PCC_MF_2022!G46&"."&PCC_MF_2022!H46&"."&PCC_MF_2022!I46,IF(PCC_MF_2022!H46<>"",PCC_MF_2022!D46&"."&PCC_MF_2022!E46&"."&PCC_MF_2022!F46&"."&PCC_MF_2022!G46&"."&PCC_MF_2022!H46, IF(PCC_MF_2022!G46<>"",PCC_MF_2022!D46&"."&PCC_MF_2022!E46&"."&PCC_MF_2022!F46&"."&PCC_MF_2022!G46,IF(PCC_MF_2022!F46<>"",PCC_MF_2022!D46&"."&PCC_MF_2022!E46&"."&PCC_MF_2022!F46,IF(PCC_MF_2022!E46<>"",PCC_MF_2022!D46&"."&PCC_MF_2022!E46,IF(PCC_MF_2022!D46="",LEFT(#REF!,1),PCC_MF_2022!D46)))))) -> 02.3.2.2 | C46: =IF(PCC_MF_2022!I46<>"",PCC_MF_2022!D46&""&PCC_MF_2022!E46&""&PCC_MF_2022!F46&""&PCC_MF_2022!G46&""&PCC_MF_2022!H46&""&PCC_MF_2022!I46,IF(PCC_MF_2022!H46<>"",PCC_MF_2022!D46&""&PCC_MF_2022!E46&""&PCC_MF_2022!F46&""&PCC_MF_2022!G46&""&PCC_MF_2022!H46, IF(PCC_MF_2022!G46<>"",PCC_MF_2022!D46&""&PCC_MF_2022!E46&""&PCC_MF_2022!F46&""&PCC_MF_2022!G46,IF(PCC_MF_2022!F46<>"",PCC_MF_2022!D46&""&PCC_MF_2022!E46&""&PCC_MF_2022!F46,IF(PCC_MF_2022!E46<>"",PCC_MF_2022!D46&""&PCC_MF_2022!E46,IF(PCC_MF_2022!D46="",LEFT(#REF!,1),PCC_MF_2022!D46)))))) -> 02322 | D46: 02 | E46: 3 | F46: 2 | G46: 2 | J46: Anulações em dotações disponíveis | K46: M
B47: =IF(PCC_MF_2022!I47<>"",PCC_MF_2022!D47&"."&PCC_MF_2022!E47&"."&PCC_MF_2022!F47&"."&PCC_MF_2022!G47&"."&PCC_MF_2022!H47&"."&PCC_MF_2022!I47,IF(PCC_MF_2022!H47<>"",PCC_MF_2022!D47&"."&PCC_MF_2022!E47&"."&PCC_MF_2022!F47&"."&PCC_MF_2022!G47&"."&PCC_MF_2022!H47, IF(PCC_MF_2022!G47<>"",PCC_MF_2022!D47&"."&PCC_MF_2022!E47&"."&PCC_MF_2022!F47&"."&PCC_MF_2022!G47,IF(PCC_MF_2022!F47<>"",PCC_MF_2022!D47&"."&PCC_MF_2022!E47&"."&PCC_MF_2022!F47,IF(PCC_MF_2022!E47<>"",PCC_MF_2022!D47&"."&PCC_MF_2022!E47,IF(PCC_MF_2022!D47="",LEFT(#REF!,1),PCC_MF_2022!D47)))))) -> 02.3.3 | C47: =IF(PCC_MF_2022!I47<>"",PCC_MF_2022!D47&""&PCC_MF_2022!E47&""&PCC_MF_2022!F47&""&PCC_MF_2022!G47&""&PCC_MF_2022!H47&""&PCC_MF_2022!I47,IF(PCC_MF_2022!H47<>"",PCC_MF_2022!D47&""&PCC_MF_2022!E47&""&PCC_MF_2022!F47&""&PCC_MF_2022!G47&""&PCC_MF_2022!H47, IF(PCC_MF_2022!G47<>"",PCC_MF_2022!D47&""&PCC_MF_2022!E47&""&PCC_MF_2022!F47&""&PCC_MF_2022!G47,IF(PCC_MF_2022!F47<>"",PCC_MF_2022!D47&""&PCC_MF_2022!E47&""&PCC_MF_2022!F47,IF(PCC_MF_2022!E47<>"",PCC_MF_2022!D47&""&PCC_MF_2022!E47,IF(PCC_MF_2022!D47="",LEFT(#REF!,1),PCC_MF_2022!D47)))))) -> 0233 | D47: 02 | E47: 3 | F47: 3 | J47: Créditos especiais | K47: A
B48: =IF(PCC_MF_2022!I48<>"",PCC_MF_2022!D48&"."&PCC_MF_2022!E48&"."&PCC_MF_2022!F48&"."&PCC_MF_2022!G48&"."&PCC_MF_2022!H48&"."&PCC_MF_2022!I48,IF(PCC_MF_2022!H48<>"",PCC_MF_2022!D48&"."&PCC_MF_2022!E48&"."&PCC_MF_2022!F48&"."&PCC_MF_2022!G48&"."&PCC_MF_2022!H48, IF(PCC_MF_2022!G48<>"",PCC_MF_2022!D48&"."&PCC_MF_2022!E48&"."&PCC_MF_2022!F48&"."&PCC_MF_2022!G48,IF(PCC_MF_2022!F48<>"",PCC_MF_2022!D48&"."&PCC_MF_2022!E48&"."&PCC_MF_2022!F48,IF(PCC_MF_2022!E48<>"",PCC_MF_2022!D48&"."&PCC_MF_2022!E48,IF(PCC_MF_2022!D48="",LEFT(#REF!,1),PCC_MF_2022!D48)))))) -> 02.3.3.1 | C48: =IF(PCC_MF_2022!I48<>"",PCC_MF_2022!D48&""&PCC_MF_2022!E48&""&PCC_MF_2022!F48&""&PCC_MF_2022!G48&""&PCC_MF_2022!H48&""&PCC_MF_2022!I48,IF(PCC_MF_2022!H48<>"",PCC_MF_2022!D48&""&PCC_MF_2022!E48&""&PCC_MF_2022!F48&""&PCC_MF_2022!G48&""&PCC_MF_2022!H48, IF(PCC_MF_2022!G48<>"",PCC_MF_2022!D48&""&PCC_MF_2022!E48&""&PCC_MF_2022!F48&""&PCC_MF_2022!G48,IF(PCC_MF_2022!F48<>"",PCC_MF_2022!D48&""&PCC_MF_2022!E48&""&PCC_MF_2022!F48,IF(PCC_MF_2022!E48<>"",PCC_MF_2022!D48&""&PCC_MF_2022!E48,IF(PCC_MF_2022!D48="",LEFT(#REF!,1),PCC_MF_2022!D48)))))) -> 02331 | D48: 02 | E48: 3 | F48: 3 | G48: 1 | J48: Créditos especiais em dotações corrigidas | K48: M
B49: =IF(PCC_MF_2022!I49<>"",PCC_MF_2022!D49&"."&PCC_MF_2022!E49&"."&PCC_MF_2022!F49&"."&PCC_MF_2022!G49&"."&PCC_MF_2022!H49&"."&PCC_MF_2022!I49,IF(PCC_MF_2022!H49<>"",PCC_MF_2022!D49&"."&PCC_MF_2022!E49&"."&PCC_MF_2022!F49&"."&PCC_MF_2022!G49&"."&PCC_MF_2022!H49, IF(PCC_MF_2022!G49<>"",PCC_MF_2022!D49&"."&PCC_MF_2022!E49&"."&PCC_MF_2022!F49&"."&PCC_MF_2022!G49,IF(PCC_MF_2022!F49<>"",PCC_MF_2022!D49&"."&PCC_MF_2022!E49&"."&PCC_MF_2022!F49,IF(PCC_MF_2022!E49<>"",PCC_MF_2022!D49&"."&PCC_MF_2022!E49,IF(PCC_MF_2022!D49="",LEFT(#REF!,1),PCC_MF_2022!D49)))))) -> 02.3.3.2 | C49: =IF(PCC_MF_2022!I49<>"",PCC_MF_2022!D49&""&PCC_MF_2022!E49&""&PCC_MF_2022!F49&""&PCC_MF_2022!G49&""&PCC_MF_2022!H49&""&PCC_MF_2022!I49,IF(PCC_MF_2022!H49<>"",PCC_MF_2022!D49&""&PCC_MF_2022!E49&""&PCC_MF_2022!F49&""&PCC_MF_2022!G49&""&PCC_MF_2022!H49, IF(PCC_MF_2022!G49<>"",PCC_MF_2022!D49&""&PCC_MF_2022!E49&""&PCC_MF_2022!F49&""&PCC_MF_2022!G49,IF(PCC_MF_2022!F49<>"",PCC_MF_2022!D49&""&PCC_MF_2022!E49&""&PCC_MF_2022!F49,IF(PCC_MF_2022!E49<>"",PCC_MF_2022!D49&""&PCC_MF_2022!E49,IF(PCC_MF_2022!D49="",LEFT(#REF!,1),PCC_MF_2022!D49)))))) -> 02332 | D49: 02 | E49: 3 | F49: 3 | G49: 2 | J49: Créditos especiais em dotações disponíveis | K49: M
B50: =IF(PCC_MF_2022!I50<>"",PCC_MF_2022!D50&"."&PCC_MF_2022!E50&"."&PCC_MF_2022!F50&"."&PCC_MF_2022!G50&"."&PCC_MF_2022!H50&"."&PCC_MF_2022!I50,IF(PCC_MF_2022!H50<>"",PCC_MF_2022!D50&"."&PCC_MF_2022!E50&"."&PCC_MF_2022!F50&"."&PCC_MF_2022!G50&"."&PCC_MF_2022!H50, IF(PCC_MF_2022!G50<>"",PCC_MF_2022!D50&"."&PCC_MF_2022!E50&"."&PCC_MF_2022!F50&"."&PCC_MF_2022!G50,IF(PCC_MF_2022!F50<>"",PCC_MF_2022!D50&"."&PCC_MF_2022!E50&"."&PCC_MF_2022!F50,IF(PCC_MF_2022!E50<>"",PCC_MF_2022!D50&"."&PCC_MF_2022!E50,IF(PCC_MF_2022!D50="",LEFT(#REF!,1),PCC_MF_2022!D50)))))) -> 02.3.4 | C50: =IF(PCC_MF_2022!I50<>"",PCC_MF_2022!D50&""&PCC_MF_2022!E50&""&PCC_MF_2022!F50&""&PCC_MF_2022!G50&""&PCC_MF_2022!H50&""&PCC_MF_2022!I50,IF(PCC_MF_2022!H50<>"",PCC_MF_2022!D50&""&PCC_MF_2022!E50&""&PCC_MF_2022!F50&""&PCC_MF_2022!G50&""&PCC_MF_2022!H50, IF(PCC_MF_2022!G50<>"",PCC_MF_2022!D50&""&PCC_MF_2022!E50&""&PCC_MF_2022!F50&""&PCC_MF_2022!G50,IF(PCC_MF_2022!F50<>"",PCC_MF_2022!D50&""&PCC_MF_2022!E50&""&PCC_MF_2022!F50,IF(PCC_MF_2022!E50<>"",PCC_MF_2022!D50&""&PCC_MF_2022!E50,IF(PCC_MF_2022!D50="",LEFT(#REF!,1),PCC_MF_2022!D50)))))) -> 0234 | D50: 02 | E50: 3 | F50: 4 | J50: Dotações retidas | K50: A
B51: =IF(PCC_MF_2022!I51<>"",PCC_MF_2022!D51&"."&PCC_MF_2022!E51&"."&PCC_MF_2022!F51&"."&PCC_MF_2022!G51&"."&PCC_MF_2022!H51&"."&PCC_MF_2022!I51,IF(PCC_MF_2022!H51<>"",PCC_MF_2022!D51&"."&PCC_MF_2022!E51&"."&PCC_MF_2022!F51&"."&PCC_MF_2022!G51&"."&PCC_MF_2022!H51, IF(PCC_MF_2022!G51<>"",PCC_MF_2022!D51&"."&PCC_MF_2022!E51&"."&PCC_MF_2022!F51&"."&PCC_MF_2022!G51,IF(PCC_MF_2022!F51<>"",PCC_MF_2022!D51&"."&PCC_MF_2022!E51&"."&PCC_MF_2022!F51,IF(PCC_MF_2022!E51<>"",PCC_MF_2022!D51&"."&PCC_MF_2022!E51,IF(PCC_MF_2022!D51="",LEFT(#REF!,1),PCC_MF_2022!D51)))))) -> 02.3.4.1 | C51: =IF(PCC_MF_2022!I51<>"",PCC_MF_2022!D51&""&PCC_MF_2022!E51&""&PCC_MF_2022!F51&""&PCC_MF_2022!G51&""&PCC_MF_2022!H51&""&PCC_MF_2022!I51,IF(PCC_MF_2022!H51<>"",PCC_MF_2022!D51&""&PCC_MF_2022!E51&""&PCC_MF_2022!F51&""&PCC_MF_2022!G51&""&PCC_MF_2022!H51, IF(PCC_MF_2022!G51<>"",PCC_MF_2022!D51&""&PCC_MF_2022!E51&""&PCC_MF_2022!F51&""&PCC_MF_2022!G51,IF(PCC_MF_2022!F51<>"",PCC_MF_2022!D51&""&PCC_MF_2022!E51&""&PCC_MF_2022!F51,IF(PCC_MF_2022!E51<>"",PCC_MF_2022!D51&""&PCC_MF_2022!E51,IF(PCC_MF_2022!D51="",LEFT(#REF!,1),PCC_MF_2022!D51)))))) -> 02341 | D51: 02 | E51: 3 | F51: 4 | G51: 1 | J51: Cativos | K51: M
B52: =IF(PCC_MF_2022!I52<>"",PCC_MF_2022!D52&"."&PCC_MF_2022!E52&"."&PCC_MF_2022!F52&"."&PCC_MF_2022!G52&"."&PCC_MF_2022!H52&"."&PCC_MF_2022!I52,IF(PCC_MF_2022!H52<>"",PCC_MF_2022!D52&"."&PCC_MF_2022!E52&"."&PCC_MF_2022!F52&"."&PCC_MF_2022!G52&"."&PCC_MF_2022!H52, IF(PCC_MF_2022!G52<>"",PCC_MF_2022!D52&"."&PCC_MF_2022!E52&"."&PCC_MF_2022!F52&"."&PCC_MF_2022!G52,IF(PCC_MF_2022!F52<>"",PCC_MF_2022!D52&"."&PCC_MF_2022!E52&"."&PCC_MF_2022!F52,IF(PCC_MF_2022!E52<>"",PCC_MF_2022!D52&"."&PCC_MF_2022!E52,IF(PCC_MF_2022!D52="",LEFT(#REF!,1),PCC_MF_2022!D52)))))) -> 02.3.4.2 | C52: =IF(PCC_MF_2022!I52<>"",PCC_MF_2022!D52&""&PCC_MF_2022!E52&""&PCC_MF_2022!F52&""&PCC_MF_2022!G52&""&PCC_MF_2022!H52&""&PCC_MF_2022!I52,IF(PCC_MF_2022!H52<>"",PCC_MF_2022!D52&""&PCC_MF_2022!E52&""&PCC_MF_2022!F52&""&PCC_MF_2022!G52&""&PCC_MF_2022!H52, IF(PCC_MF_2022!G52<>"",PCC_MF_2022!D52&""&PCC_MF_2022!E52&""&PCC_MF_2022!F52&""&PCC_MF_2022!G52,IF(PCC_MF_2022!F52<>"",PCC_MF_2022!D52&""&PCC_MF_2022!E52&""&PCC_MF_2022!F52,IF(PCC_MF_2022!E52<>"",PCC_MF_2022!D52&""&PCC_MF_2022!E52,IF(PCC_MF_2022!D52="",LEFT(#REF!,1),PCC_MF_2022!D52)))))) -> 02342 | D52: 02 | E52: 3 | F52: 4 | G52: 2 | J52: Descativos | K52: M
B53: =IF(PCC_MF_2022!I53<>"",PCC_MF_2022!D53&"."&PCC_MF_2022!E53&"."&PCC_MF_2022!F53&"."&PCC_MF_2022!G53&"."&PCC_MF_2022!H53&"."&PCC_MF_2022!I53,IF(PCC_MF_2022!H53<>"",PCC_MF_2022!D53&"."&PCC_MF_2022!E53&"."&PCC_MF_2022!F53&"."&PCC_MF_2022!G53&"."&PCC_MF_2022!H53, IF(PCC_MF_2022!G53<>"",PCC_MF_2022!D53&"."&PCC_MF_2022!E53&"."&PCC_MF_2022!F53&"."&PCC_MF_2022!G53,IF(PCC_MF_2022!F53<>"",PCC_MF_2022!D53&"."&PCC_MF_2022!E53&"."&PCC_MF_2022!F53,IF(PCC_MF_2022!E53<>"",PCC_MF_2022!D53&"."&PCC_MF_2022!E53,IF(PCC_MF_2022!D53="",LEFT(#REF!,1),PCC_MF_2022!D53)))))) -> 02.4 | C53: =IF(PCC_MF_2022!I53<>"",PCC_MF_2022!D53&""&PCC_MF_2022!E53&""&PCC_MF_2022!F53&""&PCC_MF_2022!G53&""&PCC_MF_2022!H53&""&PCC_MF_2022!I53,IF(PCC_MF_2022!H53<>"",PCC_MF_2022!D53&""&PCC_MF_2022!E53&""&PCC_MF_2022!F53&""&PCC_MF_2022!G53&""&PCC_MF_2022!H53, IF(PCC_MF_2022!G53<>"",PCC_MF_2022!D53&""&PCC_MF_2022!E53&""&PCC_MF_2022!F53&""&PCC_MF_2022!G53,IF(PCC_MF_2022!F53<>"",PCC_MF_2022!D53&""&PCC_MF_2022!E53&""&PCC_MF_2022!F53,IF(PCC_MF_2022!E53<>"",PCC_MF_2022!D53&""&PCC_MF_2022!E53,IF(PCC_MF_2022!D53="",LEFT(#REF!,1),PCC_MF_2022!D53)))))) -> 024 | D53: 02 | E53: 4 | J53: Dotações disponíveis | K53: M
B54: =IF(PCC_MF_2022!I54<>"",PCC_MF_2022!D54&"."&PCC_MF_2022!E54&"."&PCC_MF_2022!F54&"."&PCC_MF_2022!G54&"."&PCC_MF_2022!H54&"."&PCC_MF_2022!I54,IF(PCC_MF_2022!H54<>"",PCC_MF_2022!D54&"."&PCC_MF_2022!E54&"."&PCC_MF_2022!F54&"."&PCC_MF_2022!G54&"."&PCC_MF_2022!H54, IF(PCC_MF_2022!G54<>"",PCC_MF_2022!D54&"."&PCC_MF_2022!E54&"."&PCC_MF_2022!F54&"."&PCC_MF_2022!G54,IF(PCC_MF_2022!F54<>"",PCC_MF_2022!D54&"."&PCC_MF_2022!E54&"."&PCC_MF_2022!F54,IF(PCC_MF_2022!E54<>"",PCC_MF_2022!D54&"."&PCC_MF_2022!E54,IF(PCC_MF_2022!D54="",LEFT(#REF!,1),PCC_MF_2022!D54)))))) -> 02.5 | C54: =IF(PCC_MF_2022!I54<>"",PCC_MF_2022!D54&""&PCC_MF_2022!E54&""&PCC_MF_2022!F54&""&PCC_MF_2022!G54&""&PCC_MF_2022!H54&""&PCC_MF_2022!I54,IF(PCC_MF_2022!H54<>"",PCC_MF_2022!D54&""&PCC_MF_2022!E54&""&PCC_MF_2022!F54&""&PCC_MF_2022!G54&""&PCC_MF_2022!H54, IF(PCC_MF_2022!G54<>"",PCC_MF_2022!D54&""&PCC_MF_2022!E54&""&PCC_MF_2022!F54&""&PCC_MF_2022!G54,IF(PCC_MF_2022!F54<>"",PCC_MF_2022!D54&""&PCC_MF_2022!E54&""&PCC_MF_2022!F54,IF(PCC_MF_2022!E54<>"",PCC_MF_2022!D54&""&PCC_MF_2022!E54,IF(PCC_MF_2022!D54="",LEFT(#REF!,1),PCC_MF_2022!D54)))))) -> 025 | D54: 02 | E54: 5 | J54: Cabimentos | K54: A
B55: =IF(PCC_MF_2022!I55<>"",PCC_MF_2022!D55&"."&PCC_MF_2022!E55&"."&PCC_MF_2022!F55&"."&PCC_MF_2022!G55&"."&PCC_MF_2022!H55&"."&PCC_MF_2022!I55,IF(PCC_MF_2022!H55<>"",PCC_MF_2022!D55&"."&PCC_MF_2022!E55&"."&PCC_MF_2022!F55&"."&PCC_MF_2022!G55&"."&PCC_MF_2022!H55, IF(PCC_MF_2022!G55<>"",PCC_MF_2022!D55&"."&PCC_MF_2022!E55&"."&PCC_MF_2022!F55&"."&PCC_MF_2022!G55,IF(PCC_MF_2022!F55<>"",PCC_MF_2022!D55&"."&PCC_MF_2022!E55&"."&PCC_MF_2022!F55,IF(PCC_MF_2022!E55<>"",PCC_MF_2022!D55&"."&PCC_MF_2022!E55,IF(PCC_MF_2022!D55="",LEFT(#REF!,1),PCC_MF_2022!D55)))))) -> 02.5.1 | C55: =IF(PCC_MF_2022!I55<>"",PCC_MF_2022!D55&""&PCC_MF_2022!E55&""&PCC_MF_2022!F55&""&PCC_MF_2022!G55&""&PCC_MF_2022!H55&""&PCC_MF_2022!I55,IF(PCC_MF_2022!H55<>"",PCC_MF_2022!D55&""&PCC_MF_2022!E55&""&PCC_MF_2022!F55&""&PCC_MF_2022!G55&""&PCC_MF_2022!H55, IF(PCC_MF_2022!G55<>"",PCC_MF_2022!D55&""&PCC_MF_2022!E55&""&PCC_MF_2022!F55&""&PCC_MF_2022!G55,IF(PCC_MF_2022!F55<>"",PCC_MF_2022!D55&""&PCC_MF_2022!E55&""&PCC_MF_2022!F55,IF(PCC_MF_2022!E55<>"",PCC_MF_2022!D55&""&PCC_MF_2022!E55,IF(PCC_MF_2022!D55="",LEFT(#REF!,1),PCC_MF_2022!D55)))))) -> 0251 | D55: 02 | E55: 5 | F55: 1 | J55: Cabimentos registados | K55: M
B56: =IF(PCC_MF_2022!I56<>"",PCC_MF_2022!D56&"."&PCC_MF_2022!E56&"."&PCC_MF_2022!F56&"."&PCC_MF_2022!G56&"."&PCC_MF_2022!H56&"."&PCC_MF_2022!I56,IF(PCC_MF_2022!H56<>"",PCC_MF_2022!D56&"."&PCC_MF_2022!E56&"."&PCC_MF_2022!F56&"."&PCC_MF_2022!G56&"."&PCC_MF_2022!H56, IF(PCC_MF_2022!G56<>"",PCC_MF_2022!D56&"."&PCC_MF_2022!E56&"."&PCC_MF_2022!F56&"."&PCC_MF_2022!G56,IF(PCC_MF_2022!F56<>"",PCC_MF_2022!D56&"."&PCC_MF_2022!E56&"."&PCC_MF_2022!F56,IF(PCC_MF_2022!E56<>"",PCC_MF_2022!D56&"."&PCC_MF_2022!E56,IF(PCC_MF_2022!D56="",LEFT(#REF!,1),PCC_MF_2022!D56)))))) -> 02.5.2 | C56: =IF(PCC_MF_2022!I56<>"",PCC_MF_2022!D56&""&PCC_MF_2022!E56&""&PCC_MF_2022!F56&""&PCC_MF_2022!G56&""&PCC_MF_2022!H56&""&PCC_MF_2022!I56,IF(PCC_MF_2022!H56<>"",PCC_MF_2022!D56&""&PCC_MF_2022!E56&""&PCC_MF_2022!F56&""&PCC_MF_2022!G56&""&PCC_MF_2022!H56, IF(PCC_MF_2022!G56<>"",PCC_MF_2022!D56&""&PCC_MF_2022!E56&""&PCC_MF_2022!F56&""&PCC_MF_2022!G56,IF(PCC_MF_2022!F56<>"",PCC_MF_2022!D56&""&PCC_MF_2022!E56&""&PCC_MF_2022!F56,IF(PCC_MF_2022!E56<>"",PCC_MF_2022!D56&""&PCC_MF_2022!E56,IF(PCC_MF_2022!D56="",LEFT(#REF!,1),PCC_MF_2022!D56)))))) -> 0252 | D56: 02 | E56: 5 | F56: 2 | J56: Cabimentos com compromisso | K56: M
B57: =IF(PCC_MF_2022!I57<>"",PCC_MF_2022!D57&"."&PCC_MF_2022!E57&"."&PCC_MF_2022!F57&"."&PCC_MF_2022!G57&"."&PCC_MF_2022!H57&"."&PCC_MF_2022!I57,IF(PCC_MF_2022!H57<>"",PCC_MF_2022!D57&"."&PCC_MF_2022!E57&"."&PCC_MF_2022!F57&"."&PCC_MF_2022!G57&"."&PCC_MF_2022!H57, IF(PCC_MF_2022!G57<>"",PCC_MF_2022!D57&"."&PCC_MF_2022!E57&"."&PCC_MF_2022!F57&"."&PCC_MF_2022!G57,IF(PCC_MF_2022!F57<>"",PCC_MF_2022!D57&"."&PCC_MF_2022!E57&"."&PCC_MF_2022!F57,IF(PCC_MF_2022!E57<>"",PCC_MF_2022!D57&"."&PCC_MF_2022!E57,IF(PCC_MF_2022!D57="",LEFT(#REF!,1),PCC_MF_2022!D57)))))) -> 02.6 | C57: =IF(PCC_MF_2022!I57<>"",PCC_MF_2022!D57&""&PCC_MF_2022!E57&""&PCC_MF_2022!F57&""&PCC_MF_2022!G57&""&PCC_MF_2022!H57&""&PCC_MF_2022!I57,IF(PCC_MF_2022!H57<>"",PCC_MF_2022!D57&""&PCC_MF_2022!E57&""&PCC_MF_2022!F57&""&PCC_MF_2022!G57&""&PCC_MF_2022!H57, IF(PCC_MF_2022!G57<>"",PCC_MF_2022!D57&""&PCC_MF_2022!E57&""&PCC_MF_2022!F57&""&PCC_MF_2022!G57,IF(PCC_MF_2022!F57<>"",PCC_MF_2022!D57&""&PCC_MF_2022!E57&""&PCC_MF_2022!F57,IF(PCC_MF_2022!E57<>"",PCC_MF_2022!D57&""&PCC_MF_2022!E57,IF(PCC_MF_2022!D57="",LEFT(#REF!,1),PCC_MF_2022!D57)))))) -> 026 | D57: 02 | E57: 6 | J57: Compromissos | K57: A
B58: =IF(PCC_MF_2022!I58<>"",PCC_MF_2022!D58&"."&PCC_MF_2022!E58&"."&PCC_MF_2022!F58&"."&PCC_MF_2022!G58&"."&PCC_MF_2022!H58&"."&PCC_MF_2022!I58,IF(PCC_MF_2022!H58<>"",PCC_MF_2022!D58&"."&PCC_MF_2022!E58&"."&PCC_MF_2022!F58&"."&PCC_MF_2022!G58&"."&PCC_MF_2022!H58, IF(PCC_MF_2022!G58<>"",PCC_MF_2022!D58&"."&PCC_MF_2022!E58&"."&PCC_MF_2022!F58&"."&PCC_MF_2022!G58,IF(PCC_MF_2022!F58<>"",PCC_MF_2022!D58&"."&PCC_MF_2022!E58&"."&PCC_MF_2022!F58,IF(PCC_MF_2022!E58<>"",PCC_MF_2022!D58&"."&PCC_MF_2022!E58,IF(PCC_MF_2022!D58="",LEFT(#REF!,1),PCC_MF_2022!D58)))))) -> 02.6.1 | C58: =IF(PCC_MF_2022!I58<>"",PCC_MF_2022!D58&""&PCC_MF_2022!E58&""&PCC_MF_2022!F58&""&PCC_MF_2022!G58&""&PCC_MF_2022!H58&""&PCC_MF_2022!I58,IF(PCC_MF_2022!H58<>"",PCC_MF_2022!D58&""&PCC_MF_2022!E58&""&PCC_MF_2022!F58&""&PCC_MF_2022!G58&""&PCC_MF_2022!H58, IF(PCC_MF_2022!G58<>"",PCC_MF_2022!D58&""&PCC_MF_2022!E58&""&PCC_MF_2022!F58&""&PCC_MF_2022!G58,IF(PCC_MF_2022!F58<>"",PCC_MF_2022!D58&""&PCC_MF_2022!E58&""&PCC_MF_2022!F58,IF(PCC_MF_2022!E58<>"",PCC_MF_2022!D58&""&PCC_MF_2022!E58,IF(PCC_MF_2022!D58="",LEFT(#REF!,1),PCC_MF_2022!D58)))))) -> 0261 | D58: 02 | E58: 6 | F58: 1 | J58: Compromissos assumidos | K58: M
B59: =IF(PCC_MF_2022!I59<>"",PCC_MF_2022!D59&"."&PCC_MF_2022!E59&"."&PCC_MF_2022!F59&"."&PCC_MF_2022!G59&"."&PCC_MF_2022!H59&"."&PCC_MF_2022!I59,IF(PCC_MF_2022!H59<>"",PCC_MF_2022!D59&"."&PCC_MF_2022!E59&"."&PCC_MF_2022!F59&"."&PCC_MF_2022!G59&"."&PCC_MF_2022!H59, IF(PCC_MF_2022!G59<>"",PCC_MF_2022!D59&"."&PCC_MF_2022!E59&"."&PCC_MF_2022!F59&"."&PCC_MF_2022!G59,IF(PCC_MF_2022!F59<>"",PCC_MF_2022!D59&"."&PCC_MF_2022!E59&"."&PCC_MF_2022!F59,IF(PCC_MF_2022!E59<>"",PCC_MF_2022!D59&"."&PCC_MF_2022!E59,IF(PCC_MF_2022!D59="",LEFT(#REF!,1),PCC_MF_2022!D59)))))) -> 02.6.2 | C59: =IF(PCC_MF_2022!I59<>"",PCC_MF_2022!D59&""&PCC_MF_2022!E59&""&PCC_MF_2022!F59&""&PCC_MF_2022!G59&""&PCC_MF_2022!H59&""&PCC_MF_2022!I59,IF(PCC_MF_2022!H59<>"",PCC_MF_2022!D59&""&PCC_MF_2022!E59&""&PCC_MF_2022!F59&""&PCC_MF_2022!G59&""&PCC_MF_2022!H59, IF(PCC_MF_2022!G59<>"",PCC_MF_2022!D59&""&PCC_MF_2022!E59&""&PCC_MF_2022!F59&""&PCC_MF_2022!G59,IF(PCC_MF_2022!F59<>"",PCC_MF_2022!D59&""&PCC_MF_2022!E59&""&PCC_MF_2022!F59,IF(PCC_MF_2022!E59<>"",PCC_MF_2022!D59&""&PCC_MF_2022!E59,IF(PCC_MF_2022!D59="",LEFT(#REF!,1),PCC_MF_2022!D59)))))) -> 0262 | D59: 02 | E59: 6 | F59: 2 | J59: Compromissos com obrigação | K59: M
B60: =IF(PCC_MF_2022!I60<>"",PCC_MF_2022!D60&"."&PCC_MF_2022!E60&"."&PCC_MF_2022!F60&"."&PCC_MF_2022!G60&"."&PCC_MF_2022!H60&"."&PCC_MF_2022!I60,IF(PCC_MF_2022!H60<>"",PCC_MF_2022!D60&"."&PCC_MF_2022!E60&"."&PCC_MF_2022!F60&"."&PCC_MF_2022!G60&"."&PCC_MF_2022!H60, IF(PCC_MF_2022!G60<>"",PCC_MF_2022!D60&"."&PCC_MF_2022!E60&"."&PCC_MF_2022!F60&"."&PCC_MF_2022!G60,IF(PCC_MF_2022!F60<>"",PCC_MF_2022!D60&"."&PCC_MF_2022!E60&"."&PCC_MF_2022!F60,IF(PCC_MF_2022!E60<>"",PCC_MF_2022!D60&"."&PCC_MF_2022!E60,IF(PCC_MF_2022!D60="",LEFT(#REF!,1),PCC_MF_2022!D60)))))) -> 02.6.3 | C60: =IF(PCC_MF_2022!I60<>"",PCC_MF_2022!D60&""&PCC_MF_2022!E60&""&PCC_MF_2022!F60&""&PCC_MF_2022!G60&""&PCC_MF_2022!H60&""&PCC_MF_2022!I60,IF(PCC_MF_2022!H60<>"",PCC_MF_2022!D60&""&PCC_MF_2022!E60&""&PCC_MF_2022!F60&""&PCC_MF_2022!G60&""&PCC_MF_2022!H60, IF(PCC_MF_2022!G60<>"",PCC_MF_2022!D60&""&PCC_MF_2022!E60&""&PCC_MF_2022!F60&""&PCC_MF_2022!G60,IF(PCC_MF_2022!F60<>"",PCC_MF_2022!D60&""&PCC_MF_2022!E60&""&PCC_MF_2022!F60,IF(PCC_MF_2022!E60<>"",PCC_MF_2022!D60&""&PCC_MF_2022!E60,IF(PCC_MF_2022!D60="",LEFT(#REF!,1),PCC_MF_2022!D60)))))) -> 0263 | D60: 02 | E60: 6 | F60: 3 | J60: Compromissos a transitar | K60: M
B61: =IF(PCC_MF_2022!I61<>"",PCC_MF_2022!D61&"."&PCC_MF_2022!E61&"."&PCC_MF_2022!F61&"."&PCC_MF_2022!G61&"."&PCC_MF_2022!H61&"."&PCC_MF_2022!I61,IF(PCC_MF_2022!H61<>"",PCC_MF_2022!D61&"."&PCC_MF_2022!E61&"."&PCC_MF_2022!F61&"."&PCC_MF_2022!G61&"."&PCC_MF_2022!H61, IF(PCC_MF_2022!G61<>"",PCC_MF_2022!D61&"."&PCC_MF_2022!E61&"."&PCC_MF_2022!F61&"."&PCC_MF_2022!G61,IF(PCC_MF_2022!F61<>"",PCC_MF_2022!D61&"."&PCC_MF_2022!E61&"."&PCC_MF_2022!F61,IF(PCC_MF_2022!E61<>"",PCC_MF_2022!D61&"."&PCC_MF_2022!E61,IF(PCC_MF_2022!D61="",LEFT(#REF!,1),PCC_MF_2022!D61)))))) -> 02.7 | C61: =IF(PCC_MF_2022!I61<>"",PCC_MF_2022!D61&""&PCC_MF_2022!E61&""&PCC_MF_2022!F61&""&PCC_MF_2022!G61&""&PCC_MF_2022!H61&""&PCC_MF_2022!I61,IF(PCC_MF_2022!H61<>"",PCC_MF_2022!D61&""&PCC_MF_2022!E61&""&PCC_MF_2022!F61&""&PCC_MF_2022!G61&""&PCC_MF_2022!H61, IF(PCC_MF_2022!G61<>"",PCC_MF_2022!D61&""&PCC_MF_2022!E61&""&PCC_MF_2022!F61&""&PCC_MF_2022!G61,IF(PCC_MF_2022!F61<>"",PCC_MF_2022!D61&""&PCC_MF_2022!E61&""&PCC_MF_2022!F61,IF(PCC_MF_2022!E61<>"",PCC_MF_2022!D61&""&PCC_MF_2022!E61,IF(PCC_MF_2022!D61="",LEFT(#REF!,1),PCC_MF_2022!D61)))))) -> 027 | D61: 02 | E61: 7 | J61: Obrigações | K61: A
B62: =IF(PCC_MF_2022!I62<>"",PCC_MF_2022!D62&"."&PCC_MF_2022!E62&"."&PCC_MF_2022!F62&"."&PCC_MF_2022!G62&"."&PCC_MF_2022!H62&"."&PCC_MF_2022!I62,IF(PCC_MF_2022!H62<>"",PCC_MF_2022!D62&"."&PCC_MF_2022!E62&"."&PCC_MF_2022!F62&"."&PCC_MF_2022!G62&"."&PCC_MF_2022!H62, IF(PCC_MF_2022!G62<>"",PCC_MF_2022!D62&"."&PCC_MF_2022!E62&"."&PCC_MF_2022!F62&"."&PCC_MF_2022!G62,IF(PCC_MF_2022!F62<>"",PCC_MF_2022!D62&"."&PCC_MF_2022!E62&"."&PCC_MF_2022!F62,IF(PCC_MF_2022!E62<>"",PCC_MF_2022!D62&"."&PCC_MF_2022!E62,IF(PCC_MF_2022!D62="",LEFT(#REF!,1),PCC_MF_2022!D62)))))) -> 02.7.1 | C62: =IF(PCC_MF_2022!I62<>"",PCC_MF_2022!D62&""&PCC_MF_2022!E62&""&PCC_MF_2022!F62&""&PCC_MF_2022!G62&""&PCC_MF_2022!H62&""&PCC_MF_2022!I62,IF(PCC_MF_2022!H62<>"",PCC_MF_2022!D62&""&PCC_MF_2022!E62&""&PCC_MF_2022!F62&""&PCC_MF_2022!G62&""&PCC_MF_2022!H62, IF(PCC_MF_2022!G62<>"",PCC_MF_2022!D62&""&PCC_MF_2022!E62&""&PCC_MF_2022!F62&""&PCC_MF_2022!G62,IF(PCC_MF_2022!F62<>"",PCC_MF_2022!D62&""&PCC_MF_2022!E62&""&PCC_MF_2022!F62,IF(PCC_MF_2022!E62<>"",PCC_MF_2022!D62&""&PCC_MF_2022!E62,IF(PCC_MF_2022!D62="",LEFT(#REF!,1),PCC_MF_2022!D62)))))) -> 0271 | D62: 02 | E62: 7 | F62: 1 | J62: Obrigações processadas | K62: M
B63: =IF(PCC_MF_2022!I63<>"",PCC_MF_2022!D63&"."&PCC_MF_2022!E63&"."&PCC_MF_2022!F63&"."&PCC_MF_2022!G63&"."&PCC_MF_2022!H63&"."&PCC_MF_2022!I63,IF(PCC_MF_2022!H63<>"",PCC_MF_2022!D63&"."&PCC_MF_2022!E63&"."&PCC_MF_2022!F63&"."&PCC_MF_2022!G63&"."&PCC_MF_2022!H63, IF(PCC_MF_2022!G63<>"",PCC_MF_2022!D63&"."&PCC_MF_2022!E63&"."&PCC_MF_2022!F63&"."&PCC_MF_2022!G63,IF(PCC_MF_2022!F63<>"",PCC_MF_2022!D63&"."&PCC_MF_2022!E63&"."&PCC_MF_2022!F63,IF(PCC_MF_2022!E63<>"",PCC_MF_2022!D63&"."&PCC_MF_2022!E63,IF(PCC_MF_2022!D63="",LEFT(#REF!,1),PCC_MF_2022!D63)))))) -> 02.7.2 | C63: =IF(PCC_MF_2022!I63<>"",PCC_MF_2022!D63&""&PCC_MF_2022!E63&""&PCC_MF_2022!F63&""&PCC_MF_2022!G63&""&PCC_MF_2022!H63&""&PCC_MF_2022!I63,IF(PCC_MF_2022!H63<>"",PCC_MF_2022!D63&""&PCC_MF_2022!E63&""&PCC_MF_2022!F63&""&PCC_MF_2022!G63&""&PCC_MF_2022!H63, IF(PCC_MF_2022!G63<>"",PCC_MF_2022!D63&""&PCC_MF_2022!E63&""&PCC_MF_2022!F63&""&PCC_MF_2022!G63,IF(PCC_MF_2022!F63<>"",PCC_MF_2022!D63&""&PCC_MF_2022!E63&""&PCC_MF_2022!F63,IF(PCC_MF_2022!E63<>"",PCC_MF_2022!D63&""&PCC_MF_2022!E63,IF(PCC_MF_2022!D63="",LEFT(#REF!,1),PCC_MF_2022!D63)))))) -> 0272 | D63: 02 | E63: 7 | F63: 2 | J63: Obrigações pagas | K63: M
B64: =IF(PCC_MF_2022!I64<>"",PCC_MF_2022!D64&"."&PCC_MF_2022!E64&"."&PCC_MF_2022!F64&"."&PCC_MF_2022!G64&"."&PCC_MF_2022!H64&"."&PCC_MF_2022!I64,IF(PCC_MF_2022!H64<>"",PCC_MF_2022!D64&"."&PCC_MF_2022!E64&"."&PCC_MF_2022!F64&"."&PCC_MF_2022!G64&"."&PCC_MF_2022!H64, IF(PCC_MF_2022!G64<>"",PCC_MF_2022!D64&"."&PCC_MF_2022!E64&"."&PCC_MF_2022!F64&"."&PCC_MF_2022!G64,IF(PCC_MF_2022!F64<>"",PCC_MF_2022!D64&"."&PCC_MF_2022!E64&"."&PCC_MF_2022!F64,IF(PCC_MF_2022!E64<>"",PCC_MF_2022!D64&"."&PCC_MF_2022!E64,IF(PCC_MF_2022!D64="",LEFT(#REF!,1),PCC_MF_2022!D64)))))) -> 02.7.3 | C64: =IF(PCC_MF_2022!I64<>"",PCC_MF_2022!D64&""&PCC_MF_2022!E64&""&PCC_MF_2022!F64&""&PCC_MF_2022!G64&""&PCC_MF_2022!H64&""&PCC_MF_2022!I64,IF(PCC_MF_2022!H64<>"",PCC_MF_2022!D64&""&PCC_MF_2022!E64&""&PCC_MF_2022!F64&""&PCC_MF_2022!G64&""&PCC_MF_2022!H64, IF(PCC_MF_2022!G64<>"",PCC_MF_2022!D64&""&PCC_MF_2022!E64&""&PCC_MF_2022!F64&""&PCC_MF_2022!G64,IF(PCC_MF_2022!F64<>"",PCC_MF_2022!D64&""&PCC_MF_2022!E64&""&PCC_MF_2022!F64,IF(PCC_MF_2022!E64<>"",PCC_MF_2022!D64&""&PCC_MF_2022!E64,IF(PCC_MF_2022!D64="",LEFT(#REF!,1),PCC_MF_2022!D64)))))) -> 0273 | D64: 02 | E64: 7 | F64: 3 | J64: Obrigações a transitar | K64: M
B65: =IF(PCC_MF_2022!I65<>"",PCC_MF_2022!D65&"."&PCC_MF_2022!E65&"."&PCC_MF_2022!F65&"."&PCC_MF_2022!G65&"."&PCC_MF_2022!H65&"."&PCC_MF_2022!I65,IF(PCC_MF_2022!H65<>"",PCC_MF_2022!D65&"."&PCC_MF_2022!E65&"."&PCC_MF_2022!F65&"."&PCC_MF_2022!G65&"."&PCC_MF_2022!H65, IF(PCC_MF_2022!G65<>"",PCC_MF_2022!D65&"."&PCC_MF_2022!E65&"."&PCC_MF_2022!F65&"."&PCC_MF_2022!G65,IF(PCC_MF_2022!F65<>"",PCC_MF_2022!D65&"."&PCC_MF_2022!E65&"."&PCC_MF_2022!F65,IF(PCC_MF_2022!E65<>"",PCC_MF_2022!D65&"."&PCC_MF_2022!E65,IF(PCC_MF_2022!D65="",LEFT(#REF!,1),PCC_MF_2022!D65)))))) -> 02.8 | C65: =IF(PCC_MF_2022!I65<>"",PCC_MF_2022!D65&""&PCC_MF_2022!E65&""&PCC_MF_2022!F65&""&PCC_MF_2022!G65&""&PCC_MF_2022!H65&""&PCC_MF_2022!I65,IF(PCC_MF_2022!H65<>"",PCC_MF_2022!D65&""&PCC_MF_2022!E65&""&PCC_MF_2022!F65&""&PCC_MF_2022!G65&""&PCC_MF_2022!H65, IF(PCC_MF_2022!G65<>"",PCC_MF_2022!D65&""&PCC_MF_2022!E65&""&PCC_MF_2022!F65&""&PCC_MF_2022!G65,IF(PCC_MF_2022!F65<>"",PCC_MF_2022!D65&""&PCC_MF_2022!E65&""&PCC_MF_2022!F65,IF(PCC_MF_2022!E65<>"",PCC_MF_2022!D65&""&PCC_MF_2022!E65,IF(PCC_MF_2022!D65="",LEFT(#REF!,1),PCC_MF_2022!D65)))))) -> 028 | D65: 02 | E65: 8 | J65: Pagamentos | K65: A
B66: =IF(PCC_MF_2022!I66<>"",PCC_MF_2022!D66&"."&PCC_MF_2022!E66&"."&PCC_MF_2022!F66&"."&PCC_MF_2022!G66&"."&PCC_MF_2022!H66&"."&PCC_MF_2022!I66,IF(PCC_MF_2022!H66<>"",PCC_MF_2022!D66&"."&PCC_MF_2022!E66&"."&PCC_MF_2022!F66&"."&PCC_MF_2022!G66&"."&PCC_MF_2022!H66, IF(PCC_MF_2022!G66<>"",PCC_MF_2022!D66&"."&PCC_MF_2022!E66&"."&PCC_MF_2022!F66&"."&PCC_MF_2022!G66,IF(PCC_MF_2022!F66<>"",PCC_MF_2022!D66&"."&PCC_MF_2022!E66&"."&PCC_MF_2022!F66,IF(PCC_MF_2022!E66<>"",PCC_MF_2022!D66&"."&PCC_MF_2022!E66,IF(PCC_MF_2022!D66="",LEFT(#REF!,1),PCC_MF_2022!D66)))))) -> 02.8.1 | C66: =IF(PCC_MF_2022!I66<>"",PCC_MF_2022!D66&""&PCC_MF_2022!E66&""&PCC_MF_2022!F66&""&PCC_MF_2022!G66&""&PCC_MF_2022!H66&""&PCC_MF_2022!I66,IF(PCC_MF_2022!H66<>"",PCC_MF_2022!D66&""&PCC_MF_2022!E66&""&PCC_MF_2022!F66&""&PCC_MF_2022!G66&""&PCC_MF_2022!H66, IF(PCC_MF_2022!G66<>"",PCC_MF_2022!D66&""&PCC_MF_2022!E66&""&PCC_MF_2022!F66&""&PCC_MF_2022!G66,IF(PCC_MF_2022!F66<>"",PCC_MF_2022!D66&""&PCC_MF_2022!E66&""&PCC_MF_2022!F66,IF(PCC_MF_2022!E66<>"",PCC_MF_2022!D66&""&PCC_MF_2022!E66,IF(PCC_MF_2022!D66="",LEFT(#REF!,1),PCC_MF_2022!D66)))))) -> 0281 | D66: 02 | E66: 8 | F66: 1 | J66: Pagamentos do período | K66: M
B67: =IF(PCC_MF_2022!I67<>"",PCC_MF_2022!D67&"."&PCC_MF_2022!E67&"."&PCC_MF_2022!F67&"."&PCC_MF_2022!G67&"."&PCC_MF_2022!H67&"."&PCC_MF_2022!I67,IF(PCC_MF_2022!H67<>"",PCC_MF_2022!D67&"."&PCC_MF_2022!E67&"."&PCC_MF_2022!F67&"."&PCC_MF_2022!G67&"."&PCC_MF_2022!H67, IF(PCC_MF_2022!G67<>"",PCC_MF_2022!D67&"."&PCC_MF_2022!E67&"."&PCC_MF_2022!F67&"."&PCC_MF_2022!G67,IF(PCC_MF_2022!F67<>"",PCC_MF_2022!D67&"."&PCC_MF_2022!E67&"."&PCC_MF_2022!F67,IF(PCC_MF_2022!E67<>"",PCC_MF_2022!D67&"."&PCC_MF_2022!E67,IF(PCC_MF_2022!D67="",LEFT(#REF!,1),PCC_MF_2022!D67)))))) -> 02.8.2 | C67: =IF(PCC_MF_2022!I67<>"",PCC_MF_2022!D67&""&PCC_MF_2022!E67&""&PCC_MF_2022!F67&""&PCC_MF_2022!G67&""&PCC_MF_2022!H67&""&PCC_MF_2022!I67,IF(PCC_MF_2022!H67<>"",PCC_MF_2022!D67&""&PCC_MF_2022!E67&""&PCC_MF_2022!F67&""&PCC_MF_2022!G67&""&PCC_MF_2022!H67, IF(PCC_MF_2022!G67<>"",PCC_MF_2022!D67&""&PCC_MF_2022!E67&""&PCC_MF_2022!F67&""&PCC_MF_2022!G67,IF(PCC_MF_2022!F67<>"",PCC_MF_2022!D67&""&PCC_MF_2022!E67&""&PCC_MF_2022!F67,IF(PCC_MF_2022!E67<>"",PCC_MF_2022!D67&""&PCC_MF_2022!E67,IF(PCC_MF_2022!D67="",LEFT(#REF!,1),PCC_MF_2022!D67)))))) -> 0282 | D67: 02 | E67: 8 | F67: 2 | J67: Pagamentos de períodos findos | K67: M
B68: =IF(PCC_MF_2022!I68<>"",PCC_MF_2022!D68&"."&PCC_MF_2022!E68&"."&PCC_MF_2022!F68&"."&PCC_MF_2022!G68&"."&PCC_MF_2022!H68&"."&PCC_MF_2022!I68,IF(PCC_MF_2022!H68<>"",PCC_MF_2022!D68&"."&PCC_MF_2022!E68&"."&PCC_MF_2022!F68&"."&PCC_MF_2022!G68&"."&PCC_MF_2022!H68, IF(PCC_MF_2022!G68<>"",PCC_MF_2022!D68&"."&PCC_MF_2022!E68&"."&PCC_MF_2022!F68&"."&PCC_MF_2022!G68,IF(PCC_MF_2022!F68<>"",PCC_MF_2022!D68&"."&PCC_MF_2022!E68&"."&PCC_MF_2022!F68,IF(PCC_MF_2022!E68<>"",PCC_MF_2022!D68&"."&PCC_MF_2022!E68,IF(PCC_MF_2022!D68="",LEFT(#REF!,1),PCC_MF_2022!D68)))))) -> 02.9 | C68: =IF(PCC_MF_2022!I68<>"",PCC_MF_2022!D68&""&PCC_MF_2022!E68&""&PCC_MF_2022!F68&""&PCC_MF_2022!G68&""&PCC_MF_2022!H68&""&PCC_MF_2022!I68,IF(PCC_MF_2022!H68<>"",PCC_MF_2022!D68&""&PCC_MF_2022!E68&""&PCC_MF_2022!F68&""&PCC_MF_2022!G68&""&PCC_MF_2022!H68, IF(PCC_MF_2022!G68<>"",PCC_MF_2022!D68&""&PCC_MF_2022!E68&""&PCC_MF_2022!F68&""&PCC_MF_2022!G68,IF(PCC_MF_2022!F68<>"",PCC_MF_2022!D68&""&PCC_MF_2022!E68&""&PCC_MF_2022!F68,IF(PCC_MF_2022!E68<>"",PCC_MF_2022!D68&""&PCC_MF_2022!E68,IF(PCC_MF_2022!D68="",LEFT(#REF!,1),PCC_MF_2022!D68)))))) -> 029 | D68: 02 | E68: 9 | J68: Reposições abatidas aos pagamentos | K68: A
B69: =IF(PCC_MF_2022!I69<>"",PCC_MF_2022!D69&"."&PCC_MF_2022!E69&"."&PCC_MF_2022!F69&"."&PCC_MF_2022!G69&"."&PCC_MF_2022!H69&"."&PCC_MF_2022!I69,IF(PCC_MF_2022!H69<>"",PCC_MF_2022!D69&"."&PCC_MF_2022!E69&"."&PCC_MF_2022!F69&"."&PCC_MF_2022!G69&"."&PCC_MF_2022!H69, IF(PCC_MF_2022!G69<>"",PCC_MF_2022!D69&"."&PCC_MF_2022!E69&"."&PCC_MF_2022!F69&"."&PCC_MF_2022!G69,IF(PCC_MF_2022!F69<>"",PCC_MF_2022!D69&"."&PCC_MF_2022!E69&"."&PCC_MF_2022!F69,IF(PCC_MF_2022!E69<>"",PCC_MF_2022!D69&"."&PCC_MF_2022!E69,IF(PCC_MF_2022!D69="",LEFT(#REF!,1),PCC_MF_2022!D69)))))) -> 02.9.1 | C69: =IF(PCC_MF_2022!I69<>"",PCC_MF_2022!D69&""&PCC_MF_2022!E69&""&PCC_MF_2022!F69&""&PCC_MF_2022!G69&""&PCC_MF_2022!H69&""&PCC_MF_2022!I69,IF(PCC_MF_2022!H69<>"",PCC_MF_2022!D69&""&PCC_MF_2022!E69&""&PCC_MF_2022!F69&""&PCC_MF_2022!G69&""&PCC_MF_2022!H69, IF(PCC_MF_2022!G69<>"",PCC_MF_2022!D69&""&PCC_MF_2022!E69&""&PCC_MF_2022!F69&""&PCC_MF_2022!G69,IF(PCC_MF_2022!F69<>"",PCC_MF_2022!D69&""&PCC_MF_2022!E69&""&PCC_MF_2022!F69,IF(PCC_MF_2022!E69<>"",PCC_MF_2022!D69&""&PCC_MF_2022!E69,IF(PCC_MF_2022!D69="",LEFT(#REF!,1),PCC_MF_2022!D69)))))) -> 0291 | D69: 02 | E69: 9 | F69: 1 | J69: RAP emitidas | K69: M
B70: =IF(PCC_MF_2022!I70<>"",PCC_MF_2022!D70&"."&PCC_MF_2022!E70&"."&PCC_MF_2022!F70&"."&PCC_MF_2022!G70&"."&PCC_MF_2022!H70&"."&PCC_MF_2022!I70,IF(PCC_MF_2022!H70<>"",PCC_MF_2022!D70&"."&PCC_MF_2022!E70&"."&PCC_MF_2022!F70&"."&PCC_MF_2022!G70&"."&PCC_MF_2022!H70, IF(PCC_MF_2022!G70<>"",PCC_MF_2022!D70&"."&PCC_MF_2022!E70&"."&PCC_MF_2022!F70&"."&PCC_MF_2022!G70,IF(PCC_MF_2022!F70<>"",PCC_MF_2022!D70&"."&PCC_MF_2022!E70&"."&PCC_MF_2022!F70,IF(PCC_MF_2022!E70<>"",PCC_MF_2022!D70&"."&PCC_MF_2022!E70,IF(PCC_MF_2022!D70="",LEFT(#REF!,1),PCC_MF_2022!D70)))))) -> 02.9.2 | C70: =IF(PCC_MF_2022!I70<>"",PCC_MF_2022!D70&""&PCC_MF_2022!E70&""&PCC_MF_2022!F70&""&PCC_MF_2022!G70&""&PCC_MF_2022!H70&""&PCC_MF_2022!I70,IF(PCC_MF_2022!H70<>"",PCC_MF_2022!D70&""&PCC_MF_2022!E70&""&PCC_MF_2022!F70&""&PCC_MF_2022!G70&""&PCC_MF_2022!H70, IF(PCC_MF_2022!G70<>"",PCC_MF_2022!D70&""&PCC_MF_2022!E70&""&PCC_MF_2022!F70&""&PCC_MF_2022!G70,IF(PCC_MF_2022!F70<>"",PCC_MF_2022!D70&""&PCC_MF_2022!E70&""&PCC_MF_2022!F70,IF(PCC_MF_2022!E70<>"",PCC_MF_2022!D70&""&PCC_MF_2022!E70,IF(PCC_MF_2022!D70="",LEFT(#REF!,1),PCC_MF_2022!D70)))))) -> 0292 | D70: 02 | E70: 9 | F70: 2 | J70: RAP recebidas | K70: M
B71: =IF(PCC_MF_2022!I71<>"",PCC_MF_2022!D71&"."&PCC_MF_2022!E71&"."&PCC_MF_2022!F71&"."&PCC_MF_2022!G71&"."&PCC_MF_2022!H71&"."&PCC_MF_2022!I71,IF(PCC_MF_2022!H71<>"",PCC_MF_2022!D71&"."&PCC_MF_2022!E71&"."&PCC_MF_2022!F71&"."&PCC_MF_2022!G71&"."&PCC_MF_2022!H71, IF(PCC_MF_2022!G71<>"",PCC_MF_2022!D71&"."&PCC_MF_2022!E71&"."&PCC_MF_2022!F71&"."&PCC_MF_2022!G71,IF(PCC_MF_2022!F71<>"",PCC_MF_2022!D71&"."&PCC_MF_2022!E71&"."&PCC_MF_2022!F71,IF(PCC_MF_2022!E71<>"",PCC_MF_2022!D71&"."&PCC_MF_2022!E71,IF(PCC_MF_2022!D71="",LEFT(#REF!,1),PCC_MF_2022!D71)))))) -> 03 | C71: =IF(PCC_MF_2022!I71<>"",PCC_MF_2022!D71&""&PCC_MF_2022!E71&""&PCC_MF_2022!F71&""&PCC_MF_2022!G71&""&PCC_MF_2022!H71&""&PCC_MF_2022!I71,IF(PCC_MF_2022!H71<>"",PCC_MF_2022!D71&""&PCC_MF_2022!E71&""&PCC_MF_2022!F71&""&PCC_MF_2022!G71&""&PCC_MF_2022!H71, IF(PCC_MF_2022!G71<>"",PCC_MF_2022!D71&""&PCC_MF_2022!E71&""&PCC_MF_2022!F71&""&PCC_MF_2022!G71,IF(PCC_MF_2022!F71<>"",PCC_MF_2022!D71&""&PCC_MF_2022!E71&""&PCC_MF_2022!F71,IF(PCC_MF_2022!E71<>"",PCC_MF_2022!D71&""&PCC_MF_2022!E71,IF(PCC_MF_2022!D71="",LEFT(#REF!,1),PCC_MF_2022!D71)))))) -> 03 | D71: 03 | J71: Receita a receber em períodos futuros | K71: A
B72: =IF(PCC_MF_2022!I72<>"",PCC_MF_2022!D72&"."&PCC_MF_2022!E72&"."&PCC_MF_2022!F72&"."&PCC_MF_2022!G72&"."&PCC_MF_2022!H72&"."&PCC_MF_2022!I72,IF(PCC_MF_2022!H72<>"",PCC_MF_2022!D72&"."&PCC_MF_2022!E72&"."&PCC_MF_2022!F72&"."&PCC_MF_2022!G72&"."&PCC_MF_2022!H72, IF(PCC_MF_2022!G72<>"",PCC_MF_2022!D72&"."&PCC_MF_2022!E72&"."&PCC_MF_2022!F72&"."&PCC_MF_2022!G72,IF(PCC_MF_2022!F72<>"",PCC_MF_2022!D72&"."&PCC_MF_2022!E72&"."&PCC_MF_2022!F72,IF(PCC_MF_2022!E72<>"",PCC_MF_2022!D72&"."&PCC_MF_2022!E72,IF(PCC_MF_2022!D72="",LEFT(#REF!,1),PCC_MF_2022!D72)))))) -> 03.1 | C72: =IF(PCC_MF_2022!I72<>"",PCC_MF_2022!D72&""&PCC_MF_2022!E72&""&PCC_MF_2022!F72&""&PCC_MF_2022!G72&""&PCC_MF_2022!H72&""&PCC_MF_2022!I72,IF(PCC_MF_2022!H72<>"",PCC_MF_2022!D72&""&PCC_MF_2022!E72&""&PCC_MF_2022!F72&""&PCC_MF_2022!G72&""&PCC_MF_2022!H72, IF(PCC_MF_2022!G72<>"",PCC_MF_2022!D72&""&PCC_MF_2022!E72&""&PCC_MF_2022!F72&""&PCC_MF_2022!G72,IF(PCC_MF_2022!F72<>"",PCC_MF_2022!D72&""&PCC_MF_2022!E72&""&PCC_MF_2022!F72,IF(PCC_MF_2022!E72<>"",PCC_MF_2022!D72&""&PCC_MF_2022!E72,IF(PCC_MF_2022!D72="",LEFT(#REF!,1),PCC_MF_2022!D72)))))) -> 031 | D72: 03 | E72: 1 | J72: Orçamento | K72: A
B73: =IF(PCC_MF_2022!I73<>"",PCC_MF_2022!D73&"."&PCC_MF_2022!E73&"."&PCC_MF_2022!F73&"."&PCC_MF_2022!G73&"."&PCC_MF_2022!H73&"."&PCC_MF_2022!I73,IF(PCC_MF_2022!H73<>"",PCC_MF_2022!D73&"."&PCC_MF_2022!E73&"."&PCC_MF_2022!F73&"."&PCC_MF_2022!G73&"."&PCC_MF_2022!H73, IF(PCC_MF_2022!G73<>"",PCC_MF_2022!D73&"."&PCC_MF_2022!E73&"."&PCC_MF_2022!F73&"."&PCC_MF_2022!G73,IF(PCC_MF_2022!F73<>"",PCC_MF_2022!D73&"."&PCC_MF_2022!E73&"."&PCC_MF_2022!F73,IF(PCC_MF_2022!E73<>"",PCC_MF_2022!D73&"."&PCC_MF_2022!E73,IF(PCC_MF_2022!D73="",LEFT(#REF!,1),PCC_MF_2022!D73)))))) -> 03.1.1 | C73: =IF(PCC_MF_2022!I73<>"",PCC_MF_2022!D73&""&PCC_MF_2022!E73&""&PCC_MF_2022!F73&""&PCC_MF_2022!G73&""&PCC_MF_2022!H73&""&PCC_MF_2022!I73,IF(PCC_MF_2022!H73<>"",PCC_MF_2022!D73&""&PCC_MF_2022!E73&""&PCC_MF_2022!F73&""&PCC_MF_2022!G73&""&PCC_MF_2022!H73, IF(PCC_MF_2022!G73<>"",PCC_MF_2022!D73&""&PCC_MF_2022!E73&""&PCC_MF_2022!F73&""&PCC_MF_2022!G73,IF(PCC_MF_2022!F73<>"",PCC_MF_2022!D73&""&PCC_MF_2022!E73&""&PCC_MF_2022!F73,IF(PCC_MF_2022!E73<>"",PCC_MF_2022!D73&""&PCC_MF_2022!E73,IF(PCC_MF_2022!D73="",LEFT(#REF!,1),PCC_MF_2022!D73)))))) -> 0311 | D73: 03 | E73: 1 | F73: 1 | J73: Período (n+1) | K73: M
B74: =IF(PCC_MF_2022!I74<>"",PCC_MF_2022!D74&"."&PCC_MF_2022!E74&"."&PCC_MF_2022!F74&"."&PCC_MF_2022!G74&"."&PCC_MF_2022!H74&"."&PCC_MF_2022!I74,IF(PCC_MF_2022!H74<>"",PCC_MF_2022!D74&"."&PCC_MF_2022!E74&"."&PCC_MF_2022!F74&"."&PCC_MF_2022!G74&"."&PCC_MF_2022!H74, IF(PCC_MF_2022!G74<>"",PCC_MF_2022!D74&"."&PCC_MF_2022!E74&"."&PCC_MF_2022!F74&"."&PCC_MF_2022!G74,IF(PCC_MF_2022!F74<>"",PCC_MF_2022!D74&"."&PCC_MF_2022!E74&"."&PCC_MF_2022!F74,IF(PCC_MF_2022!E74<>"",PCC_MF_2022!D74&"."&PCC_MF_2022!E74,IF(PCC_MF_2022!D74="",LEFT(#REF!,1),PCC_MF_2022!D74)))))) -> 03.1.2 | C74: =IF(PCC_MF_2022!I74<>"",PCC_MF_2022!D74&""&PCC_MF_2022!E74&""&PCC_MF_2022!F74&""&PCC_MF_2022!G74&""&PCC_MF_2022!H74&""&PCC_MF_2022!I74,IF(PCC_MF_2022!H74<>"",PCC_MF_2022!D74&""&PCC_MF_2022!E74&""&PCC_MF_2022!F74&""&PCC_MF_2022!G74&""&PCC_MF_2022!H74, IF(PCC_MF_2022!G74<>"",PCC_MF_2022!D74&""&PCC_MF_2022!E74&""&PCC_MF_2022!F74&""&PCC_MF_2022!G74,IF(PCC_MF_2022!F74<>"",PCC_MF_2022!D74&""&PCC_MF_2022!E74&""&PCC_MF_2022!F74,IF(PCC_MF_2022!E74<>"",PCC_MF_2022!D74&""&PCC_MF_2022!E74,IF(PCC_MF_2022!D74="",LEFT(#REF!,1),PCC_MF_2022!D74)))))) -> 0312 | D74: 03 | E74: 1 | F74: 2 | J74: Período (n+2) | K74: M
B75: =IF(PCC_MF_2022!I75<>"",PCC_MF_2022!D75&"."&PCC_MF_2022!E75&"."&PCC_MF_2022!F75&"."&PCC_MF_2022!G75&"."&PCC_MF_2022!H75&"."&PCC_MF_2022!I75,IF(PCC_MF_2022!H75<>"",PCC_MF_2022!D75&"."&PCC_MF_2022!E75&"."&PCC_MF_2022!F75&"."&PCC_MF_2022!G75&"."&PCC_MF_2022!H75, IF(PCC_MF_2022!G75<>"",PCC_MF_2022!D75&"."&PCC_MF_2022!E75&"."&PCC_MF_2022!F75&"."&PCC_MF_2022!G75,IF(PCC_MF_2022!F75<>"",PCC_MF_2022!D75&"."&PCC_MF_2022!E75&"."&PCC_MF_2022!F75,IF(PCC_MF_2022!E75<>"",PCC_MF_2022!D75&"."&PCC_MF_2022!E75,IF(PCC_MF_2022!D75="",LEFT(#REF!,1),PCC_MF_2022!D75)))))) -> 03.1.3 | C75: =IF(PCC_MF_2022!I75<>"",PCC_MF_2022!D75&""&PCC_MF_2022!E75&""&PCC_MF_2022!F75&""&PCC_MF_2022!G75&""&PCC_MF_2022!H75&""&PCC_MF_2022!I75,IF(PCC_MF_2022!H75<>"",PCC_MF_2022!D75&""&PCC_MF_2022!E75&""&PCC_MF_2022!F75&""&PCC_MF_2022!G75&""&PCC_MF_2022!H75, IF(PCC_MF_2022!G75<>"",PCC_MF_2022!D75&""&PCC_MF_2022!E75&""&PCC_MF_2022!F75&""&PCC_MF_2022!G75,IF(PCC_MF_2022!F75<>"",PCC_MF_2022!D75&""&PCC_MF_2022!E75&""&PCC_MF_2022!F75,IF(PCC_MF_2022!E75<>"",PCC_MF_2022!D75&""&PCC_MF_2022!E75,IF(PCC_MF_2022!D75="",LEFT(#REF!,1),PCC_MF_2022!D75)))))) -> 0313 | D75: 03 | E75: 1 | F75: 3 | J75: Período (n+3) | K75: M
B76: =IF(PCC_MF_2022!I76<>"",PCC_MF_2022!D76&"."&PCC_MF_2022!E76&"."&PCC_MF_2022!F76&"."&PCC_MF_2022!G76&"."&PCC_MF_2022!H76&"."&PCC_MF_2022!I76,IF(PCC_MF_2022!H76<>"",PCC_MF_2022!D76&"."&PCC_MF_2022!E76&"."&PCC_MF_2022!F76&"."&PCC_MF_2022!G76&"."&PCC_MF_2022!H76, IF(PCC_MF_2022!G76<>"",PCC_MF_2022!D76&"."&PCC_MF_2022!E76&"."&PCC_MF_2022!F76&"."&PCC_MF_2022!G76,IF(PCC_MF_2022!F76<>"",PCC_MF_2022!D76&"."&PCC_MF_2022!E76&"."&PCC_MF_2022!F76,IF(PCC_MF_2022!E76<>"",PCC_MF_2022!D76&"."&PCC_MF_2022!E76,IF(PCC_MF_2022!D76="",LEFT(#REF!,1),PCC_MF_2022!D76)))))) -> 03.1.4 | C76: =IF(PCC_MF_2022!I76<>"",PCC_MF_2022!D76&""&PCC_MF_2022!E76&""&PCC_MF_2022!F76&""&PCC_MF_2022!G76&""&PCC_MF_2022!H76&""&PCC_MF_2022!I76,IF(PCC_MF_2022!H76<>"",PCC_MF_2022!D76&""&PCC_MF_2022!E76&""&PCC_MF_2022!F76&""&PCC_MF_2022!G76&""&PCC_MF_2022!H76, IF(PCC_MF_2022!G76<>"",PCC_MF_2022!D76&""&PCC_MF_2022!E76&""&PCC_MF_2022!F76&""&PCC_MF_2022!G76,IF(PCC_MF_2022!F76<>"",PCC_MF_2022!D76&""&PCC_MF_2022!E76&""&PCC_MF_2022!F76,IF(PCC_MF_2022!E76<>"",PCC_MF_2022!D76&""&PCC_MF_2022!E76,IF(PCC_MF_2022!D76="",LEFT(#REF!,1),PCC_MF_2022!D76)))))) -> 0314 | D76: 03 | E76: 1 | F76: 4 | J76: Período (n+4) | K76: M
B77: =IF(PCC_MF_2022!I77<>"",PCC_MF_2022!D77&"."&PCC_MF_2022!E77&"."&PCC_MF_2022!F77&"."&PCC_MF_2022!G77&"."&PCC_MF_2022!H77&"."&PCC_MF_2022!I77,IF(PCC_MF_2022!H77<>"",PCC_MF_2022!D77&"."&PCC_MF_2022!E77&"."&PCC_MF_2022!F77&"."&PCC_MF_2022!G77&"."&PCC_MF_2022!H77, IF(PCC_MF_2022!G77<>"",PCC_MF_2022!D77&"."&PCC_MF_2022!E77&"."&PCC_MF_2022!F77&"."&PCC_MF_2022!G77,IF(PCC_MF_2022!F77<>"",PCC_MF_2022!D77&"."&PCC_MF_2022!E77&"."&PCC_MF_2022!F77,IF(PCC_MF_2022!E77<>"",PCC_MF_2022!D77&"."&PCC_MF_2022!E77,IF(PCC_MF_2022!D77="",LEFT(#REF!,1),PCC_MF_2022!D77)))))) -> 03.1.5 | C77: =IF(PCC_MF_2022!I77<>"",PCC_MF_2022!D77&""&PCC_MF_2022!E77&""&PCC_MF_2022!F77&""&PCC_MF_2022!G77&""&PCC_MF_2022!H77&""&PCC_MF_2022!I77,IF(PCC_MF_2022!H77<>"",PCC_MF_2022!D77&""&PCC_MF_2022!E77&""&PCC_MF_2022!F77&""&PCC_MF_2022!G77&""&PCC_MF_2022!H77, IF(PCC_MF_2022!G77<>"",PCC_MF_2022!D77&""&PCC_MF_2022!E77&""&PCC_MF_2022!F77&""&PCC_MF_2022!G77,IF(PCC_MF_2022!F77<>"",PCC_MF_2022!D77&""&PCC_MF_2022!E77&""&PCC_MF_2022!F77,IF(PCC_MF_2022!E77<>"",PCC_MF_2022!D77&""&PCC_MF_2022!E77,IF(PCC_MF_2022!D77="",LEFT(#REF!,1),PCC_MF_2022!D77)))))) -> 0315 | D77: 03 | E77: 1 | F77: 5 | J77: Períodos seguintes | K77: M
B78: =IF(PCC_MF_2022!I78<>"",PCC_MF_2022!D78&"."&PCC_MF_2022!E78&"."&PCC_MF_2022!F78&"."&PCC_MF_2022!G78&"."&PCC_MF_2022!H78&"."&PCC_MF_2022!I78,IF(PCC_MF_2022!H78<>"",PCC_MF_2022!D78&"."&PCC_MF_2022!E78&"."&PCC_MF_2022!F78&"."&PCC_MF_2022!G78&"."&PCC_MF_2022!H78, IF(PCC_MF_2022!G78<>"",PCC_MF_2022!D78&"."&PCC_MF_2022!E78&"."&PCC_MF_2022!F78&"."&PCC_MF_2022!G78,IF(PCC_MF_2022!F78<>"",PCC_MF_2022!D78&"."&PCC_MF_2022!E78&"."&PCC_MF_2022!F78,IF(PCC_MF_2022!E78<>"",PCC_MF_2022!D78&"."&PCC_MF_2022!E78,IF(PCC_MF_2022!D78="",LEFT(#REF!,1),PCC_MF_2022!D78)))))) -> 03.2 | C78: =IF(PCC_MF_2022!I78<>"",PCC_MF_2022!D78&""&PCC_MF_2022!E78&""&PCC_MF_2022!F78&""&PCC_MF_2022!G78&""&PCC_MF_2022!H78&""&PCC_MF_2022!I78,IF(PCC_MF_2022!H78<>"",PCC_MF_2022!D78&""&PCC_MF_2022!E78&""&PCC_MF_2022!F78&""&PCC_MF_2022!G78&""&PCC_MF_2022!H78, IF(PCC_MF_2022!G78<>"",PCC_MF_2022!D78&""&PCC_MF_2022!E78&""&PCC_MF_2022!F78&""&PCC_MF_2022!G78,IF(PCC_MF_2022!F78<>"",PCC_MF_2022!D78&""&PCC_MF_2022!E78&""&PCC_MF_2022!F78,IF(PCC_MF_2022!E78<>"",PCC_MF_2022!D78&""&PCC_MF_2022!E78,IF(PCC_MF_2022!D78="",LEFT(#REF!,1),PCC_MF_2022!D78)))))) -> 032 | D78: 03 | E78: 2 | J78: Liquidações | K78: A
B79: =IF(PCC_MF_2022!I79<>"",PCC_MF_2022!D79&"."&PCC_MF_2022!E79&"."&PCC_MF_2022!F79&"."&PCC_MF_2022!G79&"."&PCC_MF_2022!H79&"."&PCC_MF_2022!I79,IF(PCC_MF_2022!H79<>"",PCC_MF_2022!D79&"."&PCC_MF_2022!E79&"."&PCC_MF_2022!F79&"."&PCC_MF_2022!G79&"."&PCC_MF_2022!H79, IF(PCC_MF_2022!G79<>"",PCC_MF_2022!D79&"."&PCC_MF_2022!E79&"."&PCC_MF_2022!F79&"."&PCC_MF_2022!G79,IF(PCC_MF_2022!F79<>"",PCC_MF_2022!D79&"."&PCC_MF_2022!E79&"."&PCC_MF_2022!F79,IF(PCC_MF_2022!E79<>"",PCC_MF_2022!D79&"."&PCC_MF_2022!E79,IF(PCC_MF_2022!D79="",LEFT(#REF!,1),PCC_MF_2022!D79)))))) -> 03.2.1 | C79: =IF(PCC_MF_2022!I79<>"",PCC_MF_2022!D79&""&PCC_MF_2022!E79&""&PCC_MF_2022!F79&""&PCC_MF_2022!G79&""&PCC_MF_2022!H79&""&PCC_MF_2022!I79,IF(PCC_MF_2022!H79<>"",PCC_MF_2022!D79&""&PCC_MF_2022!E79&""&PCC_MF_2022!F79&""&PCC_MF_2022!G79&""&PCC_MF_2022!H79, IF(PCC_MF_2022!G79<>"",PCC_MF_2022!D79&""&PCC_MF_2022!E79&""&PCC_MF_2022!F79&""&PCC_MF_2022!G79,IF(PCC_MF_2022!F79<>"",PCC_MF_2022!D79&""&PCC_MF_2022!E79&""&PCC_MF_2022!F79,IF(PCC_MF_2022!E79<>"",PCC_MF_2022!D79&""&PCC_MF_2022!E79,IF(PCC_MF_2022!D79="",LEFT(#REF!,1),PCC_MF_2022!D79)))))) -> 0321 | D79: 03 | E79: 2 | F79: 1 | J79: Período (n+1) | K79: M
B80: =IF(PCC_MF_2022!I80<>"",PCC_MF_2022!D80&"."&PCC_MF_2022!E80&"."&PCC_MF_2022!F80&"."&PCC_MF_2022!G80&"."&PCC_MF_2022!H80&"."&PCC_MF_2022!I80,IF(PCC_MF_2022!H80<>"",PCC_MF_2022!D80&"."&PCC_MF_2022!E80&"."&PCC_MF_2022!F80&"."&PCC_MF_2022!G80&"."&PCC_MF_2022!H80, IF(PCC_MF_2022!G80<>"",PCC_MF_2022!D80&"."&PCC_MF_2022!E80&"."&PCC_MF_2022!F80&"."&PCC_MF_2022!G80,IF(PCC_MF_2022!F80<>"",PCC_MF_2022!D80&"."&PCC_MF_2022!E80&"."&PCC_MF_2022!F80,IF(PCC_MF_2022!E80<>"",PCC_MF_2022!D80&"."&PCC_MF_2022!E80,IF(PCC_MF_2022!D80="",LEFT(#REF!,1),PCC_MF_2022!D80)))))) -> 03.2.2 | C80: =IF(PCC_MF_2022!I80<>"",PCC_MF_2022!D80&""&PCC_MF_2022!E80&""&PCC_MF_2022!F80&""&PCC_MF_2022!G80&""&PCC_MF_2022!H80&""&PCC_MF_2022!I80,IF(PCC_MF_2022!H80<>"",PCC_MF_2022!D80&""&PCC_MF_2022!E80&""&PCC_MF_2022!F80&""&PCC_MF_2022!G80&""&PCC_MF_2022!H80, IF(PCC_MF_2022!G80<>"",PCC_MF_2022!D80&""&PCC_MF_2022!E80&""&PCC_MF_2022!F80&""&PCC_MF_2022!G80,IF(PCC_MF_2022!F80<>"",PCC_MF_2022!D80&""&PCC_MF_2022!E80&""&PCC_MF_2022!F80,IF(PCC_MF_2022!E80<>"",PCC_MF_2022!D80&""&PCC_MF_2022!E80,IF(PCC_MF_2022!D80="",LEFT(#REF!,1),PCC_MF_2022!D80)))))) -> 0322 | D80: 03 | E80: 2 | F80: 2 | J80: Período (n+2) | K80: M
B81: =IF(PCC_MF_2022!I81<>"",PCC_MF_2022!D81&"."&PCC_MF_2022!E81&"."&PCC_MF_2022!F81&"."&PCC_MF_2022!G81&"."&PCC_MF_2022!H81&"."&PCC_MF_2022!I81,IF(PCC_MF_2022!H81<>"",PCC_MF_2022!D81&"."&PCC_MF_2022!E81&"."&PCC_MF_2022!F81&"."&PCC_MF_2022!G81&"."&PCC_MF_2022!H81, IF(PCC_MF_2022!G81<>"",PCC_MF_2022!D81&"."&PCC_MF_2022!E81&"."&PCC_MF_2022!F81&"."&PCC_MF_2022!G81,IF(PCC_MF_2022!F81<>"",PCC_MF_2022!D81&"."&PCC_MF_2022!E81&"."&PCC_MF_2022!F81,IF(PCC_MF_2022!E81<>"",PCC_MF_2022!D81&"."&PCC_MF_2022!E81,IF(PCC_MF_2022!D81="",LEFT(#REF!,1),PCC_MF_2022!D81)))))) -> 03.2.3 | C81: =IF(PCC_MF_2022!I81<>"",PCC_MF_2022!D81&""&PCC_MF_2022!E81&""&PCC_MF_2022!F81&""&PCC_MF_2022!G81&""&PCC_MF_2022!H81&""&PCC_MF_2022!I81,IF(PCC_MF_2022!H81<>"",PCC_MF_2022!D81&""&PCC_MF_2022!E81&""&PCC_MF_2022!F81&""&PCC_MF_2022!G81&""&PCC_MF_2022!H81, IF(PCC_MF_2022!G81<>"",PCC_MF_2022!D81&""&PCC_MF_2022!E81&""&PCC_MF_2022!F81&""&PCC_MF_2022!G81,IF(PCC_MF_2022!F81<>"",PCC_MF_2022!D81&""&PCC_MF_2022!E81&""&PCC_MF_2022!F81,IF(PCC_MF_2022!E81<>"",PCC_MF_2022!D81&""&PCC_MF_2022!E81,IF(PCC_MF_2022!D81="",LEFT(#REF!,1),PCC_MF_2022!D81)))))) -> 0323 | D81: 03 | E81: 2 | F81: 3 | J81: Período (n+3) | K81: M
B82: =IF(PCC_MF_2022!I82<>"",PCC_MF_2022!D82&"."&PCC_MF_2022!E82&"."&PCC_MF_2022!F82&"."&PCC_MF_2022!G82&"."&PCC_MF_2022!H82&"."&PCC_MF_2022!I82,IF(PCC_MF_2022!H82<>"",PCC_MF_2022!D82&"."&PCC_MF_2022!E82&"."&PCC_MF_2022!F82&"."&PCC_MF_2022!G82&"."&PCC_MF_2022!H82, IF(PCC_MF_2022!G82<>"",PCC_MF_2022!D82&"."&PCC_MF_2022!E82&"."&PCC_MF_2022!F82&"."&PCC_MF_2022!G82,IF(PCC_MF_2022!F82<>"",PCC_MF_2022!D82&"."&PCC_MF_2022!E82&"."&PCC_MF_2022!F82,IF(PCC_MF_2022!E82<>"",PCC_MF_2022!D82&"."&PCC_MF_2022!E82,IF(PCC_MF_2022!D82="",LEFT(#REF!,1),PCC_MF_2022!D82)))))) -> 03.2.4 | C82: =IF(PCC_MF_2022!I82<>"",PCC_MF_2022!D82&""&PCC_MF_2022!E82&""&PCC_MF_2022!F82&""&PCC_MF_2022!G82&""&PCC_MF_2022!H82&""&PCC_MF_2022!I82,IF(PCC_MF_2022!H82<>"",PCC_MF_2022!D82&""&PCC_MF_2022!E82&""&PCC_MF_2022!F82&""&PCC_MF_2022!G82&""&PCC_MF_2022!H82, IF(PCC_MF_2022!G82<>"",PCC_MF_2022!D82&""&PCC_MF_2022!E82&""&PCC_MF_2022!F82&""&PCC_MF_2022!G82,IF(PCC_MF_2022!F82<>"",PCC_MF_2022!D82&""&PCC_MF_2022!E82&""&PCC_MF_2022!F82,IF(PCC_MF_2022!E82<>"",PCC_MF_2022!D82&""&PCC_MF_2022!E82,IF(PCC_MF_2022!D82="",LEFT(#REF!,1),PCC_MF_2022!D82)))))) -> 0324 | D82: 03 | E82: 2 | F82: 4 | J82: Período (n+4) | K82: M
B83: =IF(PCC_MF_2022!I83<>"",PCC_MF_2022!D83&"."&PCC_MF_2022!E83&"."&PCC_MF_2022!F83&"."&PCC_MF_2022!G83&"."&PCC_MF_2022!H83&"."&PCC_MF_2022!I83,IF(PCC_MF_2022!H83<>"",PCC_MF_2022!D83&"."&PCC_MF_2022!E83&"."&PCC_MF_2022!F83&"."&PCC_MF_2022!G83&"."&PCC_MF_2022!H83, IF(PCC_MF_2022!G83<>"",PCC_MF_2022!D83&"."&PCC_MF_2022!E83&"."&PCC_MF_2022!F83&"."&PCC_MF_2022!G83,IF(PCC_MF_2022!F83<>"",PCC_MF_2022!D83&"."&PCC_MF_2022!E83&"."&PCC_MF_2022!F83,IF(PCC_MF_2022!E83<>"",PCC_MF_2022!D83&"."&PCC_MF_2022!E83,IF(PCC_MF_2022!D83="",LEFT(#REF!,1),PCC_MF_2022!D83)))))) -> 03.2.5 | C83: =IF(PCC_MF_2022!I83<>"",PCC_MF_2022!D83&""&PCC_MF_2022!E83&""&PCC_MF_2022!F83&""&PCC_MF_2022!G83&""&PCC_MF_2022!H83&""&PCC_MF_2022!I83,IF(PCC_MF_2022!H83<>"",PCC_MF_2022!D83&""&PCC_MF_2022!E83&""&PCC_MF_2022!F83&""&PCC_MF_2022!G83&""&PCC_MF_2022!H83, IF(PCC_MF_2022!G83<>"",PCC_MF_2022!D83&""&PCC_MF_2022!E83&""&PCC_MF_2022!F83&""&PCC_MF_2022!G83,IF(PCC_MF_2022!F83<>"",PCC_MF_2022!D83&""&PCC_MF_2022!E83&""&PCC_MF_2022!F83,IF(PCC_MF_2022!E83<>"",PCC_MF_2022!D83&""&PCC_MF_2022!E83,IF(PCC_MF_2022!D83="",LEFT(#REF!,1),PCC_MF_2022!D83)))))) -> 0325 | D83: 03 | E83: 2 | F83: 5 | J83: Períodos seguintes | K83: M
B84: =IF(PCC_MF_2022!I84<>"",PCC_MF_2022!D84&"."&PCC_MF_2022!E84&"."&PCC_MF_2022!F84&"."&PCC_MF_2022!G84&"."&PCC_MF_2022!H84&"."&PCC_MF_2022!I84,IF(PCC_MF_2022!H84<>"",PCC_MF_2022!D84&"."&PCC_MF_2022!E84&"."&PCC_MF_2022!F84&"."&PCC_MF_2022!G84&"."&PCC_MF_2022!H84, IF(PCC_MF_2022!G84<>"",PCC_MF_2022!D84&"."&PCC_MF_2022!E84&"."&PCC_MF_2022!F84&"."&PCC_MF_2022!G84,IF(PCC_MF_2022!F84<>"",PCC_MF_2022!D84&"."&PCC_MF_2022!E84&"."&PCC_MF_2022!F84,IF(PCC_MF_2022!E84<>"",PCC_MF_2022!D84&"."&PCC_MF_2022!E84,IF(PCC_MF_2022!D84="",LEFT(#REF!,1),PCC_MF_2022!D84)))))) -> 04 | C84: =IF(PCC_MF_2022!I84<>"",PCC_MF_2022!D84&""&PCC_MF_2022!E84&""&PCC_MF_2022!F84&""&PCC_MF_2022!G84&""&PCC_MF_2022!H84&""&PCC_MF_2022!I84,IF(PCC_MF_2022!H84<>"",PCC_MF_2022!D84&""&PCC_MF_2022!E84&""&PCC_MF_2022!F84&""&PCC_MF_2022!G84&""&PCC_MF_2022!H84, IF(PCC_MF_2022!G84<>"",PCC_MF_2022!D84&""&PCC_MF_2022!E84&""&PCC_MF_2022!F84&""&PCC_MF_2022!G84,IF(PCC_MF_2022!F84<>"",PCC_MF_2022!D84&""&PCC_MF_2022!E84&""&PCC_MF_2022!F84,IF(PCC_MF_2022!E84<>"",PCC_MF_2022!D84&""&PCC_MF_2022!E84,IF(PCC_MF_2022!D84="",LEFT(#REF!,1),PCC_MF_2022!D84)))))) -> 04 | D84: 04 | J84: Despesa a pagar em períodos futuros | K84: A
B85: =IF(PCC_MF_2022!I85<>"",PCC_MF_2022!D85&"."&PCC_MF_2022!E85&"."&PCC_MF_2022!F85&"."&PCC_MF_2022!G85&"."&PCC_MF_2022!H85&"."&PCC_MF_2022!I85,IF(PCC_MF_2022!H85<>"",PCC_MF_2022!D85&"."&PCC_MF_2022!E85&"."&PCC_MF_2022!F85&"."&PCC_MF_2022!G85&"."&PCC_MF_2022!H85, IF(PCC_MF_2022!G85<>"",PCC_MF_2022!D85&"."&PCC_MF_2022!E85&"."&PCC_MF_2022!F85&"."&PCC_MF_2022!G85,IF(PCC_MF_2022!F85<>"",PCC_MF_2022!D85&"."&PCC_MF_2022!E85&"."&PCC_MF_2022!F85,IF(PCC_MF_2022!E85<>"",PCC_MF_2022!D85&"."&PCC_MF_2022!E85,IF(PCC_MF_2022!D85="",LEFT(#REF!,1),PCC_MF_2022!D85)))))) -> 04.1 | C85: =IF(PCC_MF_2022!I85<>"",PCC_MF_2022!D85&""&PCC_MF_2022!E85&""&PCC_MF_2022!F85&""&PCC_MF_2022!G85&""&PCC_MF_2022!H85&""&PCC_MF_2022!I85,IF(PCC_MF_2022!H85<>"",PCC_MF_2022!D85&""&PCC_MF_2022!E85&""&PCC_MF_2022!F85&""&PCC_MF_2022!G85&""&PCC_MF_2022!H85, IF(PCC_MF_2022!G85<>"",PCC_MF_2022!D85&""&PCC_MF_2022!E85&""&PCC_MF_2022!F85&""&PCC_MF_2022!G85,IF(PCC_MF_2022!F85<>"",PCC_MF_2022!D85&""&PCC_MF_2022!E85&""&PCC_MF_2022!F85,IF(PCC_MF_2022!E85<>"",PCC_MF_2022!D85&""&PCC_MF_2022!E85,IF(PCC_MF_2022!D85="",LEFT(#REF!,1),PCC_MF_2022!D85)))))) -> 041 | D85: 04 | E85: 1 | J85: Orçamento | K85: A
B86: =IF(PCC_MF_2022!I86<>"",PCC_MF_2022!D86&"."&PCC_MF_2022!E86&"."&PCC_MF_2022!F86&"."&PCC_MF_2022!G86&"."&PCC_MF_2022!H86&"."&PCC_MF_2022!I86,IF(PCC_MF_2022!H86<>"",PCC_MF_2022!D86&"."&PCC_MF_2022!E86&"."&PCC_MF_2022!F86&"."&PCC_MF_2022!G86&"."&PCC_MF_2022!H86, IF(PCC_MF_2022!G86<>"",PCC_MF_2022!D86&"."&PCC_MF_2022!E86&"."&PCC_MF_2022!F86&"."&PCC_MF_2022!G86,IF(PCC_MF_2022!F86<>"",PCC_MF_2022!D86&"."&PCC_MF_2022!E86&"."&PCC_MF_2022!F86,IF(PCC_MF_2022!E86<>"",PCC_MF_2022!D86&"."&PCC_MF_2022!E86,IF(PCC_MF_2022!D86="",LEFT(#REF!,1),PCC_MF_2022!D86)))))) -> 04.1.1 | C86: =IF(PCC_MF_2022!I86<>"",PCC_MF_2022!D86&""&PCC_MF_2022!E86&""&PCC_MF_2022!F86&""&PCC_MF_2022!G86&""&PCC_MF_2022!H86&""&PCC_MF_2022!I86,IF(PCC_MF_2022!H86<>"",PCC_MF_2022!D86&""&PCC_MF_2022!E86&""&PCC_MF_2022!F86&""&PCC_MF_2022!G86&""&PCC_MF_2022!H86, IF(PCC_MF_2022!G86<>"",PCC_MF_2022!D86&""&PCC_MF_2022!E86&""&PCC_MF_2022!F86&""&PCC_MF_2022!G86,IF(PCC_MF_2022!F86<>"",PCC_MF_2022!D86&""&PCC_MF_2022!E86&""&PCC_MF_2022!F86,IF(PCC_MF_2022!E86<>"",PCC_MF_2022!D86&""&PCC_MF_2022!E86,IF(PCC_MF_2022!D86="",LEFT(#REF!,1),PCC_MF_2022!D86)))))) -> 0411 | D86: 04 | E86: 1 | F86: 1 | J86: Período (n+1) | K86: M
B87: =IF(PCC_MF_2022!I87<>"",PCC_MF_2022!D87&"."&PCC_MF_2022!E87&"."&PCC_MF_2022!F87&"."&PCC_MF_2022!G87&"."&PCC_MF_2022!H87&"."&PCC_MF_2022!I87,IF(PCC_MF_2022!H87<>"",PCC_MF_2022!D87&"."&PCC_MF_2022!E87&"."&PCC_MF_2022!F87&"."&PCC_MF_2022!G87&"."&PCC_MF_2022!H87, IF(PCC_MF_2022!G87<>"",PCC_MF_2022!D87&"."&PCC_MF_2022!E87&"."&PCC_MF_2022!F87&"."&PCC_MF_2022!G87,IF(PCC_MF_2022!F87<>"",PCC_MF_2022!D87&"."&PCC_MF_2022!E87&"."&PCC_MF_2022!F87,IF(PCC_MF_2022!E87<>"",PCC_MF_2022!D87&"."&PCC_MF_2022!E87,IF(PCC_MF_2022!D87="",LEFT(#REF!,1),PCC_MF_2022!D87)))))) -> 04.1.2 | C87: =IF(PCC_MF_2022!I87<>"",PCC_MF_2022!D87&""&PCC_MF_2022!E87&""&PCC_MF_2022!F87&""&PCC_MF_2022!G87&""&PCC_MF_2022!H87&""&PCC_MF_2022!I87,IF(PCC_MF_2022!H87<>"",PCC_MF_2022!D87&""&PCC_MF_2022!E87&""&PCC_MF_2022!F87&""&PCC_MF_2022!G87&""&PCC_MF_2022!H87, IF(PCC_MF_2022!G87<>"",PCC_MF_2022!D87&""&PCC_MF_2022!E87&""&PCC_MF_2022!F87&""&PCC_MF_2022!G87,IF(PCC_MF_2022!F87<>"",PCC_MF_2022!D87&""&PCC_MF_2022!E87&""&PCC_MF_2022!F87,IF(PCC_MF_2022!E87<>"",PCC_MF_2022!D87&""&PCC_MF_2022!E87,IF(PCC_MF_2022!D87="",LEFT(#REF!,1),PCC_MF_2022!D87)))))) -> 0412 | D87: 04 | E87: 1 | F87: 2 | J87: Período (n+2) | K87: M
B88: =IF(PCC_MF_2022!I88<>"",PCC_MF_2022!D88&"."&PCC_MF_2022!E88&"."&PCC_MF_2022!F88&"."&PCC_MF_2022!G88&"."&PCC_MF_2022!H88&"."&PCC_MF_2022!I88,IF(PCC_MF_2022!H88<>"",PCC_MF_2022!D88&"."&PCC_MF_2022!E88&"."&PCC_MF_2022!F88&"."&PCC_MF_2022!G88&"."&PCC_MF_2022!H88, IF(PCC_MF_2022!G88<>"",PCC_MF_2022!D88&"."&PCC_MF_2022!E88&"."&PCC_MF_2022!F88&"."&PCC_MF_2022!G88,IF(PCC_MF_2022!F88<>"",PCC_MF_2022!D88&"."&PCC_MF_2022!E88&"."&PCC_MF_2022!F88,IF(PCC_MF_2022!E88<>"",PCC_MF_2022!D88&"."&PCC_MF_2022!E88,IF(PCC_MF_2022!D88="",LEFT(#REF!,1),PCC_MF_2022!D88)))))) -> 04.1.3 | C88: =IF(PCC_MF_2022!I88<>"",PCC_MF_2022!D88&""&PCC_MF_2022!E88&""&PCC_MF_2022!F88&""&PCC_MF_2022!G88&""&PCC_MF_2022!H88&""&PCC_MF_2022!I88,IF(PCC_MF_2022!H88<>"",PCC_MF_2022!D88&""&PCC_MF_2022!E88&""&PCC_MF_2022!F88&""&PCC_MF_2022!G88&""&PCC_MF_2022!H88, IF(PCC_MF_2022!G88<>"",PCC_MF_2022!D88&""&PCC_MF_2022!E88&""&PCC_MF_2022!F88&""&PCC_MF_2022!G88,IF(PCC_MF_2022!F88<>"",PCC_MF_2022!D88&""&PCC_MF_2022!E88&""&PCC_MF_2022!F88,IF(PCC_MF_2022!E88<>"",PCC_MF_2022!D88&""&PCC_MF_2022!E88,IF(PCC_MF_2022!D88="",LEFT(#REF!,1),PCC_MF_2022!D88)))))) -> 0413 | D88: 04 | E88: 1 | F88: 3 | J88: Período (n+3) | K88: M
B89: =IF(PCC_MF_2022!I89<>"",PCC_MF_2022!D89&"."&PCC_MF_2022!E89&"."&PCC_MF_2022!F89&"."&PCC_MF_2022!G89&"."&PCC_MF_2022!H89&"."&PCC_MF_2022!I89,IF(PCC_MF_2022!H89<>"",PCC_MF_2022!D89&"."&PCC_MF_2022!E89&"."&PCC_MF_2022!F89&"."&PCC_MF_2022!G89&"."&PCC_MF_2022!H89, IF(PCC_MF_2022!G89<>"",PCC_MF_2022!D89&"."&PCC_MF_2022!E89&"."&PCC_MF_2022!F89&"."&PCC_MF_2022!G89,IF(PCC_MF_2022!F89<>"",PCC_MF_2022!D89&"."&PCC_MF_2022!E89&"."&PCC_MF_2022!F89,IF(PCC_MF_2022!E89<>"",PCC_MF_2022!D89&"."&PCC_MF_2022!E89,IF(PCC_MF_2022!D89="",LEFT(#REF!,1),PCC_MF_2022!D89)))))) -> 04.1.4 | C89: =IF(PCC_MF_2022!I89<>"",PCC_MF_2022!D89&""&PCC_MF_2022!E89&""&PCC_MF_2022!F89&""&PCC_MF_2022!G89&""&PCC_MF_2022!H89&""&PCC_MF_2022!I89,IF(PCC_MF_2022!H89<>"",PCC_MF_2022!D89&""&PCC_MF_2022!E89&""&PCC_MF_2022!F89&""&PCC_MF_2022!G89&""&PCC_MF_2022!H89, IF(PCC_MF_2022!G89<>"",PCC_MF_2022!D89&""&PCC_MF_2022!E89&""&PCC_MF_2022!F89&""&PCC_MF_2022!G89,IF(PCC_MF_2022!F89<>"",PCC_MF_2022!D89&""&PCC_MF_2022!E89&""&PCC_MF_2022!F89,IF(PCC_MF_2022!E89<>"",PCC_MF_2022!D89&""&PCC_MF_2022!E89,IF(PCC_MF_2022!D89="",LEFT(#REF!,1),PCC_MF_2022!D89)))))) -> 0414 | D89: 04 | E89: 1 | F89: 4 | J89: Período (n+4) | K89: M
B90: =IF(PCC_MF_2022!I90<>"",PCC_MF_2022!D90&"."&PCC_MF_2022!E90&"."&PCC_MF_2022!F90&"."&PCC_MF_2022!G90&"."&PCC_MF_2022!H90&"."&PCC_MF_2022!I90,IF(PCC_MF_2022!H90<>"",PCC_MF_2022!D90&"."&PCC_MF_2022!E90&"."&PCC_MF_2022!F90&"."&PCC_MF_2022!G90&"."&PCC_MF_2022!H90, IF(PCC_MF_2022!G90<>"",PCC_MF_2022!D90&"."&PCC_MF_2022!E90&"."&PCC_MF_2022!F90&"."&PCC_MF_2022!G90,IF(PCC_MF_2022!F90<>"",PCC_MF_2022!D90&"."&PCC_MF_2022!E90&"."&PCC_MF_2022!F90,IF(PCC_MF_2022!E90<>"",PCC_MF_2022!D90&"."&PCC_MF_2022!E90,IF(PCC_MF_2022!D90="",LEFT(#REF!,1),PCC_MF_2022!D90)))))) -> 04.1.5 | C90: =IF(PCC_MF_2022!I90<>"",PCC_MF_2022!D90&""&PCC_MF_2022!E90&""&PCC_MF_2022!F90&""&PCC_MF_2022!G90&""&PCC_MF_2022!H90&""&PCC_MF_2022!I90,IF(PCC_MF_2022!H90<>"",PCC_MF_2022!D90&""&PCC_MF_2022!E90&""&PCC_MF_2022!F90&""&PCC_MF_2022!G90&""&PCC_MF_2022!H90, IF(PCC_MF_2022!G90<>"",PCC_MF_2022!D90&""&PCC_MF_2022!E90&""&PCC_MF_2022!F90&""&PCC_MF_2022!G90,IF(PCC_MF_2022!F90<>"",PCC_MF_2022!D90&""&PCC_MF_2022!E90&""&PCC_MF_2022!F90,IF(PCC_MF_2022!E90<>"",PCC_MF_2022!D90&""&PCC_MF_2022!E90,IF(PCC_MF_2022!D90="",LEFT(#REF!,1),PCC_MF_2022!D90)))))) -> 0415 | D90: 04 | E90: 1 | F90: 5 | J90: Períodos seguintes | K90: M
B91: =IF(PCC_MF_2022!I91<>"",PCC_MF_2022!D91&"."&PCC_MF_2022!E91&"."&PCC_MF_2022!F91&"."&PCC_MF_2022!G91&"."&PCC_MF_2022!H91&"."&PCC_MF_2022!I91,IF(PCC_MF_2022!H91<>"",PCC_MF_2022!D91&"."&PCC_MF_2022!E91&"."&PCC_MF_2022!F91&"."&PCC_MF_2022!G91&"."&PCC_MF_2022!H91, IF(PCC_MF_2022!G91<>"",PCC_MF_2022!D91&"."&PCC_MF_2022!E91&"."&PCC_MF_2022!F91&"."&PCC_MF_2022!G91,IF(PCC_MF_2022!F91<>"",PCC_MF_2022!D91&"."&PCC_MF_2022!E91&"."&PCC_MF_2022!F91,IF(PCC_MF_2022!E91<>"",PCC_MF_2022!D91&"."&PCC_MF_2022!E91,IF(PCC_MF_2022!D91="",LEFT(#REF!,1),PCC_MF_2022!D91)))))) -> 04.2 | C91: =IF(PCC_MF_2022!I91<>"",PCC_MF_2022!D91&""&PCC_MF_2022!E91&""&PCC_MF_2022!F91&""&PCC_MF_2022!G91&""&PCC_MF_2022!H91&""&PCC_MF_2022!I91,IF(PCC_MF_2022!H91<>"",PCC_MF_2022!D91&""&PCC_MF_2022!E91&""&PCC_MF_2022!F91&""&PCC_MF_2022!G91&""&PCC_MF_2022!H91, IF(PCC_MF_2022!G91<>"",PCC_MF_2022!D91&""&PCC_MF_2022!E91&""&PCC_MF_2022!F91&""&PCC_MF_2022!G91,IF(PCC_MF_2022!F91<>"",PCC_MF_2022!D91&""&PCC_MF_2022!E91&""&PCC_MF_2022!F91,IF(PCC_MF_2022!E91<>"",PCC_MF_2022!D91&""&PCC_MF_2022!E91,IF(PCC_MF_2022!D91="",LEFT(#REF!,1),PCC_MF_2022!D91)))))) -> 042 | D91: 04 | E91: 2 | J91: Compromissos assumidos | K91: A
B92: =IF(PCC_MF_2022!I92<>"",PCC_MF_2022!D92&"."&PCC_MF_2022!E92&"."&PCC_MF_2022!F92&"."&PCC_MF_2022!G92&"."&PCC_MF_2022!H92&"."&PCC_MF_2022!I92,IF(PCC_MF_2022!H92<>"",PCC_MF_2022!D92&"."&PCC_MF_2022!E92&"."&PCC_MF_2022!F92&"."&PCC_MF_2022!G92&"."&PCC_MF_2022!H92, IF(PCC_MF_2022!G92<>"",PCC_MF_2022!D92&"."&PCC_MF_2022!E92&"."&PCC_MF_2022!F92&"."&PCC_MF_2022!G92,IF(PCC_MF_2022!F92<>"",PCC_MF_2022!D92&"."&PCC_MF_2022!E92&"."&PCC_MF_2022!F92,IF(PCC_MF_2022!E92<>"",PCC_MF_2022!D92&"."&PCC_MF_2022!E92,IF(PCC_MF_2022!D92="",LEFT(#REF!,1),PCC_MF_2022!D92)))))) -> 04.2.1 | C92: =IF(PCC_MF_2022!I92<>"",PCC_MF_2022!D92&""&PCC_MF_2022!E92&""&PCC_MF_2022!F92&""&PCC_MF_2022!G92&""&PCC_MF_2022!H92&""&PCC_MF_2022!I92,IF(PCC_MF_2022!H92<>"",PCC_MF_2022!D92&""&PCC_MF_2022!E92&""&PCC_MF_2022!F92&""&PCC_MF_2022!G92&""&PCC_MF_2022!H92, IF(PCC_MF_2022!G92<>"",PCC_MF_2022!D92&""&PCC_MF_2022!E92&""&PCC_MF_2022!F92&""&PCC_MF_2022!G92,IF(PCC_MF_2022!F92<>"",PCC_MF_2022!D92&""&PCC_MF_2022!E92&""&PCC_MF_2022!F92,IF(PCC_MF_2022!E92<>"",PCC_MF_2022!D92&""&PCC_MF_2022!E92,IF(PCC_MF_2022!D92="",LEFT(#REF!,1),PCC_MF_2022!D92)))))) -> 0421 | D92: 04 | E92: 2 | F92: 1 | J92: Período (n+1) | K92: M
B93: =IF(PCC_MF_2022!I93<>"",PCC_MF_2022!D93&"."&PCC_MF_2022!E93&"."&PCC_MF_2022!F93&"."&PCC_MF_2022!G93&"."&PCC_MF_2022!H93&"."&PCC_MF_2022!I93,IF(PCC_MF_2022!H93<>"",PCC_MF_2022!D93&"."&PCC_MF_2022!E93&"."&PCC_MF_2022!F93&"."&PCC_MF_2022!G93&"."&PCC_MF_2022!H93, IF(PCC_MF_2022!G93<>"",PCC_MF_2022!D93&"."&PCC_MF_2022!E93&"."&PCC_MF_2022!F93&"."&PCC_MF_2022!G93,IF(PCC_MF_2022!F93<>"",PCC_MF_2022!D93&"."&PCC_MF_2022!E93&"."&PCC_MF_2022!F93,IF(PCC_MF_2022!E93<>"",PCC_MF_2022!D93&"."&PCC_MF_2022!E93,IF(PCC_MF_2022!D93="",LEFT(#REF!,1),PCC_MF_2022!D93)))))) -> 04.2.2 | C93: =IF(PCC_MF_2022!I93<>"",PCC_MF_2022!D93&""&PCC_MF_2022!E93&""&PCC_MF_2022!F93&""&PCC_MF_2022!G93&""&PCC_MF_2022!H93&""&PCC_MF_2022!I93,IF(PCC_MF_2022!H93<>"",PCC_MF_2022!D93&""&PCC_MF_2022!E93&""&PCC_MF_2022!F93&""&PCC_MF_2022!G93&""&PCC_MF_2022!H93, IF(PCC_MF_2022!G93<>"",PCC_MF_2022!D93&""&PCC_MF_2022!E93&""&PCC_MF_2022!F93&""&PCC_MF_2022!G93,IF(PCC_MF_2022!F93<>"",PCC_MF_2022!D93&""&PCC_MF_2022!E93&""&PCC_MF_2022!F93,IF(PCC_MF_2022!E93<>"",PCC_MF_2022!D93&""&PCC_MF_2022!E93,IF(PCC_MF_2022!D93="",LEFT(#REF!,1),PCC_MF_2022!D93)))))) -> 0422 | D93: 04 | E93: 2 | F93: 2 | J93: Período (n+2) | K93: M
B94: =IF(PCC_MF_2022!I94<>"",PCC_MF_2022!D94&"."&PCC_MF_2022!E94&"."&PCC_MF_2022!F94&"."&PCC_MF_2022!G94&"."&PCC_MF_2022!H94&"."&PCC_MF_2022!I94,IF(PCC_MF_2022!H94<>"",PCC_MF_2022!D94&"."&PCC_MF_2022!E94&"."&PCC_MF_2022!F94&"."&PCC_MF_2022!G94&"."&PCC_MF_2022!H94, IF(PCC_MF_2022!G94<>"",PCC_MF_2022!D94&"."&PCC_MF_2022!E94&"."&PCC_MF_2022!F94&"."&PCC_MF_2022!G94,IF(PCC_MF_2022!F94<>"",PCC_MF_2022!D94&"."&PCC_MF_2022!E94&"."&PCC_MF_2022!F94,IF(PCC_MF_2022!E94<>"",PCC_MF_2022!D94&"."&PCC_MF_2022!E94,IF(PCC_MF_2022!D94="",LEFT(#REF!,1),PCC_MF_2022!D94)))))) -> 04.2.3 | C94: =IF(PCC_MF_2022!I94<>"",PCC_MF_2022!D94&""&PCC_MF_2022!E94&""&PCC_MF_2022!F94&""&PCC_MF_2022!G94&""&PCC_MF_2022!H94&""&PCC_MF_2022!I94,IF(PCC_MF_2022!H94<>"",PCC_MF_2022!D94&""&PCC_MF_2022!E94&""&PCC_MF_2022!F94&""&PCC_MF_2022!G94&""&PCC_MF_2022!H94, IF(PCC_MF_2022!G94<>"",PCC_MF_2022!D94&""&PCC_MF_2022!E94&""&PCC_MF_2022!F94&""&PCC_MF_2022!G94,IF(PCC_MF_2022!F94<>"",PCC_MF_2022!D94&""&PCC_MF_2022!E94&""&PCC_MF_2022!F94,IF(PCC_MF_2022!E94<>"",PCC_MF_2022!D94&""&PCC_MF_2022!E94,IF(PCC_MF_2022!D94="",LEFT(#REF!,1),PCC_MF_2022!D94)))))) -> 0423 | D94: 04 | E94: 2 | F94: 3 | J94: Período (n+3) | K94: M
B95: =IF(PCC_MF_2022!I95<>"",PCC_MF_2022!D95&"."&PCC_MF_2022!E95&"."&PCC_MF_2022!F95&"."&PCC_MF_2022!G95&"."&PCC_MF_2022!H95&"."&PCC_MF_2022!I95,IF(PCC_MF_2022!H95<>"",PCC_MF_2022!D95&"."&PCC_MF_2022!E95&"."&PCC_MF_2022!F95&"."&PCC_MF_2022!G95&"."&PCC_MF_2022!H95, IF(PCC_MF_2022!G95<>"",PCC_MF_2022!D95&"."&PCC_MF_2022!E95&"."&PCC_MF_2022!F95&"."&PCC_MF_2022!G95,IF(PCC_MF_2022!F95<>"",PCC_MF_2022!D95&"."&PCC_MF_2022!E95&"."&PCC_MF_2022!F95,IF(PCC_MF_2022!E95<>"",PCC_MF_2022!D95&"."&PCC_MF_2022!E95,IF(PCC_MF_2022!D95="",LEFT(#REF!,1),PCC_MF_2022!D95)))))) -> 04.2.4 | C95: =IF(PCC_MF_2022!I95<>"",PCC_MF_2022!D95&""&PCC_MF_2022!E95&""&PCC_MF_2022!F95&""&PCC_MF_2022!G95&""&PCC_MF_2022!H95&""&PCC_MF_2022!I95,IF(PCC_MF_2022!H95<>"",PCC_MF_2022!D95&""&PCC_MF_2022!E95&""&PCC_MF_2022!F95&""&PCC_MF_2022!G95&""&PCC_MF_2022!H95, IF(PCC_MF_2022!G95<>"",PCC_MF_2022!D95&""&PCC_MF_2022!E95&""&PCC_MF_2022!F95&""&PCC_MF_2022!G95,IF(PCC_MF_2022!F95<>"",PCC_MF_2022!D95&""&PCC_MF_2022!E95&""&PCC_MF_2022!F95,IF(PCC_MF_2022!E95<>"",PCC_MF_2022!D95&""&PCC_MF_2022!E95,IF(PCC_MF_2022!D95="",LEFT(#REF!,1),PCC_MF_2022!D95)))))) -> 0424 | D95: 04 | E95: 2 | F95: 4 | J95: Período (n+4) | K95: M
B96: =IF(PCC_MF_2022!I96<>"",PCC_MF_2022!D96&"."&PCC_MF_2022!E96&"."&PCC_MF_2022!F96&"."&PCC_MF_2022!G96&"."&PCC_MF_2022!H96&"."&PCC_MF_2022!I96,IF(PCC_MF_2022!H96<>"",PCC_MF_2022!D96&"."&PCC_MF_2022!E96&"."&PCC_MF_2022!F96&"."&PCC_MF_2022!G96&"."&PCC_MF_2022!H96, IF(PCC_MF_2022!G96<>"",PCC_MF_2022!D96&"."&PCC_MF_2022!E96&"."&PCC_MF_2022!F96&"."&PCC_MF_2022!G96,IF(PCC_MF_2022!F96<>"",PCC_MF_2022!D96&"."&PCC_MF_2022!E96&"."&PCC_MF_2022!F96,IF(PCC_MF_2022!E96<>"",PCC_MF_2022!D96&"."&PCC_MF_2022!E96,IF(PCC_MF_2022!D96="",LEFT(#REF!,1),PCC_MF_2022!D96)))))) -> 04.2.5 | C96: =IF(PCC_MF_2022!I96<>"",PCC_MF_2022!D96&""&PCC_MF_2022!E96&""&PCC_MF_2022!F96&""&PCC_MF_2022!G96&""&PCC_MF_2022!H96&""&PCC_MF_2022!I96,IF(PCC_MF_2022!H96<>"",PCC_MF_2022!D96&""&PCC_MF_2022!E96&""&PCC_MF_2022!F96&""&PCC_MF_2022!G96&""&PCC_MF_2022!H96, IF(PCC_MF_2022!G96<>"",PCC_MF_2022!D96&""&PCC_MF_2022!E96&""&PCC_MF_2022!F96&""&PCC_MF_2022!G96,IF(PCC_MF_2022!F96<>"",PCC_MF_2022!D96&""&PCC_MF_2022!E96&""&PCC_MF_2022!F96,IF(PCC_MF_2022!E96<>"",PCC_MF_2022!D96&""&PCC_MF_2022!E96,IF(PCC_MF_2022!D96="",LEFT(#REF!,1),PCC_MF_2022!D96)))))) -> 0425 | D96: 04 | E96: 2 | F96: 5 | J96: Períodos seguintes | K96: M
B97: =IF(PCC_MF_2022!I97<>"",PCC_MF_2022!D97&"."&PCC_MF_2022!E97&"."&PCC_MF_2022!F97&"."&PCC_MF_2022!G97&"."&PCC_MF_2022!H97&"."&PCC_MF_2022!I97,IF(PCC_MF_2022!H97<>"",PCC_MF_2022!D97&"."&PCC_MF_2022!E97&"."&PCC_MF_2022!F97&"."&PCC_MF_2022!G97&"."&PCC_MF_2022!H97, IF(PCC_MF_2022!G97<>"",PCC_MF_2022!D97&"."&PCC_MF_2022!E97&"."&PCC_MF_2022!F97&"."&PCC_MF_2022!G97,IF(PCC_MF_2022!F97<>"",PCC_MF_2022!D97&"."&PCC_MF_2022!E97&"."&PCC_MF_2022!F97,IF(PCC_MF_2022!E97<>"",PCC_MF_2022!D97&"."&PCC_MF_2022!E97,IF(PCC_MF_2022!D97="",LEFT(#REF!,1),PCC_MF_2022!D97)))))) -> 04.3 | C97: =IF(PCC_MF_2022!I97<>"",PCC_MF_2022!D97&""&PCC_MF_2022!E97&""&PCC_MF_2022!F97&""&PCC_MF_2022!G97&""&PCC_MF_2022!H97&""&PCC_MF_2022!I97,IF(PCC_MF_2022!H97<>"",PCC_MF_2022!D97&""&PCC_MF_2022!E97&""&PCC_MF_2022!F97&""&PCC_MF_2022!G97&""&PCC_MF_2022!H97, IF(PCC_MF_2022!G97<>"",PCC_MF_2022!D97&""&PCC_MF_2022!E97&""&PCC_MF_2022!F97&""&PCC_MF_2022!G97,IF(PCC_MF_2022!F97<>"",PCC_MF_2022!D97&""&PCC_MF_2022!E97&""&PCC_MF_2022!F97,IF(PCC_MF_2022!E97<>"",PCC_MF_2022!D97&""&PCC_MF_2022!E97,IF(PCC_MF_2022!D97="",LEFT(#REF!,1),PCC_MF_2022!D97)))))) -> 043 | D97: 04 | E97: 3 | J97: Compromissos com obrigação | K97: A
B98: =IF(PCC_MF_2022!I98<>"",PCC_MF_2022!D98&"."&PCC_MF_2022!E98&"."&PCC_MF_2022!F98&"."&PCC_MF_2022!G98&"."&PCC_MF_2022!H98&"."&PCC_MF_2022!I98,IF(PCC_MF_2022!H98<>"",PCC_MF_2022!D98&"."&PCC_MF_2022!E98&"."&PCC_MF_2022!F98&"."&PCC_MF_2022!G98&"."&PCC_MF_2022!H98, IF(PCC_MF_2022!G98<>"",PCC_MF_2022!D98&"."&PCC_MF_2022!E98&"."&PCC_MF_2022!F98&"."&PCC_MF_2022!G98,IF(PCC_MF_2022!F98<>"",PCC_MF_2022!D98&"."&PCC_MF_2022!E98&"."&PCC_MF_2022!F98,IF(PCC_MF_2022!E98<>"",PCC_MF_2022!D98&"."&PCC_MF_2022!E98,IF(PCC_MF_2022!D98="",LEFT(#REF!,1),PCC_MF_2022!D98)))))) -> 04.3.1 | C98: =IF(PCC_MF_2022!I98<>"",PCC_MF_2022!D98&""&PCC_MF_2022!E98&""&PCC_MF_2022!F98&""&PCC_MF_2022!G98&""&PCC_MF_2022!H98&""&PCC_MF_2022!I98,IF(PCC_MF_2022!H98<>"",PCC_MF_2022!D98&""&PCC_MF_2022!E98&""&PCC_MF_2022!F98&""&PCC_MF_2022!G98&""&PCC_MF_2022!H98, IF(PCC_MF_2022!G98<>"",PCC_MF_2022!D98&""&PCC_MF_2022!E98&""&PCC_MF_2022!F98&""&PCC_MF_2022!G98,IF(PCC_MF_2022!F98<>"",PCC_MF_2022!D98&""&PCC_MF_2022!E98&""&PCC_MF_2022!F98,IF(PCC_MF_2022!E98<>"",PCC_MF_2022!D98&""&PCC_MF_2022!E98,IF(PCC_MF_2022!D98="",LEFT(#REF!,1),PCC_MF_2022!D98)))))) -> 0431 | D98: 04 | E98: 3 | F98: 1 | J98: Período (n+1) | K98: M
B99: =IF(PCC_MF_2022!I99<>"",PCC_MF_2022!D99&"."&PCC_MF_2022!E99&"."&PCC_MF_2022!F99&"."&PCC_MF_2022!G99&"."&PCC_MF_2022!H99&"."&PCC_MF_2022!I99,IF(PCC_MF_2022!H99<>"",PCC_MF_2022!D99&"."&PCC_MF_2022!E99&"."&PCC_MF_2022!F99&"."&PCC_MF_2022!G99&"."&PCC_MF_2022!H99, IF(PCC_MF_2022!G99<>"",PCC_MF_2022!D99&"."&PCC_MF_2022!E99&"."&PCC_MF_2022!F99&"."&PCC_MF_2022!G99,IF(PCC_MF_2022!F99<>"",PCC_MF_2022!D99&"."&PCC_MF_2022!E99&"."&PCC_MF_2022!F99,IF(PCC_MF_2022!E99<>"",PCC_MF_2022!D99&"."&PCC_MF_2022!E99,IF(PCC_MF_2022!D99="",LEFT(#REF!,1),PCC_MF_2022!D99)))))) -> 04.3.2 | C99: =IF(PCC_MF_2022!I99<>"",PCC_MF_2022!D99&""&PCC_MF_2022!E99&""&PCC_MF_2022!F99&""&PCC_MF_2022!G99&""&PCC_MF_2022!H99&""&PCC_MF_2022!I99,IF(PCC_MF_2022!H99<>"",PCC_MF_2022!D99&""&PCC_MF_2022!E99&""&PCC_MF_2022!F99&""&PCC_MF_2022!G99&""&PCC_MF_2022!H99, IF(PCC_MF_2022!G99<>"",PCC_MF_2022!D99&""&PCC_MF_2022!E99&""&PCC_MF_2022!F99&""&PCC_MF_2022!G99,IF(PCC_MF_2022!F99<>"",PCC_MF_2022!D99&""&PCC_MF_2022!E99&""&PCC_MF_2022!F99,IF(PCC_MF_2022!E99<>"",PCC_MF_2022!D99&""&PCC_MF_2022!E99,IF(PCC_MF_2022!D99="",LEFT(#REF!,1),PCC_MF_2022!D99)))))) -> 0432 | D99: 04 | E99: 3 | F99: 2 | J99: Período (n+2) | K99: M
B100: =IF(PCC_MF_2022!I100<>"",PCC_MF_2022!D100&"."&PCC_MF_2022!E100&"."&PCC_MF_2022!F100&"."&PCC_MF_2022!G100&"."&PCC_MF_2022!H100&"."&PCC_MF_2022!I100,IF(PCC_MF_2022!H100<>"",PCC_MF_2022!D100&"."&PCC_MF_2022!E100&"."&PCC_MF_2022!F100&"."&PCC_MF_2022!G100&"."&PCC_MF_2022!H100, IF(PCC_MF_2022!G100<>"",PCC_MF_2022!D100&"."&PCC_MF_2022!E100&"."&PCC_MF_2022!F100&"."&PCC_MF_2022!G100,IF(PCC_MF_2022!F100<>"",PCC_MF_2022!D100&"."&PCC_MF_2022!E100&"."&PCC_MF_2022!F100,IF(PCC_MF_2022!E100<>"",PCC_MF_2022!D100&"."&PCC_MF_2022!E100,IF(PCC_MF_2022!D100="",LEFT(#REF!,1),PCC_MF_2022!D100)))))) -> 04.3.3 | C100: =IF(PCC_MF_2022!I100<>"",PCC_MF_2022!D100&""&PCC_MF_2022!E100&""&PCC_MF_2022!F100&""&PCC_MF_2022!G100&""&PCC_MF_2022!H100&""&PCC_MF_2022!I100,IF(PCC_MF_2022!H100<>"",PCC_MF_2022!D100&""&PCC_MF_2022!E100&""&PCC_MF_2022!F100&""&PCC_MF_2022!G100&""&PCC_MF_2022!H100, IF(PCC_MF_2022!G100<>"",PCC_MF_2022!D100&""&PCC_MF_2022!E100&""&PCC_MF_2022!F100&""&PCC_MF_2022!G100,IF(PCC_MF_2022!F100<>"",PCC_MF_2022!D100&""&PCC_MF_2022!E100&""&PCC_MF_2022!F100,IF(PCC_MF_2022!E100<>"",PCC_MF_2022!D100&""&PCC_MF_2022!E100,IF(PCC_MF_2022!D100="",LEFT(#REF!,1),PCC_MF_2022!D100)))))) -> 0433 | D100: 04 | E100: 3 | F100: 3 | J100: Período (n+3) | K100: M
B101: =IF(PCC_MF_2022!I101<>"",PCC_MF_2022!D101&"."&PCC_MF_2022!E101&"."&PCC_MF_2022!F101&"."&PCC_MF_2022!G101&"."&PCC_MF_2022!H101&"."&PCC_MF_2022!I101,IF(PCC_MF_2022!H101<>"",PCC_MF_2022!D101&"."&PCC_MF_2022!E101&"."&PCC_MF_2022!F101&"."&PCC_MF_2022!G101&"."&PCC_MF_2022!H101, IF(PCC_MF_2022!G101<>"",PCC_MF_2022!D101&"."&PCC_MF_2022!E101&"."&PCC_MF_2022!F101&"."&PCC_MF_2022!G101,IF(PCC_MF_2022!F101<>"",PCC_MF_2022!D101&"."&PCC_MF_2022!E101&"."&PCC_MF_2022!F101,IF(PCC_MF_2022!E101<>"",PCC_MF_2022!D101&"."&PCC_MF_2022!E101,IF(PCC_MF_2022!D101="",LEFT(#REF!,1),PCC_MF_2022!D101)))))) -> 04.3.4 | C101: =IF(PCC_MF_2022!I101<>"",PCC_MF_2022!D101&""&PCC_MF_2022!E101&""&PCC_MF_2022!F101&""&PCC_MF_2022!G101&""&PCC_MF_2022!H101&""&PCC_MF_2022!I101,IF(PCC_MF_2022!H101<>"",PCC_MF_2022!D101&""&PCC_MF_2022!E101&""&PCC_MF_2022!F101&""&PCC_MF_2022!G101&""&PCC_MF_2022!H101, IF(PCC_MF_2022!G101<>"",PCC_MF_2022!D101&""&PCC_MF_2022!E101&""&PCC_MF_2022!F101&""&PCC_MF_2022!G101,IF(PCC_MF_2022!F101<>"",PCC_MF_2022!D101&""&PCC_MF_2022!E101&""&PCC_MF_2022!F101,IF(PCC_MF_2022!E101<>"",PCC_MF_2022!D101&""&PCC_MF_2022!E101,IF(PCC_MF_2022!D101="",LEFT(#REF!,1),PCC_MF_2022!D101)))))) -> 0434 | D101: 04 | E101: 3 | F101: 4 | J101: Período (n+4) | K101: M
B102: =IF(PCC_MF_2022!I102<>"",PCC_MF_2022!D102&"."&PCC_MF_2022!E102&"."&PCC_MF_2022!F102&"."&PCC_MF_2022!G102&"."&PCC_MF_2022!H102&"."&PCC_MF_2022!I102,IF(PCC_MF_2022!H102<>"",PCC_MF_2022!D102&"."&PCC_MF_2022!E102&"."&PCC_MF_2022!F102&"."&PCC_MF_2022!G102&"."&PCC_MF_2022!H102, IF(PCC_MF_2022!G102<>"",PCC_MF_2022!D102&"."&PCC_MF_2022!E102&"."&PCC_MF_2022!F102&"."&PCC_MF_2022!G102,IF(PCC_MF_2022!F102<>"",PCC_MF_2022!D102&"."&PCC_MF_2022!E102&"."&PCC_MF_2022!F102,IF(PCC_MF_2022!E102<>"",PCC_MF_2022!D102&"."&PCC_MF_2022!E102,IF(PCC_MF_2022!D102="",LEFT(#REF!,1),PCC_MF_2022!D102)))))) -> 04.3.5 | C102: =IF(PCC_MF_2022!I102<>"",PCC_MF_2022!D102&""&PCC_MF_2022!E102&""&PCC_MF_2022!F102&""&PCC_MF_2022!G102&""&PCC_MF_2022!H102&""&PCC_MF_2022!I102,IF(PCC_MF_2022!H102<>"",PCC_MF_2022!D102&""&PCC_MF_2022!E102&""&PCC_MF_2022!F102&""&PCC_MF_2022!G102&""&PCC_MF_2022!H102, IF(PCC_MF_2022!G102<>"",PCC_MF_2022!D102&""&PCC_MF_2022!E102&""&PCC_MF_2022!F102&""&PCC_MF_2022!G102,IF(PCC_MF_2022!F102<>"",PCC_MF_2022!D102&""&PCC_MF_2022!E102&""&PCC_MF_2022!F102,IF(PCC_MF_2022!E102<>"",PCC_MF_2022!D102&""&PCC_MF_2022!E102,IF(PCC_MF_2022!D102="",LEFT(#REF!,1),PCC_MF_2022!D102)))))) -> 0435 | D102: 04 | E102: 3 | F102: 5 | J102: Períodos seguintes | K102: M
...

Sheet Tabela_Contas_Rubr BLC
B2: Mapeamento das contas do Plano de Contas Central do Ministério das Finanças para as rubricas do balanço
B4: Rubricas | D4: Código de contas
B5: Código | C5: Ativo não corrente
B6: B01 | C6: Ativos fixos tangíveis | D6: 43 + 453 + 4553 - 4593 - 45953
B7: B02 | C7: Propriedades de investimento | D7: 42 + 452 + 4552 - 4592 - 45952
B8: B03 | C8: Ativos intangíveis | D8: 44 + 454 + 4554 - 4594 - 45954
B9: B04 | C9: Ativos biológicos | D9: 372 - 378 - 3792 + 3922 - 39922
B10: B05 | C10: Participações financeiras | D10: 4111 + 4112 + 4121 + 4122 + 4131 + 4132 + 4141 + 4511 + 45511 - 418 - 4191 - 45911 - 459511
B11: B06 | C11: Devedores por empréstimos bonificados e subsídios reembolsáveis | D11: 20322 - 20922
B12: B54 | C12: Clientes, contribuintes e utentes | D12: 2112 + 21312 + 21322 + 21332 + 21342 + 21392 + 21412 + 21422 + 21492 + 21612 +21622 + 21632 - 21912 - 21922 - 21932
B13: B07 | C13: Acionistas/sócios/associados | D13: 26622 + 268122 - 269422 - 269922
B14: B08 | C14: Diferimentos | D14: 28112 + 28192
B15: B09 | C15: Outros ativos financeiros | D15: 278622 - 27953 + 4113 + 4123 + 4133 + 4142 + 415 - 4192 - 4193 + 4512 + 45512 - 45912 - 459512
B16: B10 | C16: Ativos por impostos diferidos | D16: 2741
B17: B56 | C17: Outras contas a receber | D17: 27012 + 27812 + 27822 + 2789112 + 2789192 - 27912 - 27932 - 27942 - 27992
B19: Código | C19: Ativo corrente | D19: Código de contas
B20: B11 | C20: Inventários | D20: 30 + 32 + 33 + 34 + 35 + 36 + 391 - 3991
B21: B12 | C21: Ativos biológicos | D21: 371 - 3791 + 3921- 39921
B22: B13 | C22: Devedores por transferências e subsídios não reembolsáveis | D22: 201 + 205
B23: B14 | C23: Devedores por empréstimos bonificados e subsídios reembolsáveis | D23: 2031 + 20321 - 2091 - 20921
B24: B15 | C24: Clientes, contribuintes e utentes | D24: 2111 + 212 + 21311 + 21321 + 21331 + 21341 + 21391 + 21411 + 21421 + 21491 + 215 + 21611 + 21621 + 21631 - 21911 - 21921 - 21931
B25: B16 | C25: =$C$62 -> Estado e outros entes públicos | D25: 2411 + 2412 + 2413 + 2418 + 24192 + 2432 + 24341 +243491 + 2437 + 2438 + 24391
B26: B17 | C26: Acionistas/sócios/associados | D26: 261 + 262 + 263 + 2642 + 2661 + 26621 + 26811 + 268121 - 2691 - 2692 - 2693 - 26941 - 269421 - 26991 - 269921- 2695
B27: B18 | C27: Outras contas a receber | D27: 2081 + 228 + 232 + 23802 + 23812 +23822 + 27011 + 2713 + 2720 + 2721+ 2772 + 27811 + 27821 + 2789111 + 2789191 - 229 - 239 - 27911 - 2792 - 27931 - 27941 - 27991- 2796
B28: B19 | C28: Diferimentos | D28: 28111 + 28191
B29: B20 | C29: Ativos financeiros detidos para negociação | D29: 1411 + 1421 + 1422 + 1423 + 14291
B30: B21 | C30: Outros ativos financeiros | D30: 1431 - 149 + 27861 + 278621 - 27951 - 27952
B31: B22 | C31: Ativos não correntes detidos para venda | D31: 461+ 468 - 4691 - 4698
B32: B23 | C32: Caixa e depósitos | D32: 11 + 12 + 13
B34: Código | C34: Património Líquido | D34: Código de contas
B35: B24 | C35: Património/Capital | D35: 51
B36: B25 | C36: Ações (quotas) próprias | D36: 52
B37: B26 | C37: Outros instrumentos de capital próprio | D37: 53
B38: B27 | C38: Prémios de emissão | D38: 54
B39: B28 | C39: Reservas | D39: 55
B40: B29 | C40: Resultados transitados | D40: 56
B41: B30 | C41: Ajustamentos em ativos financeiros | D41: 57
B42: B31 | C42: Excedentes de revalorização | D42: 58
B43: B32 | C43: Outras variações no património líquido | D43: 59
B44: B33 | C44: Resultado líquido do período | D44: 818
B45: B34 | C45: Dividendos antecipados | D45: 89
B46: B35 | C46: Interesses que não controlam | D46: Só nas demonstrações financeiras consolidadas
B48: Código | C48: Passivo não corrente
B49: B36 | C49: Provisões | D49: 29
B50: B37 | C50: Financiamentos obtidos | D50: 20422 + 251122 + 2513122 + 2513222 + 2513322 + 2513422 + 2513522 + 2513622 + 2513722 + 2513822 + 2513922 + 25222 + 253122 + 253222 + 25422 + 255122 + 255922 + 25622 + 25922 + 27022
B51: B38 | C51: Fornecedores de investimentos | D51: 27112 + 27162
B52: B55 | C52: Fornecedores | D52: 2212 + 2262
B53: B39 | C53: Responsabilidades por benefícios pós-emprego | D53: 273
B54: B40 | C54: Diferimentos | D54: 28222 + 282392 + 2824012 + 2824022 + 2824032 + 2824042 + 2824052 + 2824062 + 2824072 + 2824082 + 2824092 + 2824992 + 28292
B55: B41 | C55: Passivos por impostos diferidos | D55: 2742
B56: B42 | C56: Outras contas a pagar | D56: 237 + 27832 + 2789212 + 2789292 + 27712
B58: Código | C58: Passivo corrente | D58: Código de contas
B59: B43 | C59: Credores por transferências e subsídios não reembolsáveis | D59: 202 + 206
B60: B44 | C60: Fornecedores | D60: 2211 + 222 + 225 + 2261
B61: B45 | C61: Adiantamentos de clientes, contribuintes e utentes | D61: 218 + 276
B62: B46 | C62: Estado e outros entes públicos | D62: 2414 + 2417 + 24191 + 242 + 2433 + 24342 + 243492 + 2436 + 24392 + 244 + 245 + 246 + 249
B63: B47 | C63: Acionistas/sócios/associados | D63: 2641 + 265 + 2682
B64: B48 | C64: Financiamentos obtidos | D64: 2041 + 20421 + 25111 + 251121 + 2512 + 251311 + 2513121 + 251321 + 2513221 + 251331 + 2513321 + 251341 + 2513421 + 251351 + 2513521 + 251361 + 2513621 + 251371 + 2513721 + 251381 + 2513821 + 251391 + 2513921 + 2521 + 25221 + 25311 + 253121 + 25321 + 253221 + 2541 + 25421 + 25511 + 255121 + 25591 + 255921 + 2561 + 25621 + 2591 + 25921 + 27021
B65: B49 | C65: Fornecedores de investimentos | D65: 27111 + 2712 + 27161
B66: B50 | C66: Outras contas a pagar | D66: 2082 + 231+ 23801 + 23811 + 23821 + 2722 + 275 + 27831 + 2784 + 2785 + 2789211 + 2789291 + 27711
... B68: B52 | C68: Passivos financeiros detidos para negociação | D68: 1412 + 14292
B69: B53 | C69: Outros passivos financeiros | D69: 1432

Sheet Tabela_Contas_Rubr DR
B2: Mapeamento das contas do Plano de Contas Central do MF para as rubricas da demonstração dos resultados
B4: Rubricas | D4: Código de contas
B5: Código | C5: Designação
B6: DR01 | C6: Impostos, contribuições e taxas | D6: 70
B7: DR02 | C7: Vendas | D7: 71
B8: DR03 | C8: Prestações de serviços e concessões | D8: 72
B9: DR04 | C9: Transferências e subsídios correntes obtidos | D9: 75
B10: DR05 | C10: Rendimentos/Gastos imputados de entidades controladas, associadas e empreendimentos conjuntos | D10: 785 + 7921 - 685
B11: DR06 | C11: Variações nos inventários da produção | D11: 73
B12: DR07 | C12: Trabalhos para a própria entidade | D12: 74
B13: DR08 | C13: Custo das mercadorias vendidas, das matérias consumidas e dos inventários transferidos | D13: 61
B14: DR09 | C14: Fornecimentos e serviços externos | D14: 62
B15: DR10 | C15: Gastos com pessoal | D15: 63
B16: DR11 | C16: Transferências e subsídios concedidos | D16: 60 (exceto 603)
B17: DR12 | C17: Prestações sociais | D17: 603
... B29: DR24 | C29: Imposto sobre o rendimento | D29: 812
